Workbook

Sheet PLAN_0FICIAL
A1: LOTE | B1: Nº | C1: DESCRIÇÃO DO ITEM | E1: QTD | F1: V UNIT (R$) | G1: V TOTAL (R$) | H1: V TOTAL DO LOTE (R$)
A2: 1 | B2: 1 | C2: ITINERÁRIO: SÍTIO MANUÍNO E JUCURUTU;- Menor veículo admitido: Minivan; - Quantidade de viagens diárias: 2 viagens completas por dia (32 km cada, ida e volta); - Total de quilômetros rodados no dia: 64 km/dia; - Turno(s): Matutino/Vespertino; - Estrada: não pavimentada | E2: ='ROTA 1'!C41*10 -> 12800 | F2: =ROUND('ROTA 1'!C72, 2) -> 11.47 | G2: =E2*F2 -> 146816 | H2: =SUM(G2:G3) -> 190860.8
B3: 2 | C3: Rota por demanda extraordinária para itinerário: SÍTIO MANUÍNO E JUCURUTU | E3: =ROUND(E2*0.3,0) -> 3840 | F3: =F2 -> 11.47 | G3: =E3*F3 -> 44044.8
A4: 2 | B4: 3 | C4: ITINERÁRIO: SÍTIO BAIXIO, ESTREITO E AROEIRA; - Menor veículo admitido: Minivan; - Quantidade de viagens diárias: 2 viagens completas por dia (36 km cada, ida e volta); - Total de quilômetros rodados no dia: 72 km/dia; - Turno(s): Matutino/Vespertino; - Estrada: não pavimentada | E4: ='ROTA 2'!C41*10 -> 14400 | F4: =ROUND('ROTA 2'!C72, 2) -> 10.85 | G4: =F4*E4 -> 156240 | H4: =SUM(G4:G5) -> 203112
B5: 4 | C5: Rota por demanda extraordinária para itinerário: SÍTIO BAIXIO, ESTREITO E AREOIRA | E5: =ROUND(E4*0.3,0) -> 4320 | F5: =F4 -> 10.85 | G5: =F5*E5 -> 46872
A6: 3 | B6: 5 | C6: ITINERÁRIO: AGROVILA RAIMUNDO NONATO, RIACHO DE SANTANA, ACAMPAMENTO E NOVA BARRA; - Menor veículo admitido: Van com capacidade para 15 passageiros; - Quantidade de viagens diárias: 2 viagens completas por dia (30 km cada, ida e volta); - Total de quilômetros rodados no dia: 60 km/dia; - Turno(s): Matutino/Vespertino; - Estrada: não pavimentada | E6: ='ROTA 3'!C41*10 -> 12000 | F6: =ROUND('ROTA 3'!C72, 2) -> 15.14 | G6: =F6*E6 -> 181680 | H6: =SUM(G6:G7) -> 236184
B7: 6 | C7: Rota por demanda extraordinária para itinerário: AGROVILA RAIMUNDO NONATO, RIACHO DE SANTANA, ACAMPAMENTO E NOVA BARRA | E7: =ROUND(E6*0.3,0) -> 3600 | F7: =F6 -> 15.14 | G7: =F7*E7 -> 54504
A8: 4 | B8: 7 | C8: ITINERÁRIO: ; SÍTIO SANTA CLARA E NOVA BARRA; - Menor veículo admitido: Minivan; - Quantidade de viagens diárias: 2 viagens completas por dia (50 km cada, ida e volta); - Total de quilômetros rodados no dia: 100 km/dia; - Turno(s): Matutino/Vespertino; - Estrada: não pavimentada | E8: ='ROTA 4'!C41*10 -> 20000 | F8: ='ROTA 4'!C72 -> 9.453943 | G8: =F8*E8 -> 189078.86 | H8: =SUM(G8:G9) -> 245802.52
B9: 8 | C9: Rota por demanda extraordinária para itinerário: SÍTIO SANTA CLARA E NOVA BARRA | E9: =ROUND(E8*0.3,0) -> 6000 | F9: =F8 -> 9.453943 | G9: =F9*E9 -> 56723.658
A10: 5 | B10: 9 | C10: ITINERÁRIO: ; NOVA BARRA E AROEIRA; - Menor veículo admitido: Minivan; - Quantidade de viagens diárias: 2 viagens completas por dia (10 km cada, ida e volta); - Total de quilômetros rodados no dia: 20 km/dia; - Turno(s): SEM TURNO DEFINIDO; - Estrada: pavimentada | E10: ='ROTA 5'!C41*10 -> 4000 | F10: =ROUND('ROTA 5'!C72, 2) -> 17.63 | G10: =F10*E10 -> 70520 | H10: =SUM(G10:G11) -> 91676
B11: 10 | C11: Rota por demanda extraordinária para itinerário: NOVA BARRA E AROIERA | E11: =ROUND(E10*0.3,0) -> 1200 | F11: =F10 -> 17.63 | G11: =F11*E11 -> 21156
A12: 6 | B12: 11 | C12: ITINERÁRIO: SÍTIO BARRA DE; OITICICA, FIDALGO, PEDRA; FERRADA, BRAZ FELIX, SACO DO; ANIL, LAGOA, LOCA, ANGICOS E; FECHADO; - Menor veículo admitido: Van de grande porte com capacidade para 19 passageiros; - Quantidade de viagens diárias: 1 viagem completa por dia (60 km, ida e volta); - Total de quilômetros rodados no dia: 60 km/dia; - Turno(s): Matutino; - Estrada: não pavimentada | E12: ='ROTA 6'!C41*10 -> 12000 | F12: =ROUND('ROTA 6'!C72, 2) -> 15.14 | G12: =F12*E12 -> 181680 | H12: =SUM(G12:G13) -> 236184
B13: 12 | C13: Rota por demanda extraordinária para itinerário: SÍTIO BARRA DE; OITICICA, FIDALGO, PEDRA; FERRADA, BRAZ FELIX, SACO DO; ANIL, LAGOA, LOCA, ANGICOS E; FECHADO | E13: =ROUND(E12*0.3,0) -> 3600 | F13: =F12 -> 15.14 | G13: =F13*E13 -> 54504
A14: 7 | B14: 13 | C14: ITINERÁRIO: SÍTIO PEDRA FERRADA, SACO DO ANIL E LAGOA; - Menor veículo admitido: Minivan; - Quantidade de viagens diárias: 2 viagens completas por dia (30 km cada, ida e volta; - Total de quilômetros rodados no dia: 60 km/dia; - Turno(s): Matutino/Vespertino; - Estrada: não pavimentada | E14: ='ROTA 7'!C41*10 -> 12000 | F14: =ROUND('ROTA 7'!C72, 2) -> 11.84 | G14: =F14*E14 -> 142080 | H14: =SUM(G14:G15) -> 184704
B15: 14 | C15: Rota por demanda extraordinária para itinerário: SÍTIO PEDRA FERRADA, SACO DO ANIL E LAGOA | E15: =ROUND(E14*0.3,0) -> 3600 | F15: =F14 -> 11.84 | G15: =F15*E15 -> 42624
A16: 8 | B16: 15 | C16: ITINERÁRIO: PEDALAGEM, SÍTIO LOCA, SÍTIO TREME, SACO DO TREME, SÃO BENTO E SÃO BRAZ; - Menor veículo admitido: Van de pequeno porte com capacidade para 10 passageiros; - Quantidade de viagens diárias: 1 viagem completa por dia (28 km, ida e volta); - Total de quilômetros rodados no dia: 56 km/dia; - Turno(s): Matutino; - Estrada: não pavimentada | E16: ='ROTA 8'!C41*10 -> 11200 | F16: =ROUND('ROTA 8'!C72, 2) -> 15.65 | G16: =F16*E16 -> 175280 | H16: =SUM(G16:G17) -> 227864
B17: 16 | C17: Rota por demanda extraordinária para itinerário: PEDALAGEM, SÍTIO ; LOCA, SÍTIO TREME, SACO DO ; TREME, SÃO BENTO E SÃO BRAZ | E17: =ROUND(E16*0.3,0) -> 3360 | F17: =F16 -> 15.65 | G17: =F17*E17 -> 52584
A18: 9 | B18: 17 | C18: ITINERÁRIO: SERRA DE JOÃO DO VALE E CHÃ DOS FELIX; - Menor veículo admitido: Van de grande porte com capacidade para 19 passageiros; - Quantidade de viagens diárias: 1 viagem completa por dia (21 km, ida e volta); - Total de quilômetros rodados no dia: 42 km/dia; - Turno(s): Matutino; - Estrada: não pavimentada | E18: ='ROTA 9'!C41*10 -> 8400 | F18: =ROUND('ROTA 9'!C72, 2) -> 18.21 | G18: =F18*E18 -> 152964 | H18: =SUM(G18:G19) -> 198853.2
B19: 18 | C19: Rota por demanda extraordinária para itinerário: SERRA DE JOÃO DO VALE E CHÃ DOS FELIX | E19: =ROUND(E18*0.3,0) -> 2520 | F19: =F18 -> 18.21 | G19: =F19*E19 -> 45889.2
A20: 10 | B20: 19 | C20: ITINERÁRIO: SERRA DE JOÃO DO VALE, SACO DOS CAVALOS E JUCURUTU; - Menor veículo admitido: Van com capacidade para 15 passageiros; - Quantidade de viagens diárias: 2 viagens completas por dia (76 km cada, ida e volta); - Total de quilômetros rodados no dia: 152 km/dia; - Turno(s): Matutino/Vespertino; - Estrada: não pavimentada | E20: ='ROTA 10'!C41*10 -> 30400 | F20: =ROUND('ROTA 10'!C72, 2) -> 10.8 | G20: =F20*E20 -> 328320 | H20: =SUM(G20:G21) -> 426816
B21: 20 | C21: Rota por demanda extraordinária para itinerário: SERRA DE JOÃO DO VALE, SACO DOS CAVALOS E JUCURUTU | E21: =ROUND(E20*0.3,0) -> 9120 | F21: =F20 -> 10.8 | G21: =F21*E21 -> 98496
A22: 11 | B22: 21 | C22: ITINERÁRIO: PANGOÁ E CHÃ DOS FELIX; - Menor veículo admitido: Minivan; - Quantidade de viagens diárias: 1 viagemm completa por dia (21 km cada, ida e volta); - Total de quilômetros rodados no dia: 42 km/dia; - Turno(s): SEM TURNO DEFINIDO; - Estrada: não pavimentada | E22: ='ROTA 11'!C41*10 -> 8400 | F22: =ROUND('ROTA 11'!C72, 2) -> 14.4 | G22: =F22*E22 -> 120960 | H22: =SUM(G22:G23) -> 157248
B23: 22 | C23: Rota por demanda extraordinária para itinerário: PANGOÁ E CHÃ DOS FELIX | E23: =ROUND(E22*0.3,0) -> 2520 | F23: =F22 -> 14.4 | G23: =F23*E23 -> 36288
A24: 12 | B24: 23 | C24: ITINERÁRIO: SACO SÃO VICENTE, SÍTIO BOA VISTA, BARRO BRANCO, PEDRA DO NAVIO E JUCURUTU; - Menor veículo admitido: Van com capacidade para 15 passageiros; - Quantidade de viagens diárias: 2 viagens completas por dia (42 km cada, ida e volta); - Total de quilômetros rodados no dia: 84 km/dia; - Turno(s): Matutino/Vespertino; - Estrada: não pavimentada | E24: ='ROTA 12'!C41*10 -> 16800 | F24: ='ROTA 12'!C72 -> 13.089716 | G24: =F24*E24 -> 219907.22 | H24: =SUM(G24:G25) -> 285879.39
B25: 24 | C25: Rota por demanda extraordinária para itinerário: SACO SÃO VICENTE, SÍTIO BOA VISTA, BARRO BRANCO, PEDRA DO NAVIO E JUCURUTU | E25: =ROUND(E24*0.3,0) -> 5040 | F25: =F24 -> 13.089716 | G25: =F25*E25 -> 65972.167
A26: 13 | B26: 25 | C26: ITINERÁRIO: SÍTIO SAQUINHO DO PADRE, SOLEDADE, TUIUIÚ, CEDRO, PEDRA DO MOLEQUE E PEDRA BRANCA; - Menor veículo admitido: Van de pequeno porte com capacidade para 10 passageiros; - Quantidade de viagens diárias: 2 viagens completas por dia (60 km cada, ida e volta); - Total de quilômetros rodados no dia: 120 km/dia; - Turno(s): Matutino/Vespertino; - Estrada: não pavimentada | E26: ='ROTA 13'!C41*10 -> 24000 | F26: =ROUND('ROTA 13'!C72, 2) -> 8.86 | G26: =F26*E26 -> 212640 | H26: =SUM(G26:G27) -> 276432
B27: 26 | C27: Rota por demanda extraordinária para itinerário: SÍTIO SAQUINHO DO PADRE, SOLEDADE, TUIUIÚ, CEDRO, PEDRA DO MOLEQUE E PEDRA BRANCA | E27: =ROUND(E26*0.3,0) -> 7200 | F27: =F26 -> 8.86 | G27: =F27*E27 -> 63792
A28: 14 | B28: 27 | C28: ITINERÁRIO: SÍTIO SACO GRANDE E ESPINHEIRO; - Menor veículo admitido: Van de pequeno porte com capacidade para 10 passageiros; - Quantidade de viagens diárias: 1 viagem completa por dia (20 km, ida e volta); - Total de quilômetros rodados no dia: 40 km/dia; - Turno(s): Matutino - Estrada: não pavimentada | E28: ='ROTA 14'!C41*10 -> 8000 | F28: =ROUND('ROTA 14'!C72, 2) -> 14.83 | G28: =F28*E28 -> 118640 | H28: =SUM(G28:G29) -> 154232
B29: 28 | C29: Rota por demanda extraordinária para itinerário: SÍTIO SACO GRANDE E ESPINHEIRO | E29: =ROUND(E28*0.3,0) -> 2400 | F29: =F28 -> 14.83 | G29: =F29*E29 -> 35592
A30: 15 | B30: 29 | C30: ITINERÁRIO: SÍTIO ESPINHEIRO, SOLEDADE, PEDRA BRANCA E JUCURUTU; - Menor veículo admitido:Van com capacidade para 15 passageiros; - Quantidade de viagens diárias: 1 viagem completa por dia (29 km cada, ida e volta); - Total de quilômetros rodados no dia: 58 km/dia; - Turno(s): SEM TURNO DEFINIDO; - Estrada: não pavimentada | E30: ='ROTA 15'!C41*10 -> 11600 | F30: =ROUND('ROTA 15'!C72, 2) -> 15.39 | G30: =F30*E30 -> 178524 | H30: =SUM(G30:G31) -> 232081.2
B31: 30 | C31: Rota por demanda extraordinária para itinerário: SÍTO ESPINHEIRO, SOLEDADE, PEDRA BRANCA E JUCURUTU | E31: =ROUND(E30*0.3,0) -> 3480 | F31: =F30 -> 15.39 | G31: =F31*E31 -> 53557.2
A32: 16 | B32: 31 | C32: ITINERÁRIO: SÍTIO SOÁ, LOGRADOURO, RIACHÃO DE BAIXO E RIACHÃO DE CIMA; - Menor veículo admitido: Minivan; - Quantidade de viagens diárias: 2 viagens completas por dia (36 km cada, ida e volta); - Total de quilômetros rodados no dia: 72 km/dia; - Turno(s): Matutino/Vespertino; - Estrada: não pavimentada | E32: ='ROTA 16'!C41*10 -> 14400 | F32: =ROUND('ROTA 16'!C72, 2) -> 10.85 | G32: =F32*E32 -> 156240 | H32: =SUM(G32:G33) -> 203112
B33: 32 | C33: Rota por demanda extraordinária para itinerário: SÍTO SOÁ, LOGRADOURO, RIACHÃO DE BAIXO E RIACHÃO DE CIMA | E33: =ROUND(E32*0.3,0) -> 4320 | F33: =F32 -> 10.85 | G33: =F33*E33 -> 46872
A34: 17 | B34: 33 | C34: ITINERÁRIO: LAGOA SECA E MUTAMBA; - Menor veículo admitido: Minivan; - Quantidade de viagens diárias: 1 viagem completa por dia (20 km, ida e volta); - Total de quilômetros rodados no dia: 40 km/dia; - Turno(s): Matutino; - Estrada: não pavimentada | E34: ='ROTA 17'!C41*10 -> 8000 | F34: =ROUND('ROTA 17'!C72, 2) -> 14.83 | G34: =F34*E34 -> 118640 | H34: =SUM(G34:G35) -> 154232
B35: 34 | C35: Rota por demanda extraordinária para itinerário: LAGOA SECA E MUTAMBA | E35: =ROUND(E34*0.3,0) -> 2400 | F35: =F34 -> 14.83 | G35: =F35*E35 -> 35592
A36: 18 | B36: 35 | C36: ITINERÁRIO: LAGOA SECA, JOAQUIM LUIZ, CAJÁ, SANHARÃO, CACHOEIRA E RETIRO; - Menor veículo admitido: Minivan; - Quantidade de viagens diárias: 2 viagens completas por dia (40 km, ida e volta); - Total de quilômetros rodados no dia: 80 km/dia; - Turno(s): Matutino; - Estrada: não pavimentada | E36: ='ROTA 18'!C41*10 -> 16000 | F36: =ROUND('ROTA 18'!C72, 2) -> 10.35 | G36: =F36*E36 -> 165600 | H36: =SUM(G36:G37) -> 215280
B37: 36 | C37: Rota por demanda extraordinária para itinerário: LAGOA SECA JOAQUIM LUIZ, CAJÁ, SANHARÃO, CACHOEIRA E RETIRO | E37: =ROUND(E36*0.3,0) -> 4800 | F37: =F36 -> 10.35 | G37: =F37*E37 -> 49680
A38: 19 | B38: 37 | C38: ITINERÁRIO: SÍTIO CAJÁ, SANHARÃO, PINTURA, MUTAMBA, LAGOA SECA E JUCURUTU; - Menor veículo admitido: Van com capacidade para 15 passageiros; - Quantidade de viagens diárias: 1 viagem completa por dia (46 km, ida e volta); - Total de quilômetros rodados no dia: 92 km/dia; - Turno(s): SEM TURNO DEFINIDO - Estrada: não pavimentada | E38: ='ROTA 19'!C41*10 -> 18400 | F38: ='ROTA 19'!C72 -> 12.644424 | G38: =F38*E38 -> 232657.39 | H38: =SUM(G38:G39) -> 302454.61
B39: 38 | C39: Rota por demanda extraordinária para itinerário: SÍTIO CAJÁ, SANHARÃO, PINTURA, MUTAMBA, LAGOA SECA E JUCURUTU | E39: =ROUND(E38*0.3,0) -> 5520 | F39: =F38 -> 12.644424 | G39: =F39*E39 -> 69797.218
A40: 20 | B40: 39 | C40: ITINERÁRIO: SÍTIO LIVRAMENTO, MALHADA VERMELHA, FAZENDA BELA VISTA (OTTO) E FREITAS, JUCURUTU; - Menor veículo admitido: Minivan; - Quantidade de viagens diárias: 2 viagens completas por dia (30 km cada, ida e volta); - Total de quilômetros rodados no dia: 60 km/dia; - Turno(s): Matutino/Vespertino; - Estrada: não pavimentada | E40: ='ROTA 20'!C41*10 -> 12000 | F40: =ROUND('ROTA 20'!C72, 2) -> 11.84 | G40: =F40*E40 -> 142080 | H40: =SUM(G40:G41) -> 184704
B41: 40 | C41: Rota por demanda extraordinária para itinerário: SÍTIO LIVRAMENTO, MALHADA VERMELHA, FAZENDA BELA VISTA (OTTO) E FREITAS, JUCURUTU | E41: =ROUND(E40*0.3,0) -> 3600 | F41: =F40 -> 11.84 | G41: =F41*E41 -> 42624
A42: 21 | B42: 41 | C42: ITINERÁRIO: SÍTIO CAMILOS, SANTA RITA; - Menor veículo admitido: Minivan; - Quantidade de viagens diárias: 2 viagens completas por dia (10 km cada, ida e volta); - Total de quilômetros rodados no dia: 20 km/dia; - Turno(s): SEM TURNO DEFINIDO; - Estrada: não pavimentada | E42: ='ROTA 21'!C41*10 -> 4000 | F42: =ROUND('ROTA 21'!C72, 2) -> 23.79 | G42: =F42*E42 -> 95160 | H42: =SUM(G42:G43) -> 123708
B43: 42 | C43: Rota por demanda extraordinária para itinerário: SÍTIO CAMILOS, SANTA RITA | E43: =ROUND(E42*0.3,0) -> 1200 | F43: =F42 -> 23.79 | G43: =F43*E43 -> 28548
A44: 22 | B44: 43 | C44: ITINERÁRIO: SÍTIO CACHOEIRA, SANTA RITA; - Menor veículo admitido: Van de pequeno porte com capacidade para 10 passageiros; - Quantidade de viagens diárias: 2 viagens completas por dia (20 km cada, ida e volta); - Total de quilômetros rodados no dia: 40 km/dia; - Turno(s): SEM TURNO DEFINIDO; - Estrada: não pavimentada | E44: ='ROTA 22'!C41*10 -> 8000 | F44: =ROUND('ROTA 22'!C72, 2) -> 14.83 | G44: =F44*E44 -> 118640 | H44: =SUM(G44:G45) -> 154232
B45: 44 | C45: Rota por demanda extraordinária para itinerário: SÍTIO CACHOREIRA, SANTA RITA | E45: =ROUND(E44*0.3,0) -> 2400 | F45: =F44 -> 14.83 | G45: =F45*E45 -> 35592
A46: 23 | B46: 45 | C46: ITINERÁRIO: SÍTIO POÇAS, SANTA RITA; - Menor veículo admitido: Minivan; - Quantidade de viagens diárias: 1 viagem completa por dia (8 km, ida e volta); - Total de quilômetros rodados no dia: 16 km/dia; - Turno(s): SEM TURNO DEFINIDO; - Estrada: não pavimentada | E46: ='ROTA 23'!C41*10 -> 3200 | F46: =ROUND('ROTA 23'!C72, 2) -> 28.28 | G46: =F46*E46 -> 90496 | H46: =SUM(G46:G47) -> 117644.8
B47: 46 | C47: Rota por demanda extraordinária para itinerário: SÍTIO POÇAS, SANTA RITA | E47: =ROUND(E46*0.3,0) -> 960 | F47: =F46 -> 28.28 | G47: =F47*E47 -> 27148.8
A48: 24 | B48: 47 | C48: ITINERÁRIO: SÍTIO JANGADA, SANTO ANTÔNIO, ENTRE SANTOS E SANTA RITA; - Menor veículo admitido: Minivan; - Quantidade de viagens diárias: 1 viagem completa por dia (9 km cada, ida e volta); - Total de quilômetros rodados no dia: 18 km/dia; - Turno(s): SEM TURNO DEFINIDO; - Estrada: pavimentada | E48: ='ROTA 24'!C41*10 -> 3600 | F48: =ROUND('ROTA 24'!C72, 2) -> 19.1 | G48: =F48*E48 -> 68760 | H48: =SUM(G48:G49) -> 89388
B49: 48 | C49: Rota por demanda extraordinária para itinerário: SÍTIO JANGADA, SANTO ANTÔNIO, ENTRE SANTOS E SANTA RITA | E49: =ROUND(E48*0.3,0) -> 1080 | F49: =F48 -> 19.1 | G49: =F49*E49 -> 20628
A50: 25 | B50: 49 | C50: ITINERÁRIO: SÍTIO PAU FERRADO, POÇO DE OITICICA E BOI SELADO; - Menor veículo admitido: Minivan; - Quantidade de viagens diárias: 2 viagens completas por dia (30 km cada, ida e volta); - Total de quilômetros rodados no dia: 60 km/dia; - Turno(s): Matutino/Vespertino; - Estrada: não pavimentada | E50: ='ROTA 25'!C41*10 -> 12000 | F50: =ROUND('ROTA 25'!C72, 2) -> 11.84 | G50: =F50*E50 -> 142080 | H50: =SUM(G50:G51) -> 184704
B51: 50 | C51: Rota por demanda extraordinária para itinerário: SÍTIO PAU FERRADO, POÇO DE OITICICA E BOI SELADO | E51: =ROUND(E50*0.3,0) -> 3600 | F51: =F50 -> 11.84 | G51: =F51*E51 -> 42624
A52: 26 | B52: 51 | C52: ITINERÁRIO: ADEQUÊ, CAPELINHA, POÇAS E BOI SELADO; - Menor veículo admitido: Van de pequeno porte com capacidade para 10 passageiros; - Quantidade de viagens diárias: 2 viagens completas por dia (32 km cada, ida e volta); - Total de quilômetros rodados no dia: 64 km/dia; - Turno(s): Matutino/Vespertino; - Estrada: não pavimentada | E52: ='ROTA 26'!C41*10 -> 12800 | F52: ='ROTA 26'!C72 -> 11.470509 | G52: =F52*E52 -> 146822.52 | H52: =SUM(G52:G53) -> 190869.28
B53: 52 | C53: Rota por demanda extraordinária para itinerário: ADEQUÊ, CAPELINHA, POÇAS E BOI SELADO | E53: =ROUND(E52*0.3,0) -> 3840 | F53: =F52 -> 11.470509 | G53: =F53*E53 -> 44046.756
A54: 27 | B54: 53 | C54: TINERÁRIO: BOI SELADO, IFRN JUCURUTU; - Menor veículo admitido: Van com capacidade para 19 passageiros; - Quantidade de viagens diárias: 3 viagens completas por dia (40 km cada, ida e volta); - Total de quilômetros rodados no dia: 120 km/dia; - Turno(s): Matutino/Vespertino/Noturno; - Estrada: pavimentada | E54: ='ROTA 27'!C41*10 -> 24000 | F54: =ROUND('ROTA 27'!C72, 2) -> 8.56 | G54: =F54*E54 -> 205440 | H54: =SUM(G54:G55) -> 267072
B55: 54 | C55: Rota por demanda extraordinária para itinerário: BOI SELADO, IFRN JUCURUTU | E55: =ROUND(E54*0.3,0) -> 7200 | F55: =F54 -> 8.56 | G55: =F55*E55 -> 61632
A56: 28 | B56: 55 | C56: ITINERÁRIO: ADEQUÊ A ESCOLA DINARTE MARIZ; - Menor veículo admitido: Van de pequeno porte com capacidade para 10 passageiros; - Quantidade de viagens diárias: 1 viagem completa por dia (6 km, ida e volta); - Total de quilômetros rodados no dia: 12 km/dia; - Turno(s): SEM TURNO DEFINIDO; - Estrada: não pavimentada | E56: ='ROTA 28'!C41*10 -> 2400 | F56: =ROUND('ROTA 28'!C72, 2) -> 35.74 | G56: =F56*E56 -> 85776 | H56: =SUM(G56:G57) -> 111508.8
B57: 56 | C57: Rota por demanda extraordinária para itinerário: ADEQUÊ A ESCOLA DINARTE MARIZ | E57: =ROUND(E56*0.3,0) -> 720 | F57: =F56 -> 35.74 | G57: =F57*E57 -> 25732.8
A58: 29 | B58: 57 | C58: ITINERÁRIO: JUCURUTU E CAICÓ; - Menor veículo admitido: ônibus de grande porte com capacidade para 48 passageiros; - Quantidade de viagens diárias: 1 viagem completa por dia (58 km cada, ida e volta) - Total de quilômetros rodados no dia: 116 km/dia; - Turno(s): Matutino; - Estrada: pavimentada | E58: ='ROTA 29'!C41*10 -> 23200 | F58: =ROUND('ROTA 29'!C72, 2) -> 12.91 | G58: =F58*E58 -> 299512 | H58: =SUM(G58:G59) -> 389365.6
B59: 58 | C59: Rota por demanda extraordinária para itinerário: JUCURUTU E CAICÓ | E59: =ROUND(E58*0.3,0) -> 6960 | F59: =F58 -> 12.91 | G59: =F59*E59 -> 89853.6
A60: 30 | B60: 59 | C60: ITINERÁRIO: JUCURUTU E CAICÓ; - Menor veículo admitido: ônibus de grande porte com capacidade para 48 passageiros; - Quantidade de viagens diárias: 1 viagem completa por dia (58 km cada, ida e volta) - Total de quilômetros rodados no dia: 116 km/dia; - Turno(s): Vespertino; - Estrada: pavimentada | E60: ='ROTA 30'!C41*10 -> 23200 | F60: =ROUND('ROTA 30'!C72, 2) -> 12.91 | G60: =F60*E60 -> 299512 | H60: =SUM(G60:G61) -> 389365.6
B61: 60 | C61: Rota por demanda extraordinária para itinerário: JUCURUTU E CAICÓ | E61: =ROUND(E60*0.3,0) -> 6960 | F61: =F60 -> 12.91 | G61: =F61*E61 -> 89853.6
A62: 31 | B62: 61 | C62: ITINERÁRIO: JUCURUTU E CAICÓ; - Menor veículo admitido: ônibus de grande porte com capacidade para 48 passageiros; - Quantidade de viagens diárias: 1 viagem completa por dia (58 km cada, ida e volta) - Total de quilômetros rodados no dia: 116 km/dia; - Turno(s): Noturno; - Estrada: pavimentada | E62: ='ROTA 31'!C41*10 -> 23200 | F62: =ROUND('ROTA 31'!C72, 2) -> 12.91 | G62: =F62*E62 -> 299512 | H62: =SUM(G62:G63) -> 389365.6
B63: 62 | C63: Rota por demanda extraordinária para itinerário: JUCURUTU E CAICÓ | E63: =ROUND(E62*0.3,0) -> 6960 | F63: =F62 -> 12.91 | G63: =F63*E63 -> 89853.6
A64: 32 | B64: 63 | C64: ITINERÁRIO: NOVA BARRA, IFRN JUCURUTU; - Menor veículo admitido: Van de pequeno porte com capacidade para 10 passageiros; - Quantidade de viagens diárias: 2 viagens completas por dia (30 km cada, ida e volta) - Total de quilômetros rodados no dia: 60 km/dia; - Turno(s): Matutino/Vespertino; - Estrada: pavimentada | E64: ='ROTA 32'!C41*10 -> 12000 | F64: =ROUND('ROTA 32'!C72, 2) -> 11.21 | G64: =F64*E64 -> 134520 | H64: =SUM(G64:G65) -> 174876
B65: 64 | C65: Rota por demanda extraordinária para itinerário: NOVA BARRA, IFRN JUCURUTU | E65: =ROUND(E64*0.3,0) -> 3600 | F65: =F64 -> 11.21 | G65: =F65*E65 -> 40356
A66: 33 | B66: 65 | C66: Informações do itinerário: ROTA EXTRA POR DEMANDA; - Menor veículo admitido: ônibus de grande porte com capacidade para 48 passageiros; - Quantidade de viagens diárias: CONFORME DEMANDA; - Total de quilômetros rodados no dia: CONFORME DEMANDA; - Turno(s): NÃO ESPECIFICADO; - Estrada: NÃO DEFINIDO | E66: ='ROTA 36'!$C$41*10 -> 20000 | F66: =ROUND('ROTA 36'!C72, 2) -> 7 | G66: =F66*E66 -> 140000 | H66: =G66 -> 140000
A67: 34 | B67: 66 | C67: Informações do itinerário: ROTA EXTRA POR DEMANDA; - Menor veículo admitido: ônibus com capacidade para 44 passageiros; - Quantidade de viagens diárias: CONFORME DEMANDA; - Total de quilômetros rodados no dia: CONFORME DEMANDA; - Turno(s): NÃO ESPECIFICADO; - Estrada: NÃO DEFINIDO | E67: ='ROTA 35'!$C$41*10 -> 20000 | F67: =ROUND('ROTA 35'!C72, 2) -> 9.09 | G67: =F67*E67 -> 181800 | H67: =G67 -> 181800
A68: 35 | B68: 67 | C68: Serviço de Transporte Escolar: ROTA EXTRA POR DEMANDA; - Menor veículo admitido: Van com capacidade para 15 passageiros; - Quantidade de viagens diárias: CONFORME DEMANDA; - Total de quilômetros rodados no dia: CONFORME DEMANDA; - Turno(s): NÃO ESPECIFICADO; - Estrada: NÃO DEFINIDO | E68: ='ROTA 34'!$C$41*10 -> 20000 | F68: =ROUND('ROTA 34'!C72, 2) -> 13.36 | G68: =F68*E68 -> 267200 | H68: =G68 -> 267200
A69: 36 | B69: 68 | C69: Serviço de Transporte Escolar: ROTA EXTRA POR DEMANDA; - Menor veículo admitido: Minivan; - Quantidade de viagens diárias: CONFORME DEMANDA; - Total de quilômetros rodados no dia: CONFORME DEMANDA; - Turno(s): NÃO ESPECIFICADO; - Estrada: NÃO DEFINIDO | E69: ='ROTA 33'!$C$41*10 -> 20000 | F69: =ROUND('ROTA 33'!C72, 2) -> 13.36 | G69: =F69*E69 -> 267200 | H69: =G69 -> 267200
A70: Total Estimado: | G70: =SUM(H2:H69) -> 7846011.4

Sheet BANCO_DADOS
B1: BASE DE DADOS PARA PLANILHA DE COMPROVAÇÃO DE CUSTOS
B3: MESES DO ANO | C3: 10
B4: DIAS LETIVOS | C4: 20
B5: VALOR GASOLINA | C5: 7.28
B6: VALOR DIESEL S10 | C6: 7.52
B7: DESCRIÇÃO DO VEÍCULO
B8: PAVIMENTO | C8: NÃO | D8: NÃO | E8: NÃO | F8: NÃO
B9: KM DIÁRIOS | C9: 100 | D9: 100 | E9: 100 | F9: 100
B10: TIPO DO VEÍCULO: | C10: MINIVAN | D10: VAN | E10: MICROONIBUS | F10: ONIBUS
B11: MÉDIA DIAS LETIVOS MÊS | C11: 20 | D11: 20 | E11: 20 | F11: 20
B13: MÓDULO 1 - CUSTOS VARIÁVEIS
B14: COMBUSTIVEL | C14: =$C$5 -> 7.28 | D14: =$C$6 -> 7.52 | E14: =$C$6 -> 7.52 | F14: =$C$6 -> 7.52
B15: MÉDIA CONSUMIDA POR KM/ LITRO | C15: 4.2 | D15: 4 | E15: 3.13 | F15: 2.86 | G15: PARECER
B16: CUSTO COMBUSTÍVEL POR KM | C16: =C14/C15 -> 1.7333333 | D16: =D14/D15 -> 1.88 | E16: =E14/E15 -> 2.4025559 | F16: =F14/F15 -> 2.6293706
B18: LUBRIFICANTES
B19: CUSTO LUBRIFICANTE POR KM | C19: =C16*0.06 -> 0.104 | D19: =D16*0.06 -> 0.1128 | E19: =E16*0.06 -> 0.14415335 | F19: =F16*0.06 -> 0.15776224 | G19: PARECER
B21: RODAGEM
B22: PREÇO DO PNEU | C22: 348.83 | D22: 417.64 | E22: 821.95 | F22: 1717.93 | G22: PARECER
B23: QUANT PNEUS RODANDO | C23: 4 | D23: 4 | E23: 6 | F23: 6 | G23: PARECER
B24: TOTAL NA TROCA | C24: =C22*C23 -> 1395.32 | D24: =D22*D23 -> 1670.56 | E24: =E22*E23 -> 4931.7 | F24: =F22*F23 -> 10307.58
B25: VIDA UTIL DO PNEU POR KM | C25: 45500 | D25: 45500 | E25: 67500 | F25: 67500 | G25: PARECER
B26: CUSTO DOS PNEUS DE RODAGEM POR KM | C26: =C24/C25 -> 0.030666374 | D26: =D24/D25 -> 0.036715604 | E26: =E24/E25 -> 0.073062222 | F26: =F24/F25 -> 0.15270489
B28: MANUTENÇÃO: PEÇAS E ACESSÓRIOS | G28: PARECER
B29: COEFICIENTE DE MANUTENÇÃO | C29: 3e-06 | D29: 3e-06 | E29: 3e-06 | F29: 3e-06 | G29: PARECER
B30: CUSTO DE MANUTENÇÃO POR KM | C30: =C29*C36 -> 0.113472 | D30: =D29*D36 -> 0.245325 | E30: =E29*E36 -> 0.253923 | F30: =F29*F36 -> 0.353958
B32: TOTAL DO MÓDULO 1 | C32: =C30+C26+C19+C16 -> 1.9814717 | D32: =D30+D26+D19+D16 -> 2.2748406 | E32: =E30+E26+E19+E16 -> 2.8736945 | F32: =F30+F26+F19+F16 -> 3.2937958
B34: MÓDULO 2 - CUSTOS FIXOS
B35: DEPRECIAÇÃO
B36: VALOR MÉDIO DE VENDA VEÍCULO | C36: 37824 | D36: 81775 | E36: 84641 | F36: 117986 | G36: PARECER
B37: DEPRECIAÇÃO ANUAL % | C37: 20 | D37: 20 | E37: 15 | F37: 15 | G37: Parecer
B38: VALOR DA DEPRECIAÇÃO | C38: =C36*C37/100 -> 7564.8 | D38: =D36*D37/100 -> 16355 | E38: =E36*E37/100 -> 12696.15 | F38: =F36*F37/100 -> 17697.9
B39: MESES ANO | C39: =$C$3 -> 10 | D39: =$C$3 -> 10 | E39: =$C$3 -> 10 | F39: =$C$3 -> 10
B40: VALOR A DEPRECIAR MÊS | C40: =C38/C39 -> 756.48 | D40: =D38/D39 -> 1635.5 | E40: =E38/E39 -> 1269.615 | F40: =F38/F39 -> 1769.79
B41: KM MEDIA PERCORRIDA NO MÊS | C41: =C9*C11 -> 2000 | D41: =D9*D11 -> 2000 | E41: =E9*E11 -> 2000 | F41: =F9*F11 -> 2000
B42: CUSTO DA DEPRECIAÇÃO POR KM | C42: =C40/C41 -> 0.37824 | D42: =D40/D41 -> 0.81775 | E42: =E40/E41 -> 0.6348075 | F42: =F40/F41 -> 0.884895
B44: CUSTO COM FUNCIONÁRIO | G44: CCT
B45: MOTORISTA - 220 H | C45: 6676.24 | D45: 6676.24 | E45: 6676.24 | F45: 6676.24
B46: VALOR DA HORA TRABALHADA | C46: =C45/220 -> 30.346545 | D46: =D45/220 -> 30.346545 | E46: =E45/220 -> 30.346545 | F46: =F45/220 -> 30.346545
B47: VALOR DIA - 06 HORAS | C47: =C46*6 -> 182.07927 | D47: =D46*6 -> 182.07927 | E47: =E46*6 -> 182.07927 | F47: =F46*6 -> 182.07927
B48: CUSTO FUNCIONÁRIO POR KM RODADO | C48: =C47/C9 -> 1.8207927 | D48: =D47/D9 -> 1.8207927 | E48: =E47/E9 -> 1.8207927 | F48: =F47/F9 -> 1.8207927
B50: CUSTOS DO VEÍCULO
B51: VALOR DO VEÍCULO | C51: =C36 -> 37824 | D51: =D36 -> 81775 | E51: =E36 -> 84641 | F51: =F36 -> 117986
B52: IPVA - 2% sobre o valor do veículo | C52: =C51*2% -> 756.48 | D52: =D51*2% -> 1635.5 | E52: =E51*2% -> 1692.82 | F52: =F51*2% -> 2359.72 | G52: parecer
B53: Valor do CRLV-e | C53: 90 | D53: 90 | E53: 90 | F53: 90 | G53: Detran-RN
B54: seguro resp. civil e casco | C54: 2275 | D54: 1732.03 | E54: 1674.96 | F54: 2582.29 | G54: PARECER
B55: laudos DETRAN/IN METRO | C55: 120 | D55: 120 | E55: 120 | F55: 120 | G55: Detran-RN
B56: DPVAT | C56: 0 | D56: 0 | E56: 0 | F56: 0
B57: CUSTO DO VEÍCULO POR KM | C57: =(C52+C53+C54+C55)/C41 -> 1.62074 | D57: =(D52+D53+D54+D55)/D41 -> 1.788765 | E57: =(E52+E53+E54+E55)/E41 -> 1.78889 | F57: =(F52+F53+F54+F55)/F41 -> 2.576005
B59: TOTAL DO MÓDULO 2 | C59: =C57+C48+C42 -> 3.8197727 | D59: =D57+D48+D42 -> 4.4273077 | E59: =E57+E48+E42 -> 4.2444902 | F59: =F57+F48+F42 -> 5.2816927
B61: SOMA DOS MÓDULOS 1+2 | C61: =C59+C32 -> 5.8012444 | D61: =D59+D32 -> 6.7021483 | E61: =E59+E32 -> 7.1181847 | F61: =F59+F32 -> 8.5754885
B63: MÓDULO 3 - CUSTOS INDIRETOS, TRIBUTOS E LUCRO | G63: PARECER
B64: Despesas Indiretas | C64: 0.05 | D64: 0.05 | E64: 0.05 | F64: 0.05
C65: =C61*C64 -> 0.29006222 | D65: =D61*D64 -> 0.33510742 | E65: =E61*E64 -> 0.35590924 | F65: =F61*F64 -> 0.42877442
B66: LUCRO | C66: 0.072 | D66: 0.072 | E66: 0.072 | F66: 0.072
C67: =C61*C66 -> 0.4176896 | D67: =D61*D66 -> 0.48255468 | E67: =E61*E66 -> 0.5125093 | F67: =F61*F66 -> 0.61743517
B68: Tributos (COFINS - 3% e PIS - 0,65) | C68: 0.0365 | D68: 0.0365 | E68: 0.0365 | F68: 0.0365
C69: =C61*C68 -> 0.21174542 | D69: =D61*D68 -> 0.24462841 | E69: =E61*E68 -> 0.25981374 | F69: =F61*F68 -> 0.31300533
B70: ISS | C70: 0.05 | D70: 0.05 | E70: 0.05 | F70: 0.05
C71: =C61*C70 -> 0.29006222 | D71: =D61*D70 -> 0.33510742 | E71: =E61*E70 -> 0.35590924 | F71: =F61*F70 -> 0.42877442
B72: Tributos (Contribuição Previdenciária - 0% ou 4,5%, conforme Lei 12.844/2013 - Desoneração) | C72: 0 | D72: 0 | E72: 0 | F72: 0
C73: 0 | D73: 1 | E73: 2 | F73: 3
B74: TOTAL DO MÓDULO 3 | C74: =SUM(C65,C67,C69,C71,C73) -> 1.2095595 | D74: =SUM(D65,D67,D69,D71,D73) -> 2.3973979 | E74: =SUM(E65,E67,E69,E71,E73) -> 3.4841415 | F74: =SUM(F65,F67,F69,F71,F73) -> 4.7879893
B77: VALOR DO KM RODADO | C77: =C74+C61 -> 7.0108039 | D77: =D74+D61 -> 9.0995463 | E77: =E74+E61 -> 10.602326 | F77: =F74+F61 -> 13.363478
C78: =C10 -> MINIVAN | D78: =D10 -> VAN | E78: =E10 -> MICROONIBUS | F78: =F10 -> ONIBUS
B79: AJUSTE POR NÃO ASFALTADA (35%) | C79: =IF(C8="NÃO",1.35,1)*C77 -> 9.4645853 | D79: =IF(D8="NÃO",1.35,1)*D77 -> 12.284387 | E79: =IF(E8="NÃO",1.35,1)*E77 -> 14.31314 | F79: =IF(F8="NÃO",1.35,1)*F77 -> 18.040695 | G79: PARECER

Sheet ROTA 1
B1: LOTE 01:
B3: MESES DO ANO | C3: =BANCO_DADOS!C3 -> 10
B4: DIAS LETIVOS | C4: 20
B5: VALOR GASOLINA | C5: =BANCO_DADOS!C5 -> 7.28 | E5: =C72 -> 11.470509
B6: VALOR DIESEL S10 | C6: =BANCO_DADOS!C6 -> 7.52
B7: DESCRIÇÃO DO VEÍCULO
B8: PAVIMENTO | C8: NÃO
B9: KM DIÁRIOS | C9: 64
B10: TIPO DO VEÍCULO: | C10: MINIVAN
B11: MÉDIA DIAS LETIVOS MÊS | C11: 20
B13: MÓDULO 1 - CUSTOS VARIÁVEIS
B14: COMBUSTIVEL | C14: =IF($C$10="MINIVAN",BANCO_DADOS!C14,IF($C$10="VAN",BANCO_DADOS!D14,IF($C$10="MICROONIBUS",BANCO_DADOS!E14,BANCO_DADOS!F14))) -> 7.28
B15: MÉDIA CONSUMIDA POR KM/ LITRO | C15: =IF($C$10="MINIVAN",BANCO_DADOS!C15,IF($C$10="VAN",BANCO_DADOS!D15,IF($C$10="MICROONIBUS",BANCO_DADOS!E15,BANCO_DADOS!F15))) -> 4.2
B16: CUSTO COMBUSTÍVEL POR KM | C16: =C14/C15 -> 1.7333333
B18: LUBRIFICANTES
B19: CUSTO LUBRIFICANTE POR KM | C19: =ROUND(IF($C$10="MINIVAN",BANCO_DADOS!C19,IF($C$10="VAN",BANCO_DADOS!D19,IF($C$10="MICROONIBUS",BANCO_DADOS!E19,BANCO_DADOS!F19))),2) -> 0.1
B21: RODAGEM
B22: PREÇO DO PNEU | C22: =ROUND(IF($C$10="MINIVAN",BANCO_DADOS!C22,IF($C$10="VAN",BANCO_DADOS!D22,IF($C$10="MICROONIBUS",BANCO_DADOS!E22,BANCO_DADOS!F22))),2) -> 348.83
B23: QUANT PNEUS RODANDO | C23: =ROUND(IF($C$10="MINIVAN",BANCO_DADOS!C23,IF($C$10="VAN",BANCO_DADOS!D23,IF($C$10="MICROONIBUS",BANCO_DADOS!E23,BANCO_DADOS!F23))),2) -> 4
B24: TOTAL NA TROCA | C24: =ROUND(IF($C$10="MINIVAN",BANCO_DADOS!C24,IF($C$10="VAN",BANCO_DADOS!D24,IF($C$10="MICROONIBUS",BANCO_DADOS!E24,BANCO_DADOS!F24))),2) -> 1395.32
B25: VIDA UTIL DO PNEU POR KM | C25: =ROUND(IF($C$10="MINIVAN",BANCO_DADOS!C25,IF($C$10="VAN",BANCO_DADOS!D25,IF($C$10="MICROONIBUS",BANCO_DADOS!E25,BANCO_DADOS!F25))),2) -> 45500
B26: CUSTO DOS PNEUS DE RODAGEM POR KM | C26: =ROUND(IF($C$10="MINIVAN",BANCO_DADOS!C26,IF($C$10="VAN",BANCO_DADOS!D26,IF($C$10="MICROONIBUS",BANCO_DADOS!E26,BANCO_DADOS!F26))),2) -> 0.03
B28: MANUTENÇÃO: PEÇAS E ACESSÓRIOS
B29: COEFICIENTE DE MANUTENÇÃO | C29: =(IF($C$10="MINIVAN",BANCO_DADOS!C29,IF($C$10="VAN",BANCO_DADOS!D29,IF($C$10="MICROONIBUS",BANCO_DADOS!E29,BANCO_DADOS!F29)))) -> 3e-06
B30: CUSTO DE MANUTENÇÃO POR KM | C30: =ROUND(IF($C$10="MINIVAN",BANCO_DADOS!C30,IF($C$10="VAN",BANCO_DADOS!D30,IF($C$10="MICROONIBUS",BANCO_DADOS!E30,BANCO_DADOS!F30))),2) -> 0.11
B32: TOTAL DO MÓDULO 1 | C32: =ROUND(IF($C$10="MINIVAN",BANCO_DADOS!C32,IF($C$10="VAN",BANCO_DADOS!D32,IF($C$10="MICROONIBUS",BANCO_DADOS!E32,BANCO_DADOS!F32))),2) -> 1.98
B34: MÓDULO 2 - CUSTOS FIXOS
B35: DEPRECIAÇÃO
B36: VALOR MÉDIO DE VENDA VEÍCULO | C36: =ROUND(IF($C$10="MINIVAN",BANCO_DADOS!C36,IF($C$10="VAN",BANCO_DADOS!D36,IF($C$10="MICROONIBUS",BANCO_DADOS!E36,BANCO_DADOS!F36))),2) -> 37824
B37: DEPRECIAÇÃO ANUAL % | C37: =ROUND(IF($C$10="MINIVAN",BANCO_DADOS!C37,IF($C$10="VAN",BANCO_DADOS!D37,IF($C$10="MICROONIBUS",BANCO_DADOS!E37,BANCO_DADOS!F37))),2) -> 20
B38: VALOR DA DEPRECIAÇÃO | C38: =ROUND(IF($C$10="MINIVAN",BANCO_DADOS!C38,IF($C$10="VAN",BANCO_DADOS!D38,IF($C$10="MICROONIBUS",BANCO_DADOS!E38,BANCO_DADOS!F38))),2) -> 7564.8
B39: MESES ANO | C39: =ROUND(IF($C$10="MINIVAN",BANCO_DADOS!C39,IF($C$10="VAN",BANCO_DADOS!D39,IF($C$10="MICROONIBUS",BANCO_DADOS!E39,BANCO_DADOS!F39))),2) -> 10
B40: VALOR A DEPRECIAR MÊS | C40: =ROUND(IF($C$10="MINIVAN",BANCO_DADOS!C40,IF($C$10="VAN",BANCO_DADOS!D40,IF($C$10="MICROONIBUS",BANCO_DADOS!E40,BANCO_DADOS!F40))),2) -> 756.48
B41: KM MEDIA PERCORRIDA NO MÊS | C41: =C9*C11 -> 1280
B42: CUSTO DA DEPRECIAÇÃO POR KM | C42: =C40/C41 -> 0.591
B44: CUSTO COM FUNCIONÁRIO
B45: MOTORISTA - 220 H | C45: =ROUND(IF($C$10="MINIVAN",BANCO_DADOS!C45,IF($C$10="VAN",BANCO_DADOS!D45,IF($C$10="MICROONIBUS",BANCO_DADOS!E45,BANCO_DADOS!F45))),2) -> 6676.24
B46: VALOR DA HORA TRABALHADA | C46: =ROUND(IF($C$10="MINIVAN",BANCO_DADOS!C46,IF($C$10="VAN",BANCO_DADOS!D46,IF($C$10="MICROONIBUS",BANCO_DADOS!E46,BANCO_DADOS!F46))),2) -> 30.35
B47: VALOR DIA - 06 HORAS | C47: =ROUND(IF($C$10="MINIVAN",BANCO_DADOS!C47,IF($C$10="VAN",BANCO_DADOS!D47,IF($C$10="MICROONIBUS",BANCO_DADOS!E47,BANCO_DADOS!F47))),2) -> 182.08
B48: CUSTO FUNCIONÁRIO POR KM RODADO | C48: =C47/C9 -> 2.845
B50: CUSTOS DO VEÍCULO
B51: VALOR DO VEÍCULO | C51: =ROUND(IF($C$10="MINIVAN",BANCO_DADOS!C51,IF($C$10="VAN",BANCO_DADOS!D51,IF($C$10="MICROONIBUS",BANCO_DADOS!E51,BANCO_DADOS!F51))),2) -> 37824
B52: IPVA - 2% sobre o valor do veículo | C52: =ROUND(IF($C$10="MINIVAN",BANCO_DADOS!C52,IF($C$10="VAN",BANCO_DADOS!D52,IF($C$10="MICROONIBUS",BANCO_DADOS!E52,BANCO_DADOS!F52))),2) -> 756.48
B53: Valor do CRLV-e | C53: =ROUND(IF($C$10="MINIVAN",BANCO_DADOS!C53,IF($C$10="VAN",BANCO_DADOS!D53,IF($C$10="MICROONIBUS",BANCO_DADOS!E53,BANCO_DADOS!F53))),2) -> 90
B54: seguro resp. civil e casco | C54: =ROUND(IF($C$10="MINIVAN",BANCO_DADOS!C54,IF($C$10="VAN",BANCO_DADOS!D54,IF($C$10="MICROONIBUS",BANCO_DADOS!E54,BANCO_DADOS!F54))),2) -> 2275
B55: laudos DETRAN/IN METRO | C55: =ROUND(IF($C$10="MINIVAN",BANCO_DADOS!C55,IF($C$10="VAN",BANCO_DADOS!D55,IF($C$10="MICROONIBUS",BANCO_DADOS!E55,BANCO_DADOS!F55))),2) -> 120
B56: DPVAT | C56: 0
B57: CUSTO DO VEÍCULO POR KM | C57: =ROUND(IF($C$10="MINIVAN",BANCO_DADOS!C57,IF($C$10="VAN",BANCO_DADOS!D57,IF($C$10="MICROONIBUS",BANCO_DADOS!E57,BANCO_DADOS!F57))),2) -> 1.62
B59: TOTAL DO MÓDULO 2 | C59: =C57+C48+C42 -> 5.056
B61: SOMA DOS MÓDULOS 1+2 | C61: =C59+C32 -> 7.036
B63: MÓDULO 3 - CUSTOS INDIRETOS, TRIBUTOS E LUCRO
B64: Despesas Indiretas | C64: =C61*5% -> 0.3518
B65: Lucro | C65: =C61*7.2% -> 0.506592
B66: Tributos (COFINS - 3% e PIS - 0,65) | C66: =C61*3.56% -> 0.2504816
B67: ISS | C67: =C61*5% -> 0.3518
B68: Tributos (Contribuição Previdenciária - 0% ou 4,5%, conforme Lei 12.844/2013 - Desoneração) | C68: =ROUND(IF($C$10="MINIVAN",BANCO_DADOS!C73,IF($C$10="VAN",BANCO_DADOS!D73,IF($C$10="MICROONIBUS",BANCO_DADOS!E73,BANCO_DADOS!F73))),2) -> 0
B69: TOTAL DO MÓDULO 3 | C69: =SUM(C64:C68) -> 1.4606736
B71: VALOR DO KM | C71: =C69+C61 -> 8.4966736
B72: VALOR DO KM (NÃO PAVIMENTADO) | C72: =IF(C8="NÃO",1.35,1)*C71 -> 11.470509

Sheet ROTA 2
B1: LOTE 02:
B3: MESES DO ANO | C3: =BANCO_DADOS!C3 -> 10
B4: DIAS LETIVOS | C4: 20
B5: VALOR GASOLINA | C5: =BANCO_DADOS!C5 -> 7.28 | E5: =C72 -> 10.848112
B6: VALOR DIESEL S10 | C6: =BANCO_DADOS!C6 -> 7.52
B7: DESCRIÇÃO DO VEÍCULO
B8: PAVIMENTO | C8: NÃO
B9: KM DIÁRIOS | C9: 72
B10: TIPO DO VEÍCULO: | C10: MINIVAN
B11: MÉDIA DIAS LETIVOS MÊS | C11: 20
B13: MÓDULO 1 - CUSTOS VARIÁVEIS
B14: COMBUSTIVEL | C14: =IF($C$10="MINIVAN",BANCO_DADOS!C14,IF($C$10="VAN",BANCO_DADOS!D14,IF($C$10="MICROONIBUS",BANCO_DADOS!E14,BANCO_DADOS!F14))) -> 7.28
B15: MÉDIA CONSUMIDA POR KM/ LITRO | C15: =IF($C$10="MINIVAN",BANCO_DADOS!C15,IF($C$10="VAN",BANCO_DADOS!D15,IF($C$10="MICROONIBUS",BANCO_DADOS!E15,BANCO_DADOS!F15))) -> 4.2
B16: CUSTO COMBUSTÍVEL POR KM | C16: =C14/C15 -> 1.7333333
B18: LUBRIFICANTES
B19: CUSTO LUBRIFICANTE POR KM | C19: =ROUND(IF($C$10="MINIVAN",BANCO_DADOS!C19,IF($C$10="VAN",BANCO_DADOS!D19,IF($C$10="MICROONIBUS",BANCO_DADOS!E19,BANCO_DADOS!F19))),2) -> 0.1
B21: RODAGEM
B22: PREÇO DO PNEU | C22: =ROUND(IF($C$10="MINIVAN",BANCO_DADOS!C22,IF($C$10="VAN",BANCO_DADOS!D22,IF($C$10="MICROONIBUS",BANCO_DADOS!E22,BANCO_DADOS!F22))),2) -> 348.83
B23: QUANT PNEUS RODANDO | C23: =ROUND(IF($C$10="MINIVAN",BANCO_DADOS!C23,IF($C$10="VAN",BANCO_DADOS!D23,IF($C$10="MICROONIBUS",BANCO_DADOS!E23,BANCO_DADOS!F23))),2) -> 4
B24: TOTAL NA TROCA | C24: =ROUND(IF($C$10="MINIVAN",BANCO_DADOS!C24,IF($C$10="VAN",BANCO_DADOS!D24,IF($C$10="MICROONIBUS",BANCO_DADOS!E24,BANCO_DADOS!F24))),2) -> 1395.32
B25: VIDA UTIL DO PNEU POR KM | C25: =ROUND(IF($C$10="MINIVAN",BANCO_DADOS!C25,IF($C$10="VAN",BANCO_DADOS!D25,IF($C$10="MICROONIBUS",BANCO_DADOS!E25,BANCO_DADOS!F25))),2) -> 45500
B26: CUSTO DOS PNEUS DE RODAGEM POR KM | C26: =ROUND(IF($C$10="MINIVAN",BANCO_DADOS!C26,IF($C$10="VAN",BANCO_DADOS!D26,IF($C$10="MICROONIBUS",BANCO_DADOS!E26,BANCO_DADOS!F26))),2) -> 0.03
B28: MANUTENÇÃO: PEÇAS E ACESSÓRIOS
B29: COEFICIENTE DE MANUTENÇÃO | C29: =(IF($C$10="MINIVAN",BANCO_DADOS!C29,IF($C$10="VAN",BANCO_DADOS!D29,IF($C$10="MICROONIBUS",BANCO_DADOS!E29,BANCO_DADOS!F29)))) -> 3e-06
B30: CUSTO DE MANUTENÇÃO POR KM | C30: =ROUND(IF($C$10="MINIVAN",BANCO_DADOS!C30,IF($C$10="VAN",BANCO_DADOS!D30,IF($C$10="MICROONIBUS",BANCO_DADOS!E30,BANCO_DADOS!F30))),2) -> 0.11
B32: TOTAL DO MÓDULO 1 | C32: =ROUND(IF($C$10="MINIVAN",BANCO_DADOS!C32,IF($C$10="VAN",BANCO_DADOS!D32,IF($C$10="MICROONIBUS",BANCO_DADOS!E32,BANCO_DADOS!F32))),2) -> 1.98
B34: MÓDULO 2 - CUSTOS FIXOS
B35: DEPRECIAÇÃO
B36: VALOR MÉDIO DE VENDA VEÍCULO | C36: =ROUND(IF($C$10="MINIVAN",BANCO_DADOS!C36,IF($C$10="VAN",BANCO_DADOS!D36,IF($C$10="MICROONIBUS",BANCO_DADOS!E36,BANCO_DADOS!F36))),2) -> 37824
B37: DEPRECIAÇÃO ANUAL % | C37: =ROUND(IF($C$10="MINIVAN",BANCO_DADOS!C37,IF($C$10="VAN",BANCO_DADOS!D37,IF($C$10="MICROONIBUS",BANCO_DADOS!E37,BANCO_DADOS!F37))),2) -> 20
B38: VALOR DA DEPRECIAÇÃO | C38: =ROUND(IF($C$10="MINIVAN",BANCO_DADOS!C38,IF($C$10="VAN",BANCO_DADOS!D38,IF($C$10="MICROONIBUS",BANCO_DADOS!E38,BANCO_DADOS!F38))),2) -> 7564.8
B39: MESES ANO | C39: =ROUND(IF($C$10="MINIVAN",BANCO_DADOS!C39,IF($C$10="VAN",BANCO_DADOS!D39,IF($C$10="MICROONIBUS",BANCO_DADOS!E39,BANCO_DADOS!F39))),2) -> 10
B40: VALOR A DEPRECIAR MÊS | C40: =ROUND(IF($C$10="MINIVAN",BANCO_DADOS!C40,IF($C$10="VAN",BANCO_DADOS!D40,IF($C$10="MICROONIBUS",BANCO_DADOS!E40,BANCO_DADOS!F40))),2) -> 756.48
B41: KM MEDIA PERCORRIDA NO MÊS | C41: =C9*C11 -> 1440
B42: CUSTO DA DEPRECIAÇÃO POR KM | C42: =C40/C41 -> 0.52533333
B44: CUSTO COM FUNCIONÁRIO
B45: MOTORISTA - 220 H | C45: =ROUND(IF($C$10="MINIVAN",BANCO_DADOS!C45,IF($C$10="VAN",BANCO_DADOS!D45,IF($C$10="MICROONIBUS",BANCO_DADOS!E45,BANCO_DADOS!F45))),2) -> 6676.24
B46: VALOR DA HORA TRABALHADA | C46: =ROUND(IF($C$10="MINIVAN",BANCO_DADOS!C46,IF($C$10="VAN",BANCO_DADOS!D46,IF($C$10="MICROONIBUS",BANCO_DADOS!E46,BANCO_DADOS!F46))),2) -> 30.35
B47: VALOR DIA - 06 HORAS | C47: =ROUND(IF($C$10="MINIVAN",BANCO_DADOS!C47,IF($C$10="VAN",BANCO_DADOS!D47,IF($C$10="MICROONIBUS",BANCO_DADOS!E47,BANCO_DADOS!F47))),2) -> 182.08
B48: CUSTO FUNCIONÁRIO POR KM RODADO | C48: =C47/C9 -> 2.5288889
B50: CUSTOS DO VEÍCULO
B51: VALOR DO VEÍCULO | C51: =ROUND(IF($C$10="MINIVAN",BANCO_DADOS!C51,IF($C$10="VAN",BANCO_DADOS!D51,IF($C$10="MICROONIBUS",BANCO_DADOS!E51,BANCO_DADOS!F51))),2) -> 37824
B52: IPVA - 2% sobre o valor do veículo | C52: =ROUND(IF($C$10="MINIVAN",BANCO_DADOS!C52,IF($C$10="VAN",BANCO_DADOS!D52,IF($C$10="MICROONIBUS",BANCO_DADOS!E52,BANCO_DADOS!F52))),2) -> 756.48
B53: Valor do CRLV-e | C53: =ROUND(IF($C$10="MINIVAN",BANCO_DADOS!C53,IF($C$10="VAN",BANCO_DADOS!D53,IF($C$10="MICROONIBUS",BANCO_DADOS!E53,BANCO_DADOS!F53))),2) -> 90
B54: seguro resp. civil e casco | C54: =ROUND(IF($C$10="MINIVAN",BANCO_DADOS!C54,IF($C$10="VAN",BANCO_DADOS!D54,IF($C$10="MICROONIBUS",BANCO_DADOS!E54,BANCO_DADOS!F54))),2) -> 2275
B55: laudos DETRAN/IN METRO | C55: =ROUND(IF($C$10="MINIVAN",BANCO_DADOS!C55,IF($C$10="VAN",BANCO_DADOS!D55,IF($C$10="MICROONIBUS",BANCO_DADOS!E55,BANCO_DADOS!F55))),2) -> 120
B56: DPVAT | C56: 0
B57: CUSTO DO VEÍCULO POR KM | C57: =ROUND(IF($C$10="MINIVAN",BANCO_DADOS!C57,IF($C$10="VAN",BANCO_DADOS!D57,IF($C$10="MICROONIBUS",BANCO_DADOS!E57,BANCO_DADOS!F57))),2) -> 1.62
B59: TOTAL DO MÓDULO 2 | C59: =C57+C48+C42 -> 4.6742222
B61: SOMA DOS MÓDULOS 1+2 | C61: =C59+C32 -> 6.6542222
B63: MÓDULO 3 - CUSTOS INDIRETOS, TRIBUTOS E LUCRO
B64: Despesas Indiretas | C64: =C61*5% -> 0.33271111
B65: Lucro | C65: =C61*7.2% -> 0.479104
B66: Tributos (COFINS - 3% e PIS - 0,65) | C66: =C61*3.56% -> 0.23689031
B67: ISS | C67: =C61*5% -> 0.33271111
B68: Tributos (Contribuição Previdenciária - 0% ou 4,5%, conforme Lei 12.844/2013 - Desoneração) | C68: =ROUND(IF($C$10="MINIVAN",BANCO_DADOS!C73,IF($C$10="VAN",BANCO_DADOS!D73,IF($C$10="MICROONIBUS",BANCO_DADOS!E73,BANCO_DADOS!F73))),2) -> 0
B69: TOTAL DO MÓDULO 3 | C69: =SUM(C64:C68) -> 1.3814165
B71: VALOR DO KM | C71: =C69+C61 -> 8.0356388
B72: VALOR DO KM (NÃO PAVIMENTADO) | C72: =IF(C8="NÃO",1.35,1)*C71 -> 10.848112

Sheet ROTA 3
B1: LOTE 03:
B3: MESES DO ANO | C3: =BANCO_DADOS!C3 -> 10
B4: DIAS LETIVOS | C4: 20
B5: VALOR GASOLINA | C5: =BANCO_DADOS!C5 -> 7.28 | E5: =C72 -> 15.13806
B6: VALOR DIESEL S10 | C6: =BANCO_DADOS!C6 -> 7.52
B7: DESCRIÇÃO DO VEÍCULO
B8: PAVIMENTO | C8: NÃO
B9: KM DIÁRIOS | C9: 60
B10: TIPO DO VEÍCULO: | C10: VAN
B11: MÉDIA DIAS LETIVOS MÊS | C11: 20
B13: MÓDULO 1 - CUSTOS VARIÁVEIS
B14: COMBUSTIVEL | C14: =IF($C$10="MINIVAN",BANCO_DADOS!C14,IF($C$10="VAN",BANCO_DADOS!D14,IF($C$10="MICROONIBUS",BANCO_DADOS!E14,BANCO_DADOS!F14))) -> 7.52
B15: MÉDIA CONSUMIDA POR KM/ LITRO | C15: =IF($C$10="MINIVAN",BANCO_DADOS!C15,IF($C$10="VAN",BANCO_DADOS!D15,IF($C$10="MICROONIBUS",BANCO_DADOS!E15,BANCO_DADOS!F15))) -> 4
B16: CUSTO COMBUSTÍVEL POR KM | C16: =C14/C15 -> 1.88
B18: LUBRIFICANTES
B19: CUSTO LUBRIFICANTE POR KM | C19: =ROUND(IF($C$10="MINIVAN",BANCO_DADOS!C19,IF($C$10="VAN",BANCO_DADOS!D19,IF($C$10="MICROONIBUS",BANCO_DADOS!E19,BANCO_DADOS!F19))),2) -> 0.11
B21: RODAGEM
B22: PREÇO DO PNEU | C22: =ROUND(IF($C$10="MINIVAN",BANCO_DADOS!C22,IF($C$10="VAN",BANCO_DADOS!D22,IF($C$10="MICROONIBUS",BANCO_DADOS!E22,BANCO_DADOS!F22))),2) -> 417.64
B23: QUANT PNEUS RODANDO | C23: =ROUND(IF($C$10="MINIVAN",BANCO_DADOS!C23,IF($C$10="VAN",BANCO_DADOS!D23,IF($C$10="MICROONIBUS",BANCO_DADOS!E23,BANCO_DADOS!F23))),2) -> 4
B24: TOTAL NA TROCA | C24: =ROUND(IF($C$10="MINIVAN",BANCO_DADOS!C24,IF($C$10="VAN",BANCO_DADOS!D24,IF($C$10="MICROONIBUS",BANCO_DADOS!E24,BANCO_DADOS!F24))),2) -> 1670.56
B25: VIDA UTIL DO PNEU POR KM | C25: =ROUND(IF($C$10="MINIVAN",BANCO_DADOS!C25,IF($C$10="VAN",BANCO_DADOS!D25,IF($C$10="MICROONIBUS",BANCO_DADOS!E25,BANCO_DADOS!F25))),2) -> 45500
B26: CUSTO DOS PNEUS DE RODAGEM POR KM | C26: =ROUND(IF($C$10="MINIVAN",BANCO_DADOS!C26,IF($C$10="VAN",BANCO_DADOS!D26,IF($C$10="MICROONIBUS",BANCO_DADOS!E26,BANCO_DADOS!F26))),2) -> 0.04
B28: MANUTENÇÃO: PEÇAS E ACESSÓRIOS
B29: COEFICIENTE DE MANUTENÇÃO | C29: =(IF($C$10="MINIVAN",BANCO_DADOS!C29,IF($C$10="VAN",BANCO_DADOS!D29,IF($C$10="MICROONIBUS",BANCO_DADOS!E29,BANCO_DADOS!F29)))) -> 3e-06
B30: CUSTO DE MANUTENÇÃO POR KM | C30: =ROUND(IF($C$10="MINIVAN",BANCO_DADOS!C30,IF($C$10="VAN",BANCO_DADOS!D30,IF($C$10="MICROONIBUS",BANCO_DADOS!E30,BANCO_DADOS!F30))),2) -> 0.25
B32: TOTAL DO MÓDULO 1 | C32: =ROUND(IF($C$10="MINIVAN",BANCO_DADOS!C32,IF($C$10="VAN",BANCO_DADOS!D32,IF($C$10="MICROONIBUS",BANCO_DADOS!E32,BANCO_DADOS!F32))),2) -> 2.27
B34: MÓDULO 2 - CUSTOS FIXOS
B35: DEPRECIAÇÃO
B36: VALOR MÉDIO DE VENDA VEÍCULO | C36: =ROUND(IF($C$10="MINIVAN",BANCO_DADOS!C36,IF($C$10="VAN",BANCO_DADOS!D36,IF($C$10="MICROONIBUS",BANCO_DADOS!E36,BANCO_DADOS!F36))),2) -> 81775
B37: DEPRECIAÇÃO ANUAL % | C37: =ROUND(IF($C$10="MINIVAN",BANCO_DADOS!C37,IF($C$10="VAN",BANCO_DADOS!D37,IF($C$10="MICROONIBUS",BANCO_DADOS!E37,BANCO_DADOS!F37))),2) -> 20
B38: VALOR DA DEPRECIAÇÃO | C38: =ROUND(IF($C$10="MINIVAN",BANCO_DADOS!C38,IF($C$10="VAN",BANCO_DADOS!D38,IF($C$10="MICROONIBUS",BANCO_DADOS!E38,BANCO_DADOS!F38))),2) -> 16355
B39: MESES ANO | C39: =ROUND(IF($C$10="MINIVAN",BANCO_DADOS!C39,IF($C$10="VAN",BANCO_DADOS!D39,IF($C$10="MICROONIBUS",BANCO_DADOS!E39,BANCO_DADOS!F39))),2) -> 10
B40: VALOR A DEPRECIAR MÊS | C40: =ROUND(IF($C$10="MINIVAN",BANCO_DADOS!C40,IF($C$10="VAN",BANCO_DADOS!D40,IF($C$10="MICROONIBUS",BANCO_DADOS!E40,BANCO_DADOS!F40))),2) -> 1635.5
B41: KM MEDIA PERCORRIDA NO MÊS | C41: =C9*C11 -> 1200
B42: CUSTO DA DEPRECIAÇÃO POR KM | C42: =C40/C41 -> 1.3629167
B44: CUSTO COM FUNCIONÁRIO
B45: MOTORISTA - 220 H | C45: =ROUND(IF($C$10="MINIVAN",BANCO_DADOS!C45,IF($C$10="VAN",BANCO_DADOS!D45,IF($C$10="MICROONIBUS",BANCO_DADOS!E45,BANCO_DADOS!F45))),2) -> 6676.24
B46: VALOR DA HORA TRABALHADA | C46: =ROUND(IF($C$10="MINIVAN",BANCO_DADOS!C46,IF($C$10="VAN",BANCO_DADOS!D46,IF($C$10="MICROONIBUS",BANCO_DADOS!E46,BANCO_DADOS!F46))),2) -> 30.35
B47: VALOR DIA - 06 HORAS | C47: =ROUND(IF($C$10="MINIVAN",BANCO_DADOS!C47,IF($C$10="VAN",BANCO_DADOS!D47,IF($C$10="MICROONIBUS",BANCO_DADOS!E47,BANCO_DADOS!F47))),2) -> 182.08
B48: CUSTO FUNCIONÁRIO POR KM RODADO | C48: =C47/C9 -> 3.0346667
B50: CUSTOS DO VEÍCULO
B51: VALOR DO VEÍCULO | C51: =ROUND(IF($C$10="MINIVAN",BANCO_DADOS!C51,IF($C$10="VAN",BANCO_DADOS!D51,IF($C$10="MICROONIBUS",BANCO_DADOS!E51,BANCO_DADOS!F51))),2) -> 81775
B52: IPVA - 2% sobre o valor do veículo | C52: =ROUND(IF($C$10="MINIVAN",BANCO_DADOS!C52,IF($C$10="VAN",BANCO_DADOS!D52,IF($C$10="MICROONIBUS",BANCO_DADOS!E52,BANCO_DADOS!F52))),2) -> 1635.5
B53: Valor do CRLV-e | C53: =ROUND(IF($C$10="MINIVAN",BANCO_DADOS!C53,IF($C$10="VAN",BANCO_DADOS!D53,IF($C$10="MICROONIBUS",BANCO_DADOS!E53,BANCO_DADOS!F53))),2) -> 90
B54: seguro resp. civil e casco | C54: =ROUND(IF($C$10="MINIVAN",BANCO_DADOS!C54,IF($C$10="VAN",BANCO_DADOS!D54,IF($C$10="MICROONIBUS",BANCO_DADOS!E54,BANCO_DADOS!F54))),2) -> 1732.03
B55: laudos DETRAN/IN METRO | C55: =ROUND(IF($C$10="MINIVAN",BANCO_DADOS!C55,IF($C$10="VAN",BANCO_DADOS!D55,IF($C$10="MICROONIBUS",BANCO_DADOS!E55,BANCO_DADOS!F55))),2) -> 120
B56: DPVAT | C56: 0
B57: CUSTO DO VEÍCULO POR KM | C57: =ROUND(IF($C$10="MINIVAN",BANCO_DADOS!C57,IF($C$10="VAN",BANCO_DADOS!D57,IF($C$10="MICROONIBUS",BANCO_DADOS!E57,BANCO_DADOS!F57))),2) -> 1.79
B59: TOTAL DO MÓDULO 2 | C59: =C57+C48+C42 -> 6.1875833
B61: SOMA DOS MÓDULOS 1+2 | C61: =C59+C32 -> 8.4575833
B63: MÓDULO 3 - CUSTOS INDIRETOS, TRIBUTOS E LUCRO
B64: Despesas Indiretas | C64: =C61*5% -> 0.42287917
B65: Lucro | C65: =C61*7.2% -> 0.608946
B66: Tributos (COFINS - 3% e PIS - 0,65) | C66: =C61*3.56% -> 0.30108997
B67: ISS | C67: =C61*5% -> 0.42287917
B68: Tributos (Contribuição Previdenciária - 0% ou 4,5%, conforme Lei 12.844/2013 - Desoneração) | C68: =ROUND(IF($C$10="MINIVAN",BANCO_DADOS!C73,IF($C$10="VAN",BANCO_DADOS!D73,IF($C$10="MICROONIBUS",BANCO_DADOS!E73,BANCO_DADOS!F73))),2) -> 1
B69: TOTAL DO MÓDULO 3 | C69: =SUM(C64:C68) -> 2.7557943
B71: VALOR DO KM | C71: =C69+C61 -> 11.213378
B72: VALOR DO KM (NÃO PAVIMENTADO) | C72: =IF(C8="NÃO",1.35,1)*C71 -> 15.13806

Sheet ROTA 4
B1: LOTE 04:
B3: MESES DO ANO | C3: =BANCO_DADOS!C3 -> 10
B4: DIAS LETIVOS | C4: 20
B5: VALOR GASOLINA | C5: =BANCO_DADOS!C5 -> 7.28 | E5: =C72 -> 9.453943
B6: VALOR DIESEL S10 | C6: =BANCO_DADOS!C6 -> 7.52
B7: DESCRIÇÃO DO VEÍCULO
B8: PAVIMENTO | C8: NÃO
B9: KM DIÁRIOS | C9: 100
B10: TIPO DO VEÍCULO: | C10: MINIVAN
B11: MÉDIA DIAS LETIVOS MÊS | C11: 20
B13: MÓDULO 1 - CUSTOS VARIÁVEIS
B14: COMBUSTIVEL | C14: =IF($C$10="MINIVAN",BANCO_DADOS!C14,IF($C$10="VAN",BANCO_DADOS!D14,IF($C$10="MICROONIBUS",BANCO_DADOS!E14,BANCO_DADOS!F14))) -> 7.28
B15: MÉDIA CONSUMIDA POR KM/ LITRO | C15: =IF($C$10="MINIVAN",BANCO_DADOS!C15,IF($C$10="VAN",BANCO_DADOS!D15,IF($C$10="MICROONIBUS",BANCO_DADOS!E15,BANCO_DADOS!F15))) -> 4.2
B16: CUSTO COMBUSTÍVEL POR KM | C16: =C14/C15 -> 1.7333333
B18: LUBRIFICANTES
B19: CUSTO LUBRIFICANTE POR KM | C19: =ROUND(IF($C$10="MINIVAN",BANCO_DADOS!C19,IF($C$10="VAN",BANCO_DADOS!D19,IF($C$10="MICROONIBUS",BANCO_DADOS!E19,BANCO_DADOS!F19))),2) -> 0.1
B21: RODAGEM
B22: PREÇO DO PNEU | C22: =ROUND(IF($C$10="MINIVAN",BANCO_DADOS!C22,IF($C$10="VAN",BANCO_DADOS!D22,IF($C$10="MICROONIBUS",BANCO_DADOS!E22,BANCO_DADOS!F22))),2) -> 348.83
B23: QUANT PNEUS RODANDO | C23: =ROUND(IF($C$10="MINIVAN",BANCO_DADOS!C23,IF($C$10="VAN",BANCO_DADOS!D23,IF($C$10="MICROONIBUS",BANCO_DADOS!E23,BANCO_DADOS!F23))),2) -> 4
B24: TOTAL NA TROCA | C24: =ROUND(IF($C$10="MINIVAN",BANCO_DADOS!C24,IF($C$10="VAN",BANCO_DADOS!D24,IF($C$10="MICROONIBUS",BANCO_DADOS!E24,BANCO_DADOS!F24))),2) -> 1395.32
B25: VIDA UTIL DO PNEU POR KM | C25: =ROUND(IF($C$10="MINIVAN",BANCO_DADOS!C25,IF($C$10="VAN",BANCO_DADOS!D25,IF($C$10="MICROONIBUS",BANCO_DADOS!E25,BANCO_DADOS!F25))),2) -> 45500
B26: CUSTO DOS PNEUS DE RODAGEM POR KM | C26: =ROUND(IF($C$10="MINIVAN",BANCO_DADOS!C26,IF($C$10="VAN",BANCO_DADOS!D26,IF($C$10="MICROONIBUS",BANCO_DADOS!E26,BANCO_DADOS!F26))),2) -> 0.03
B28: MANUTENÇÃO: PEÇAS E ACESSÓRIOS
B29: COEFICIENTE DE MANUTENÇÃO | C29: =(IF($C$10="MINIVAN",BANCO_DADOS!C29,IF($C$10="VAN",BANCO_DADOS!D29,IF($C$10="MICROONIBUS",BANCO_DADOS!E29,BANCO_DADOS!F29)))) -> 3e-06
B30: CUSTO DE MANUTENÇÃO POR KM | C30: =ROUND(IF($C$10="MINIVAN",BANCO_DADOS!C30,IF($C$10="VAN",BANCO_DADOS!D30,IF($C$10="MICROONIBUS",BANCO_DADOS!E30,BANCO_DADOS!F30))),2) -> 0.11
B32: TOTAL DO MÓDULO 1 | C32: =ROUND(IF($C$10="MINIVAN",BANCO_DADOS!C32,IF($C$10="VAN",BANCO_DADOS!D32,IF($C$10="MICROONIBUS",BANCO_DADOS!E32,BANCO_DADOS!F32))),2) -> 1.98
B34: MÓDULO 2 - CUSTOS FIXOS
B35: DEPRECIAÇÃO
B36: VALOR MÉDIO DE VENDA VEÍCULO | C36: =ROUND(IF($C$10="MINIVAN",BANCO_DADOS!C36,IF($C$10="VAN",BANCO_DADOS!D36,IF($C$10="MICROONIBUS",BANCO_DADOS!E36,BANCO_DADOS!F36))),2) -> 37824
B37: DEPRECIAÇÃO ANUAL % | C37: =ROUND(IF($C$10="MINIVAN",BANCO_DADOS!C37,IF($C$10="VAN",BANCO_DADOS!D37,IF($C$10="MICROONIBUS",BANCO_DADOS!E37,BANCO_DADOS!F37))),2) -> 20
B38: VALOR DA DEPRECIAÇÃO | C38: =ROUND(IF($C$10="MINIVAN",BANCO_DADOS!C38,IF($C$10="VAN",BANCO_DADOS!D38,IF($C$10="MICROONIBUS",BANCO_DADOS!E38,BANCO_DADOS!F38))),2) -> 7564.8
B39: MESES ANO | C39: =ROUND(IF($C$10="MINIVAN",BANCO_DADOS!C39,IF($C$10="VAN",BANCO_DADOS!D39,IF($C$10="MICROONIBUS",BANCO_DADOS!E39,BANCO_DADOS!F39))),2) -> 10
B40: VALOR A DEPRECIAR MÊS | C40: =ROUND(IF($C$10="MINIVAN",BANCO_DADOS!C40,IF($C$10="VAN",BANCO_DADOS!D40,IF($C$10="MICROONIBUS",BANCO_DADOS!E40,BANCO_DADOS!F40))),2) -> 756.48
B41: KM MEDIA PERCORRIDA NO MÊS | C41: =C9*C11 -> 2000
B42: CUSTO DA DEPRECIAÇÃO POR KM | C42: =C40/C41 -> 0.37824
B44: CUSTO COM FUNCIONÁRIO
B45: MOTORISTA - 220 H | C45: =ROUND(IF($C$10="MINIVAN",BANCO_DADOS!C45,IF($C$10="VAN",BANCO_DADOS!D45,IF($C$10="MICROONIBUS",BANCO_DADOS!E45,BANCO_DADOS!F45))),2) -> 6676.24
B46: VALOR DA HORA TRABALHADA | C46: =ROUND(IF($C$10="MINIVAN",BANCO_DADOS!C46,IF($C$10="VAN",BANCO_DADOS!D46,IF($C$10="MICROONIBUS",BANCO_DADOS!E46,BANCO_DADOS!F46))),2) -> 30.35
B47: VALOR DIA - 06 HORAS | C47: =ROUND(IF($C$10="MINIVAN",BANCO_DADOS!C47,IF($C$10="VAN",BANCO_DADOS!D47,IF($C$10="MICROONIBUS",BANCO_DADOS!E47,BANCO_DADOS!F47))),2) -> 182.08
B48: CUSTO FUNCIONÁRIO POR KM RODADO | C48: =C47/C9 -> 1.8208
B50: CUSTOS DO VEÍCULO
B51: VALOR DO VEÍCULO | C51: =ROUND(IF($C$10="MINIVAN",BANCO_DADOS!C51,IF($C$10="VAN",BANCO_DADOS!D51,IF($C$10="MICROONIBUS",BANCO_DADOS!E51,BANCO_DADOS!F51))),2) -> 37824
B52: IPVA - 2% sobre o valor do veículo | C52: =ROUND(IF($C$10="MINIVAN",BANCO_DADOS!C52,IF($C$10="VAN",BANCO_DADOS!D52,IF($C$10="MICROONIBUS",BANCO_DADOS!E52,BANCO_DADOS!F52))),2) -> 756.48
B53: Valor do CRLV-e | C53: =ROUND(IF($C$10="MINIVAN",BANCO_DADOS!C53,IF($C$10="VAN",BANCO_DADOS!D53,IF($C$10="MICROONIBUS",BANCO_DADOS!E53,BANCO_DADOS!F53))),2) -> 90
B54: seguro resp. civil e casco | C54: =ROUND(IF($C$10="MINIVAN",BANCO_DADOS!C54,IF($C$10="VAN",BANCO_DADOS!D54,IF($C$10="MICROONIBUS",BANCO_DADOS!E54,BANCO_DADOS!F54))),2) -> 2275
B55: laudos DETRAN/IN METRO | C55: =ROUND(IF($C$10="MINIVAN",BANCO_DADOS!C55,IF($C$10="VAN",BANCO_DADOS!D55,IF($C$10="MICROONIBUS",BANCO_DADOS!E55,BANCO_DADOS!F55))),2) -> 120
B56: DPVAT | C56: 0
B57: CUSTO DO VEÍCULO POR KM | C57: =ROUND(IF($C$10="MINIVAN",BANCO_DADOS!C57,IF($C$10="VAN",BANCO_DADOS!D57,IF($C$10="MICROONIBUS",BANCO_DADOS!E57,BANCO_DADOS!F57))),2) -> 1.62
B59: TOTAL DO MÓDULO 2 | C59: =C57+C48+C42 -> 3.81904
B61: SOMA DOS MÓDULOS 1+2 | C61: =C59+C32 -> 5.79904
B63: MÓDULO 3 - CUSTOS INDIRETOS, TRIBUTOS E LUCRO
B64: Despesas Indiretas | C64: =C61*5% -> 0.289952
B65: Lucro | C65: =C61*7.2% -> 0.41753088
B66: Tributos (COFINS - 3% e PIS - 0,65) | C66: =C61*3.56% -> 0.20644582
B67: ISS | C67: =C61*5% -> 0.289952
B68: Tributos (Contribuição Previdenciária - 0% ou 4,5%, conforme Lei 12.844/2013 - Desoneração) | C68: =ROUND(IF($C$10="MINIVAN",BANCO_DADOS!C73,IF($C$10="VAN",BANCO_DADOS!D73,IF($C$10="MICROONIBUS",BANCO_DADOS!E73,BANCO_DADOS!F73))),2) -> 0
B69: TOTAL DO MÓDULO 3 | C69: =SUM(C64:C68) -> 1.2038807
B71: VALOR DO KM | C71: =C69+C61 -> 7.0029207
B72: VALOR DO KM (NÃO PAVIMENTADO) | C72: =IF(C8="NÃO",1.35,1)*C71 -> 9.453943

Sheet ROTA 5
B1: LOTE 05:
B3: MESES DO ANO | C3: =BANCO_DADOS!C3 -> 10
B4: DIAS LETIVOS | C4: 20
B5: VALOR GASOLINA | C5: =BANCO_DADOS!C5 -> 7.28 | E5: =C72 -> 17.625164
B6: VALOR DIESEL S10 | C6: =BANCO_DADOS!C6 -> 7.52
B7: DESCRIÇÃO DO VEÍCULO
B8: PAVIMENTO | C8: SIM
B9: KM DIÁRIOS | C9: 20
B10: TIPO DO VEÍCULO: | C10: MINIVAN
B11: MÉDIA DIAS LETIVOS MÊS | C11: 20
B13: MÓDULO 1 - CUSTOS VARIÁVEIS
B14: COMBUSTIVEL | C14: =IF($C$10="MINIVAN",BANCO_DADOS!C14,IF($C$10="VAN",BANCO_DADOS!D14,IF($C$10="MICROONIBUS",BANCO_DADOS!E14,BANCO_DADOS!F14))) -> 7.28
B15: MÉDIA CONSUMIDA POR KM/ LITRO | C15: =IF($C$10="MINIVAN",BANCO_DADOS!C15,IF($C$10="VAN",BANCO_DADOS!D15,IF($C$10="MICROONIBUS",BANCO_DADOS!E15,BANCO_DADOS!F15))) -> 4.2
B16: CUSTO COMBUSTÍVEL POR KM | C16: =C14/C15 -> 1.7333333
B18: LUBRIFICANTES
B19: CUSTO LUBRIFICANTE POR KM | C19: =ROUND(IF($C$10="MINIVAN",BANCO_DADOS!C19,IF($C$10="VAN",BANCO_DADOS!D19,IF($C$10="MICROONIBUS",BANCO_DADOS!E19,BANCO_DADOS!F19))),2) -> 0.1
B21: RODAGEM
B22: PREÇO DO PNEU | C22: =ROUND(IF($C$10="MINIVAN",BANCO_DADOS!C22,IF($C$10="VAN",BANCO_DADOS!D22,IF($C$10="MICROONIBUS",BANCO_DADOS!E22,BANCO_DADOS!F22))),2) -> 348.83
B23: QUANT PNEUS RODANDO | C23: =ROUND(IF($C$10="MINIVAN",BANCO_DADOS!C23,IF($C$10="VAN",BANCO_DADOS!D23,IF($C$10="MICROONIBUS",BANCO_DADOS!E23,BANCO_DADOS!F23))),2) -> 4
B24: TOTAL NA TROCA | C24: =ROUND(IF($C$10="MINIVAN",BANCO_DADOS!C24,IF($C$10="VAN",BANCO_DADOS!D24,IF($C$10="MICROONIBUS",BANCO_DADOS!E24,BANCO_DADOS!F24))),2) -> 1395.32
B25: VIDA UTIL DO PNEU POR KM | C25: =ROUND(IF($C$10="MINIVAN",BANCO_DADOS!C25,IF($C$10="VAN",BANCO_DADOS!D25,IF($C$10="MICROONIBUS",BANCO_DADOS!E25,BANCO_DADOS!F25))),2) -> 45500
B26: CUSTO DOS PNEUS DE RODAGEM POR KM | C26: =ROUND(IF($C$10="MINIVAN",BANCO_DADOS!C26,IF($C$10="VAN",BANCO_DADOS!D26,IF($C$10="MICROONIBUS",BANCO_DADOS!E26,BANCO_DADOS!F26))),2) -> 0.03
B28: MANUTENÇÃO: PEÇAS E ACESSÓRIOS
B29: COEFICIENTE DE MANUTENÇÃO | C29: =(IF($C$10="MINIVAN",BANCO_DADOS!C29,IF($C$10="VAN",BANCO_DADOS!D29,IF($C$10="MICROONIBUS",BANCO_DADOS!E29,BANCO_DADOS!F29)))) -> 3e-06
B30: CUSTO DE MANUTENÇÃO POR KM | C30: =ROUND(IF($C$10="MINIVAN",BANCO_DADOS!C30,IF($C$10="VAN",BANCO_DADOS!D30,IF($C$10="MICROONIBUS",BANCO_DADOS!E30,BANCO_DADOS!F30))),2) -> 0.11
B32: TOTAL DO MÓDULO 1 | C32: =ROUND(IF($C$10="MINIVAN",BANCO_DADOS!C32,IF($C$10="VAN",BANCO_DADOS!D32,IF($C$10="MICROONIBUS",BANCO_DADOS!E32,BANCO_DADOS!F32))),2) -> 1.98
B34: MÓDULO 2 - CUSTOS FIXOS
B35: DEPRECIAÇÃO
B36: VALOR MÉDIO DE VENDA VEÍCULO | C36: =ROUND(IF($C$10="MINIVAN",BANCO_DADOS!C36,IF($C$10="VAN",BANCO_DADOS!D36,IF($C$10="MICROONIBUS",BANCO_DADOS!E36,BANCO_DADOS!F36))),2) -> 37824
B37: DEPRECIAÇÃO ANUAL % | C37: =ROUND(IF($C$10="MINIVAN",BANCO_DADOS!C37,IF($C$10="VAN",BANCO_DADOS!D37,IF($C$10="MICROONIBUS",BANCO_DADOS!E37,BANCO_DADOS!F37))),2) -> 20
B38: VALOR DA DEPRECIAÇÃO | C38: =ROUND(IF($C$10="MINIVAN",BANCO_DADOS!C38,IF($C$10="VAN",BANCO_DADOS!D38,IF($C$10="MICROONIBUS",BANCO_DADOS!E38,BANCO_DADOS!F38))),2) -> 7564.8
B39: MESES ANO | C39: =ROUND(IF($C$10="MINIVAN",BANCO_DADOS!C39,IF($C$10="VAN",BANCO_DADOS!D39,IF($C$10="MICROONIBUS",BANCO_DADOS!E39,BANCO_DADOS!F39))),2) -> 10
B40: VALOR A DEPRECIAR MÊS | C40: =ROUND(IF($C$10="MINIVAN",BANCO_DADOS!C40,IF($C$10="VAN",BANCO_DADOS!D40,IF($C$10="MICROONIBUS",BANCO_DADOS!E40,BANCO_DADOS!F40))),2) -> 756.48
B41: KM MEDIA PERCORRIDA NO MÊS | C41: =C9*C11 -> 400
B42: CUSTO DA DEPRECIAÇÃO POR KM | C42: =C40/C41 -> 1.8912
B44: CUSTO COM FUNCIONÁRIO
B45: MOTORISTA - 220 H | C45: =ROUND(IF($C$10="MINIVAN",BANCO_DADOS!C45,IF($C$10="VAN",BANCO_DADOS!D45,IF($C$10="MICROONIBUS",BANCO_DADOS!E45,BANCO_DADOS!F45))),2) -> 6676.24
B46: VALOR DA HORA TRABALHADA | C46: =ROUND(IF($C$10="MINIVAN",BANCO_DADOS!C46,IF($C$10="VAN",BANCO_DADOS!D46,IF($C$10="MICROONIBUS",BANCO_DADOS!E46,BANCO_DADOS!F46))),2) -> 30.35
B47: VALOR DIA - 06 HORAS | C47: =ROUND(IF($C$10="MINIVAN",BANCO_DADOS!C47,IF($C$10="VAN",BANCO_DADOS!D47,IF($C$10="MICROONIBUS",BANCO_DADOS!E47,BANCO_DADOS!F47))),2) -> 182.08
B48: CUSTO FUNCIONÁRIO POR KM RODADO | C48: =C47/C9 -> 9.104
B50: CUSTOS DO VEÍCULO
B51: VALOR DO VEÍCULO | C51: =ROUND(IF($C$10="MINIVAN",BANCO_DADOS!C51,IF($C$10="VAN",BANCO_DADOS!D51,IF($C$10="MICROONIBUS",BANCO_DADOS!E51,BANCO_DADOS!F51))),2) -> 37824
B52: IPVA - 2% sobre o valor do veículo | C52: =ROUND(IF($C$10="MINIVAN",BANCO_DADOS!C52,IF($C$10="VAN",BANCO_DADOS!D52,IF($C$10="MICROONIBUS",BANCO_DADOS!E52,BANCO_DADOS!F52))),2) -> 756.48
B53: Valor do CRLV-e | C53: =ROUND(IF($C$10="MINIVAN",BANCO_DADOS!C53,IF($C$10="VAN",BANCO_DADOS!D53,IF($C$10="MICROONIBUS",BANCO_DADOS!E53,BANCO_DADOS!F53))),2) -> 90
B54: seguro resp. civil e casco | C54: =ROUND(IF($C$10="MINIVAN",BANCO_DADOS!C54,IF($C$10="VAN",BANCO_DADOS!D54,IF($C$10="MICROONIBUS",BANCO_DADOS!E54,BANCO_DADOS!F54))),2) -> 2275
B55: laudos DETRAN/IN METRO | C55: =ROUND(IF($C$10="MINIVAN",BANCO_DADOS!C55,IF($C$10="VAN",BANCO_DADOS!D55,IF($C$10="MICROONIBUS",BANCO_DADOS!E55,BANCO_DADOS!F55))),2) -> 120
B56: DPVAT | C56: 0
B57: CUSTO DO VEÍCULO POR KM | C57: =ROUND(IF($C$10="MINIVAN",BANCO_DADOS!C57,IF($C$10="VAN",BANCO_DADOS!D57,IF($C$10="MICROONIBUS",BANCO_DADOS!E57,BANCO_DADOS!F57))),2) -> 1.62
B59: TOTAL DO MÓDULO 2 | C59: =C57+C48+C42 -> 12.6152
B61: SOMA DOS MÓDULOS 1+2 | C61: =C59+C32 -> 14.5952
B63: MÓDULO 3 - CUSTOS INDIRETOS, TRIBUTOS E LUCRO
B64: Despesas Indiretas | C64: =C61*5% -> 0.72976
B65: Lucro | C65: =C61*7.2% -> 1.0508544
B66: Tributos (COFINS - 3% e PIS - 0,65) | C66: =C61*3.56% -> 0.51958912
B67: ISS | C67: =C61*5% -> 0.72976
B68: Tributos (Contribuição Previdenciária - 0% ou 4,5%, conforme Lei 12.844/2013 - Desoneração) | C68: =ROUND(IF($C$10="MINIVAN",BANCO_DADOS!C73,IF($C$10="VAN",BANCO_DADOS!D73,IF($C$10="MICROONIBUS",BANCO_DADOS!E73,BANCO_DADOS!F73))),2) -> 0
B69: TOTAL DO MÓDULO 3 | C69: =SUM(C64:C68) -> 3.0299635
B71: VALOR DO KM | C71: =C69+C61 -> 17.625164
B72: VALOR DO KM (PAVIMENTADO) | C72: =IF(C8="NÃO",1.35,1)*C71 -> 17.625164

Sheet ROTA 6
B1: LOTE 06:
B3: MESES DO ANO | C3: =BANCO_DADOS!C3 -> 10
B4: DIAS LETIVOS | C4: 20
B5: VALOR GASOLINA | C5: =BANCO_DADOS!C5 -> 7.28 | E5: =C72 -> 15.13806
B6: VALOR DIESEL S10 | C6: =BANCO_DADOS!C6 -> 7.52
B7: DESCRIÇÃO DO VEÍCULO
B8: PAVIMENTO | C8: NÃO
B9: KM DIÁRIOS | C9: 60
B10: TIPO DO VEÍCULO: | C10: VAN
B11: MÉDIA DIAS LETIVOS MÊS | C11: 20
B13: MÓDULO 1 - CUSTOS VARIÁVEIS
B14: COMBUSTIVEL | C14: =IF($C$10="MINIVAN",BANCO_DADOS!C14,IF($C$10="VAN",BANCO_DADOS!D14,IF($C$10="MICROONIBUS",BANCO_DADOS!E14,BANCO_DADOS!F14))) -> 7.52
B15: MÉDIA CONSUMIDA POR KM/ LITRO | C15: =IF($C$10="MINIVAN",BANCO_DADOS!C15,IF($C$10="VAN",BANCO_DADOS!D15,IF($C$10="MICROONIBUS",BANCO_DADOS!E15,BANCO_DADOS!F15))) -> 4
B16: CUSTO COMBUSTÍVEL POR KM | C16: =C14/C15 -> 1.88
B18: LUBRIFICANTES
B19: CUSTO LUBRIFICANTE POR KM | C19: =ROUND(IF($C$10="MINIVAN",BANCO_DADOS!C19,IF($C$10="VAN",BANCO_DADOS!D19,IF($C$10="MICROONIBUS",BANCO_DADOS!E19,BANCO_DADOS!F19))),2) -> 0.11
B21: RODAGEM
B22: PREÇO DO PNEU | C22: =ROUND(IF($C$10="MINIVAN",BANCO_DADOS!C22,IF($C$10="VAN",BANCO_DADOS!D22,IF($C$10="MICROONIBUS",BANCO_DADOS!E22,BANCO_DADOS!F22))),2) -> 417.64
B23: QUANT PNEUS RODANDO | C23: =ROUND(IF($C$10="MINIVAN",BANCO_DADOS!C23,IF($C$10="VAN",BANCO_DADOS!D23,IF($C$10="MICROONIBUS",BANCO_DADOS!E23,BANCO_DADOS!F23))),2) -> 4
B24: TOTAL NA TROCA | C24: =ROUND(IF($C$10="MINIVAN",BANCO_DADOS!C24,IF($C$10="VAN",BANCO_DADOS!D24,IF($C$10="MICROONIBUS",BANCO_DADOS!E24,BANCO_DADOS!F24))),2) -> 1670.56
B25: VIDA UTIL DO PNEU POR KM | C25: =ROUND(IF($C$10="MINIVAN",BANCO_DADOS!C25,IF($C$10="VAN",BANCO_DADOS!D25,IF($C$10="MICROONIBUS",BANCO_DADOS!E25,BANCO_DADOS!F25))),2) -> 45500
B26: CUSTO DOS PNEUS DE RODAGEM POR KM | C26: =ROUND(IF($C$10="MINIVAN",BANCO_DADOS!C26,IF($C$10="VAN",BANCO_DADOS!D26,IF($C$10="MICROONIBUS",BANCO_DADOS!E26,BANCO_DADOS!F26))),2) -> 0.04
B28: MANUTENÇÃO: PEÇAS E ACESSÓRIOS
B29: COEFICIENTE DE MANUTENÇÃO | C29: =(IF($C$10="MINIVAN",BANCO_DADOS!C29,IF($C$10="VAN",BANCO_DADOS!D29,IF($C$10="MICROONIBUS",BANCO_DADOS!E29,BANCO_DADOS!F29)))) -> 3e-06
B30: CUSTO DE MANUTENÇÃO POR KM | C30: =ROUND(IF($C$10="MINIVAN",BANCO_DADOS!C30,IF($C$10="VAN",BANCO_DADOS!D30,IF($C$10="MICROONIBUS",BANCO_DADOS!E30,BANCO_DADOS!F30))),2) -> 0.25
B32: TOTAL DO MÓDULO 1 | C32: =ROUND(IF($C$10="MINIVAN",BANCO_DADOS!C32,IF($C$10="VAN",BANCO_DADOS!D32,IF($C$10="MICROONIBUS",BANCO_DADOS!E32,BANCO_DADOS!F32))),2) -> 2.27
B34: MÓDULO 2 - CUSTOS FIXOS
B35: DEPRECIAÇÃO
B36: VALOR MÉDIO DE VENDA VEÍCULO | C36: =ROUND(IF($C$10="MINIVAN",BANCO_DADOS!C36,IF($C$10="VAN",BANCO_DADOS!D36,IF($C$10="MICROONIBUS",BANCO_DADOS!E36,BANCO_DADOS!F36))),2) -> 81775
B37: DEPRECIAÇÃO ANUAL % | C37: =ROUND(IF($C$10="MINIVAN",BANCO_DADOS!C37,IF($C$10="VAN",BANCO_DADOS!D37,IF($C$10="MICROONIBUS",BANCO_DADOS!E37,BANCO_DADOS!F37))),2) -> 20
B38: VALOR DA DEPRECIAÇÃO | C38: =ROUND(IF($C$10="MINIVAN",BANCO_DADOS!C38,IF($C$10="VAN",BANCO_DADOS!D38,IF($C$10="MICROONIBUS",BANCO_DADOS!E38,BANCO_DADOS!F38))),2) -> 16355
B39: MESES ANO | C39: =ROUND(IF($C$10="MINIVAN",BANCO_DADOS!C39,IF($C$10="VAN",BANCO_DADOS!D39,IF($C$10="MICROONIBUS",BANCO_DADOS!E39,BANCO_DADOS!F39))),2) -> 10
B40: VALOR A DEPRECIAR MÊS | C40: =ROUND(IF($C$10="MINIVAN",BANCO_DADOS!C40,IF($C$10="VAN",BANCO_DADOS!D40,IF($C$10="MICROONIBUS",BANCO_DADOS!E40,BANCO_DADOS!F40))),2) -> 1635.5
B41: KM MEDIA PERCORRIDA NO MÊS | C41: =C9*C11 -> 1200
B42: CUSTO DA DEPRECIAÇÃO POR KM | C42: =C40/C41 -> 1.3629167
B44: CUSTO COM FUNCIONÁRIO
B45: MOTORISTA - 220 H | C45: =ROUND(IF($C$10="MINIVAN",BANCO_DADOS!C45,IF($C$10="VAN",BANCO_DADOS!D45,IF($C$10="MICROONIBUS",BANCO_DADOS!E45,BANCO_DADOS!F45))),2) -> 6676.24
B46: VALOR DA HORA TRABALHADA | C46: =ROUND(IF($C$10="MINIVAN",BANCO_DADOS!C46,IF($C$10="VAN",BANCO_DADOS!D46,IF($C$10="MICROONIBUS",BANCO_DADOS!E46,BANCO_DADOS!F46))),2) -> 30.35
B47: VALOR DIA - 06 HORAS | C47: =ROUND(IF($C$10="MINIVAN",BANCO_DADOS!C47,IF($C$10="VAN",BANCO_DADOS!D47,IF($C$10="MICROONIBUS",BANCO_DADOS!E47,BANCO_DADOS!F47))),2) -> 182.08
B48: CUSTO FUNCIONÁRIO POR KM RODADO | C48: =C47/C9 -> 3.0346667
B50: CUSTOS DO VEÍCULO
B51: VALOR DO VEÍCULO | C51: =ROUND(IF($C$10="MINIVAN",BANCO_DADOS!C51,IF($C$10="VAN",BANCO_DADOS!D51,IF($C$10="MICROONIBUS",BANCO_DADOS!E51,BANCO_DADOS!F51))),2) -> 81775
B52: IPVA - 2% sobre o valor do veículo | C52: =ROUND(IF($C$10="MINIVAN",BANCO_DADOS!C52,IF($C$10="VAN",BANCO_DADOS!D52,IF($C$10="MICROONIBUS",BANCO_DADOS!E52,BANCO_DADOS!F52))),2) -> 1635.5
B53: Valor do CRLV-e | C53: =ROUND(IF($C$10="MINIVAN",BANCO_DADOS!C53,IF($C$10="VAN",BANCO_DADOS!D53,IF($C$10="MICROONIBUS",BANCO_DADOS!E53,BANCO_DADOS!F53))),2) -> 90
B54: seguro resp. civil e casco | C54: =ROUND(IF($C$10="MINIVAN",BANCO_DADOS!C54,IF($C$10="VAN",BANCO_DADOS!D54,IF($C$10="MICROONIBUS",BANCO_DADOS!E54,BANCO_DADOS!F54))),2) -> 1732.03
B55: laudos DETRAN/IN METRO | C55: =ROUND(IF($C$10="MINIVAN",BANCO_DADOS!C55,IF($C$10="VAN",BANCO_DADOS!D55,IF($C$10="MICROONIBUS",BANCO_DADOS!E55,BANCO_DADOS!F55))),2) -> 120
B56: DPVAT | C56: 0
B57: CUSTO DO VEÍCULO POR KM | C57: =ROUND(IF($C$10="MINIVAN",BANCO_DADOS!C57,IF($C$10="VAN",BANCO_DADOS!D57,IF($C$10="MICROONIBUS",BANCO_DADOS!E57,BANCO_DADOS!F57))),2) -> 1.79
B59: TOTAL DO MÓDULO 2 | C59: =C57+C48+C42 -> 6.1875833
B61: SOMA DOS MÓDULOS 1+2 | C61: =C59+C32 -> 8.4575833
B63: MÓDULO 3 - CUSTOS INDIRETOS, TRIBUTOS E LUCRO
B64: Despesas Indiretas | C64: =C61*5% -> 0.42287917
B65: Lucro | C65: =C61*7.2% -> 0.608946
B66: Tributos (COFINS - 3% e PIS - 0,65) | C66: =C61*3.56% -> 0.30108997
B67: ISS | C67: =C61*5% -> 0.42287917
B68: Tributos (Contribuição Previdenciária - 0% ou 4,5%, conforme Lei 12.844/2013 - Desoneração) | C68: =ROUND(IF($C$10="MINIVAN",BANCO_DADOS!C73,IF($C$10="VAN",BANCO_DADOS!D73,IF($C$10="MICROONIBUS",BANCO_DADOS!E73,BANCO_DADOS!F73))),2) -> 1
B69: TOTAL DO MÓDULO 3 | C69: =SUM(C64:C68) -> 2.7557943
B71: VALOR DO KM | C71: =C69+C61 -> 11.213378
B72: VALOR DO KM (NÃO PAVIMENTADO) | C72: =IF(C8="NÃO",1.35,1)*C71 -> 15.13806

Sheet ROTA 7
B1: LOTE 07:
B3: MESES DO ANO | C3: =BANCO_DADOS!C3 -> 10
B4: DIAS LETIVOS | C4: 20
B5: VALOR GASOLINA | C5: =BANCO_DADOS!C5 -> 7.28 | E5: =C72 -> 11.843948
B6: VALOR DIESEL S10 | C6: =BANCO_DADOS!C6 -> 7.52
B7: DESCRIÇÃO DO VEÍCULO
B8: PAVIMENTO | C8: NÃO
B9: KM DIÁRIOS | C9: 60
B10: TIPO DO VEÍCULO: | C10: MINIVAN
B11: MÉDIA DIAS LETIVOS MÊS | C11: 20
B13: MÓDULO 1 - CUSTOS VARIÁVEIS
B14: COMBUSTIVEL | C14: =IF($C$10="MINIVAN",BANCO_DADOS!C14,IF($C$10="VAN",BANCO_DADOS!D14,IF($C$10="MICROONIBUS",BANCO_DADOS!E14,BANCO_DADOS!F14))) -> 7.28
B15: MÉDIA CONSUMIDA POR KM/ LITRO | C15: =IF($C$10="MINIVAN",BANCO_DADOS!C15,IF($C$10="VAN",BANCO_DADOS!D15,IF($C$10="MICROONIBUS",BANCO_DADOS!E15,BANCO_DADOS!F15))) -> 4.2
B16: CUSTO COMBUSTÍVEL POR KM | C16: =C14/C15 -> 1.7333333
B18: LUBRIFICANTES
B19: CUSTO LUBRIFICANTE POR KM | C19: =ROUND(IF($C$10="MINIVAN",BANCO_DADOS!C19,IF($C$10="VAN",BANCO_DADOS!D19,IF($C$10="MICROONIBUS",BANCO_DADOS!E19,BANCO_DADOS!F19))),2) -> 0.1
B21: RODAGEM
B22: PREÇO DO PNEU | C22: =ROUND(IF($C$10="MINIVAN",BANCO_DADOS!C22,IF($C$10="VAN",BANCO_DADOS!D22,IF($C$10="MICROONIBUS",BANCO_DADOS!E22,BANCO_DADOS!F22))),2) -> 348.83
B23: QUANT PNEUS RODANDO | C23: =ROUND(IF($C$10="MINIVAN",BANCO_DADOS!C23,IF($C$10="VAN",BANCO_DADOS!D23,IF($C$10="MICROONIBUS",BANCO_DADOS!E23,BANCO_DADOS!F23))),2) -> 4
B24: TOTAL NA TROCA | C24: =ROUND(IF($C$10="MINIVAN",BANCO_DADOS!C24,IF($C$10="VAN",BANCO_DADOS!D24,IF($C$10="MICROONIBUS",BANCO_DADOS!E24,BANCO_DADOS!F24))),2) -> 1395.32
B25: VIDA UTIL DO PNEU POR KM | C25: =ROUND(IF($C$10="MINIVAN",BANCO_DADOS!C25,IF($C$10="VAN",BANCO_DADOS!D25,IF($C$10="MICROONIBUS",BANCO_DADOS!E25,BANCO_DADOS!F25))),2) -> 45500
B26: CUSTO DOS PNEUS DE RODAGEM POR KM | C26: =ROUND(IF($C$10="MINIVAN",BANCO_DADOS!C26,IF($C$10="VAN",BANCO_DADOS!D26,IF($C$10="MICROONIBUS",BANCO_DADOS!E26,BANCO_DADOS!F26))),2) -> 0.03
B28: MANUTENÇÃO: PEÇAS E ACESSÓRIOS
B29: COEFICIENTE DE MANUTENÇÃO | C29: =(IF($C$10="MINIVAN",BANCO_DADOS!C29,IF($C$10="VAN",BANCO_DADOS!D29,IF($C$10="MICROONIBUS",BANCO_DADOS!E29,BANCO_DADOS!F29)))) -> 3e-06
B30: CUSTO DE MANUTENÇÃO POR KM | C30: =ROUND(IF($C$10="MINIVAN",BANCO_DADOS!C30,IF($C$10="VAN",BANCO_DADOS!D30,IF($C$10="MICROONIBUS",BANCO_DADOS!E30,BANCO_DADOS!F30))),2) -> 0.11
B32: TOTAL DO MÓDULO 1 | C32: =ROUND(IF($C$10="MINIVAN",BANCO_DADOS!C32,IF($C$10="VAN",BANCO_DADOS!D32,IF($C$10="MICROONIBUS",BANCO_DADOS!E32,BANCO_DADOS!F32))),2) -> 1.98
B34: MÓDULO 2 - CUSTOS FIXOS
B35: DEPRECIAÇÃO
B36: VALOR MÉDIO DE VENDA VEÍCULO | C36: =ROUND(IF($C$10="MINIVAN",BANCO_DADOS!C36,IF($C$10="VAN",BANCO_DADOS!D36,IF($C$10="MICROONIBUS",BANCO_DADOS!E36,BANCO_DADOS!F36))),2) -> 37824
B37: DEPRECIAÇÃO ANUAL % | C37: =ROUND(IF($C$10="MINIVAN",BANCO_DADOS!C37,IF($C$10="VAN",BANCO_DADOS!D37,IF($C$10="MICROONIBUS",BANCO_DADOS!E37,BANCO_DADOS!F37))),2) -> 20
B38: VALOR DA DEPRECIAÇÃO | C38: =ROUND(IF($C$10="MINIVAN",BANCO_DADOS!C38,IF($C$10="VAN",BANCO_DADOS!D38,IF($C$10="MICROONIBUS",BANCO_DADOS!E38,BANCO_DADOS!F38))),2) -> 7564.8
B39: MESES ANO | C39: =ROUND(IF($C$10="MINIVAN",BANCO_DADOS!C39,IF($C$10="VAN",BANCO_DADOS!D39,IF($C$10="MICROONIBUS",BANCO_DADOS!E39,BANCO_DADOS!F39))),2) -> 10
B40: VALOR A DEPRECIAR MÊS | C40: =ROUND(IF($C$10="MINIVAN",BANCO_DADOS!C40,IF($C$10="VAN",BANCO_DADOS!D40,IF($C$10="MICROONIBUS",BANCO_DADOS!E40,BANCO_DADOS!F40))),2) -> 756.48
B41: KM MEDIA PERCORRIDA NO MÊS | C41: =C9*C11 -> 1200
B42: CUSTO DA DEPRECIAÇÃO POR KM | C42: =C40/C41 -> 0.6304
B44: CUSTO COM FUNCIONÁRIO
B45: MOTORISTA - 220 H | C45: =ROUND(IF($C$10="MINIVAN",BANCO_DADOS!C45,IF($C$10="VAN",BANCO_DADOS!D45,IF($C$10="MICROONIBUS",BANCO_DADOS!E45,BANCO_DADOS!F45))),2) -> 6676.24
B46: VALOR DA HORA TRABALHADA | C46: =ROUND(IF($C$10="MINIVAN",BANCO_DADOS!C46,IF($C$10="VAN",BANCO_DADOS!D46,IF($C$10="MICROONIBUS",BANCO_DADOS!E46,BANCO_DADOS!F46))),2) -> 30.35
B47: VALOR DIA - 06 HORAS | C47: =ROUND(IF($C$10="MINIVAN",BANCO_DADOS!C47,IF($C$10="VAN",BANCO_DADOS!D47,IF($C$10="MICROONIBUS",BANCO_DADOS!E47,BANCO_DADOS!F47))),2) -> 182.08
B48: CUSTO FUNCIONÁRIO POR KM RODADO | C48: =C47/C9 -> 3.0346667
B50: CUSTOS DO VEÍCULO
B51: VALOR DO VEÍCULO | C51: =ROUND(IF($C$10="MINIVAN",BANCO_DADOS!C51,IF($C$10="VAN",BANCO_DADOS!D51,IF($C$10="MICROONIBUS",BANCO_DADOS!E51,BANCO_DADOS!F51))),2) -> 37824
B52: IPVA - 2% sobre o valor do veículo | C52: =ROUND(IF($C$10="MINIVAN",BANCO_DADOS!C52,IF($C$10="VAN",BANCO_DADOS!D52,IF($C$10="MICROONIBUS",BANCO_DADOS!E52,BANCO_DADOS!F52))),2) -> 756.48
B53: Valor do CRLV-e | C53: =ROUND(IF($C$10="MINIVAN",BANCO_DADOS!C53,IF($C$10="VAN",BANCO_DADOS!D53,IF($C$10="MICROONIBUS",BANCO_DADOS!E53,BANCO_DADOS!F53))),2) -> 90
B54: seguro resp. civil e casco | C54: =ROUND(IF($C$10="MINIVAN",BANCO_DADOS!C54,IF($C$10="VAN",BANCO_DADOS!D54,IF($C$10="MICROONIBUS",BANCO_DADOS!E54,BANCO_DADOS!F54))),2) -> 2275
B55: laudos DETRAN/IN METRO | C55: =ROUND(IF($C$10="MINIVAN",BANCO_DADOS!C55,IF($C$10="VAN",BANCO_DADOS!D55,IF($C$10="MICROONIBUS",BANCO_DADOS!E55,BANCO_DADOS!F55))),2) -> 120
B56: DPVAT | C56: 0
B57: CUSTO DO VEÍCULO POR KM | C57: =ROUND(IF($C$10="MINIVAN",BANCO_DADOS!C57,IF($C$10="VAN",BANCO_DADOS!D57,IF($C$10="MICROONIBUS",BANCO_DADOS!E57,BANCO_DADOS!F57))),2) -> 1.62
B59: TOTAL DO MÓDULO 2 | C59: =C57+C48+C42 -> 5.2850667
B61: SOMA DOS MÓDULOS 1+2 | C61: =C59+C32 -> 7.2650667
B63: MÓDULO 3 - CUSTOS INDIRETOS, TRIBUTOS E LUCRO
B64: Despesas Indiretas | C64: =C61*5% -> 0.36325333
B65: Lucro | C65: =C61*7.2% -> 0.5230848
B66: Tributos (COFINS - 3% e PIS - 0,65) | C66: =C61*3.56% -> 0.25863637
B67: ISS | C67: =C61*5% -> 0.36325333
B68: Tributos (Contribuição Previdenciária - 0% ou 4,5%, conforme Lei 12.844/2013 - Desoneração) | C68: =ROUND(IF($C$10="MINIVAN",BANCO_DADOS!C73,IF($C$10="VAN",BANCO_DADOS!D73,IF($C$10="MICROONIBUS",BANCO_DADOS!E73,BANCO_DADOS!F73))),2) -> 0
B69: TOTAL DO MÓDULO 3 | C69: =SUM(C64:C68) -> 1.5082278
B71: VALOR DO KM | C71: =C69+C61 -> 8.7732945
B72: VALOR DO KM (NÃO PAVIMENTADO) | C72: =IF(C8="NÃO",1.35,1)*C71 -> 11.843948

Sheet ROTA 8
B1: LOTE 08:
B3: MESES DO ANO | C3: =BANCO_DADOS!C3 -> 10
B4: DIAS LETIVOS | C4: 20
B5: VALOR GASOLINA | C5: =BANCO_DADOS!C5 -> 7.28 | E5: =C72 -> 15.650146
B6: VALOR DIESEL S10 | C6: =BANCO_DADOS!C6 -> 7.52
B7: DESCRIÇÃO DO VEÍCULO
B8: PAVIMENTO | C8: NÃO
B9: KM DIÁRIOS | C9: 56
B10: TIPO DO VEÍCULO: | C10: VAN
B11: MÉDIA DIAS LETIVOS MÊS | C11: 20
B13: MÓDULO 1 - CUSTOS VARIÁVEIS
B14: COMBUSTIVEL | C14: =IF($C$10="MINIVAN",BANCO_DADOS!C14,IF($C$10="VAN",BANCO_DADOS!D14,IF($C$10="MICROONIBUS",BANCO_DADOS!E14,BANCO_DADOS!F14))) -> 7.52
B15: MÉDIA CONSUMIDA POR KM/ LITRO | C15: =IF($C$10="MINIVAN",BANCO_DADOS!C15,IF($C$10="VAN",BANCO_DADOS!D15,IF($C$10="MICROONIBUS",BANCO_DADOS!E15,BANCO_DADOS!F15))) -> 4
B16: CUSTO COMBUSTÍVEL POR KM | C16: =C14/C15 -> 1.88
B18: LUBRIFICANTES
B19: CUSTO LUBRIFICANTE POR KM | C19: =ROUND(IF($C$10="MINIVAN",BANCO_DADOS!C19,IF($C$10="VAN",BANCO_DADOS!D19,IF($C$10="MICROONIBUS",BANCO_DADOS!E19,BANCO_DADOS!F19))),2) -> 0.11
B21: RODAGEM
B22: PREÇO DO PNEU | C22: =ROUND(IF($C$10="MINIVAN",BANCO_DADOS!C22,IF($C$10="VAN",BANCO_DADOS!D22,IF($C$10="MICROONIBUS",BANCO_DADOS!E22,BANCO_DADOS!F22))),2) -> 417.64
B23: QUANT PNEUS RODANDO | C23: =ROUND(IF($C$10="MINIVAN",BANCO_DADOS!C23,IF($C$10="VAN",BANCO_DADOS!D23,IF($C$10="MICROONIBUS",BANCO_DADOS!E23,BANCO_DADOS!F23))),2) -> 4
B24: TOTAL NA TROCA | C24: =ROUND(IF($C$10="MINIVAN",BANCO_DADOS!C24,IF($C$10="VAN",BANCO_DADOS!D24,IF($C$10="MICROONIBUS",BANCO_DADOS!E24,BANCO_DADOS!F24))),2) -> 1670.56
B25: VIDA UTIL DO PNEU POR KM | C25: =ROUND(IF($C$10="MINIVAN",BANCO_DADOS!C25,IF($C$10="VAN",BANCO_DADOS!D25,IF($C$10="MICROONIBUS",BANCO_DADOS!E25,BANCO_DADOS!F25))),2) -> 45500
B26: CUSTO DOS PNEUS DE RODAGEM POR KM | C26: =ROUND(IF($C$10="MINIVAN",BANCO_DADOS!C26,IF($C$10="VAN",BANCO_DADOS!D26,IF($C$10="MICROONIBUS",BANCO_DADOS!E26,BANCO_DADOS!F26))),2) -> 0.04
B28: MANUTENÇÃO: PEÇAS E ACESSÓRIOS
B29: COEFICIENTE DE MANUTENÇÃO | C29: =(IF($C$10="MINIVAN",BANCO_DADOS!C29,IF($C$10="VAN",BANCO_DADOS!D29,IF($C$10="MICROONIBUS",BANCO_DADOS!E29,BANCO_DADOS!F29)))) -> 3e-06
B30: CUSTO DE MANUTENÇÃO POR KM | C30: =ROUND(IF($C$10="MINIVAN",BANCO_DADOS!C30,IF($C$10="VAN",BANCO_DADOS!D30,IF($C$10="MICROONIBUS",BANCO_DADOS!E30,BANCO_DADOS!F30))),2) -> 0.25
B32: TOTAL DO MÓDULO 1 | C32: =ROUND(IF($C$10="MINIVAN",BANCO_DADOS!C32,IF($C$10="VAN",BANCO_DADOS!D32,IF($C$10="MICROONIBUS",BANCO_DADOS!E32,BANCO_DADOS!F32))),2) -> 2.27
B34: MÓDULO 2 - CUSTOS FIXOS
B35: DEPRECIAÇÃO
B36: VALOR MÉDIO DE VENDA VEÍCULO | C36: =ROUND(IF($C$10="MINIVAN",BANCO_DADOS!C36,IF($C$10="VAN",BANCO_DADOS!D36,IF($C$10="MICROONIBUS",BANCO_DADOS!E36,BANCO_DADOS!F36))),2) -> 81775
B37: DEPRECIAÇÃO ANUAL % | C37: =ROUND(IF($C$10="MINIVAN",BANCO_DADOS!C37,IF($C$10="VAN",BANCO_DADOS!D37,IF($C$10="MICROONIBUS",BANCO_DADOS!E37,BANCO_DADOS!F37))),2) -> 20
B38: VALOR DA DEPRECIAÇÃO | C38: =ROUND(IF($C$10="MINIVAN",BANCO_DADOS!C38,IF($C$10="VAN",BANCO_DADOS!D38,IF($C$10="MICROONIBUS",BANCO_DADOS!E38,BANCO_DADOS!F38))),2) -> 16355
B39: MESES ANO | C39: =ROUND(IF($C$10="MINIVAN",BANCO_DADOS!C39,IF($C$10="VAN",BANCO_DADOS!D39,IF($C$10="MICROONIBUS",BANCO_DADOS!E39,BANCO_DADOS!F39))),2) -> 10
B40: VALOR A DEPRECIAR MÊS | C40: =ROUND(IF($C$10="MINIVAN",BANCO_DADOS!C40,IF($C$10="VAN",BANCO_DADOS!D40,IF($C$10="MICROONIBUS",BANCO_DADOS!E40,BANCO_DADOS!F40))),2) -> 1635.5
B41: KM MEDIA PERCORRIDA NO MÊS | C41: =C9*C11 -> 1120
B42: CUSTO DA DEPRECIAÇÃO POR KM | C42: =C40/C41 -> 1.4602679
B44: CUSTO COM FUNCIONÁRIO
B45: MOTORISTA - 220 H | C45: =ROUND(IF($C$10="MINIVAN",BANCO_DADOS!C45,IF($C$10="VAN",BANCO_DADOS!D45,IF($C$10="MICROONIBUS",BANCO_DADOS!E45,BANCO_DADOS!F45))),2) -> 6676.24
B46: VALOR DA HORA TRABALHADA | C46: =ROUND(IF($C$10="MINIVAN",BANCO_DADOS!C46,IF($C$10="VAN",BANCO_DADOS!D46,IF($C$10="MICROONIBUS",BANCO_DADOS!E46,BANCO_DADOS!F46))),2) -> 30.35
B47: VALOR DIA - 06 HORAS | C47: =ROUND(IF($C$10="MINIVAN",BANCO_DADOS!C47,IF($C$10="VAN",BANCO_DADOS!D47,IF($C$10="MICROONIBUS",BANCO_DADOS!E47,BANCO_DADOS!F47))),2) -> 182.08
B48: CUSTO FUNCIONÁRIO POR KM RODADO | C48: =C47/C9 -> 3.2514286
B50: CUSTOS DO VEÍCULO
B51: VALOR DO VEÍCULO | C51: =ROUND(IF($C$10="MINIVAN",BANCO_DADOS!C51,IF($C$10="VAN",BANCO_DADOS!D51,IF($C$10="MICROONIBUS",BANCO_DADOS!E51,BANCO_DADOS!F51))),2) -> 81775
B52: IPVA - 2% sobre o valor do veículo | C52: =ROUND(IF($C$10="MINIVAN",BANCO_DADOS!C52,IF($C$10="VAN",BANCO_DADOS!D52,IF($C$10="MICROONIBUS",BANCO_DADOS!E52,BANCO_DADOS!F52))),2) -> 1635.5
B53: Valor do CRLV-e | C53: =ROUND(IF($C$10="MINIVAN",BANCO_DADOS!C53,IF($C$10="VAN",BANCO_DADOS!D53,IF($C$10="MICROONIBUS",BANCO_DADOS!E53,BANCO_DADOS!F53))),2) -> 90
B54: seguro resp. civil e casco | C54: =ROUND(IF($C$10="MINIVAN",BANCO_DADOS!C54,IF($C$10="VAN",BANCO_DADOS!D54,IF($C$10="MICROONIBUS",BANCO_DADOS!E54,BANCO_DADOS!F54))),2) -> 1732.03
B55: laudos DETRAN/IN METRO | C55: =ROUND(IF($C$10="MINIVAN",BANCO_DADOS!C55,IF($C$10="VAN",BANCO_DADOS!D55,IF($C$10="MICROONIBUS",BANCO_DADOS!E55,BANCO_DADOS!F55))),2) -> 120
B56: DPVAT | C56: 0
B57: CUSTO DO VEÍCULO POR KM | C57: =ROUND(IF($C$10="MINIVAN",BANCO_DADOS!C57,IF($C$10="VAN",BANCO_DADOS!D57,IF($C$10="MICROONIBUS",BANCO_DADOS!E57,BANCO_DADOS!F57))),2) -> 1.79
B59: TOTAL DO MÓDULO 2 | C59: =C57+C48+C42 -> 6.5016964
B61: SOMA DOS MÓDULOS 1+2 | C61: =C59+C32 -> 8.7716964
B63: MÓDULO 3 - CUSTOS INDIRETOS, TRIBUTOS E LUCRO
B64: Despesas Indiretas | C64: =C61*5% -> 0.43858482
B65: Lucro | C65: =C61*7.2% -> 0.63156214
B66: Tributos (COFINS - 3% e PIS - 0,65) | C66: =C61*3.56% -> 0.31227239
B67: ISS | C67: =C61*5% -> 0.43858482
B68: Tributos (Contribuição Previdenciária - 0% ou 4,5%, conforme Lei 12.844/2013 - Desoneração) | C68: =ROUND(IF($C$10="MINIVAN",BANCO_DADOS!C73,IF($C$10="VAN",BANCO_DADOS!D73,IF($C$10="MICROONIBUS",BANCO_DADOS!E73,BANCO_DADOS!F73))),2) -> 1
B69: TOTAL DO MÓDULO 3 | C69: =SUM(C64:C68) -> 2.8210042
B71: VALOR DO KM | C71: =C69+C61 -> 11.592701
B72: VALOR DO KM (NÃO PAVIMENTADO) | C72: =IF(C8="NÃO",1.35,1)*C71 -> 15.650146

Sheet ROTA 9
B1: LOTE 09:
B3: MESES DO ANO | C3: =BANCO_DADOS!C3 -> 10
B4: DIAS LETIVOS | C4: 20
B5: VALOR GASOLINA | C5: =BANCO_DADOS!C5 -> 7.28 | E5: =C72 -> 18.210576
B6: VALOR DIESEL S10 | C6: =BANCO_DADOS!C6 -> 7.52
B7: DESCRIÇÃO DO VEÍCULO
B8: PAVIMENTO | C8: NÃO
B9: KM DIÁRIOS | C9: 42
B10: TIPO DO VEÍCULO: | C10: VAN
B11: MÉDIA DIAS LETIVOS MÊS | C11: 20
B13: MÓDULO 1 - CUSTOS VARIÁVEIS
B14: COMBUSTIVEL | C14: =IF($C$10="MINIVAN",BANCO_DADOS!C14,IF($C$10="VAN",BANCO_DADOS!D14,IF($C$10="MICROONIBUS",BANCO_DADOS!E14,BANCO_DADOS!F14))) -> 7.52
B15: MÉDIA CONSUMIDA POR KM/ LITRO | C15: =IF($C$10="MINIVAN",BANCO_DADOS!C15,IF($C$10="VAN",BANCO_DADOS!D15,IF($C$10="MICROONIBUS",BANCO_DADOS!E15,BANCO_DADOS!F15))) -> 4
B16: CUSTO COMBUSTÍVEL POR KM | C16: =C14/C15 -> 1.88
B18: LUBRIFICANTES
B19: CUSTO LUBRIFICANTE POR KM | C19: =ROUND(IF($C$10="MINIVAN",BANCO_DADOS!C19,IF($C$10="VAN",BANCO_DADOS!D19,IF($C$10="MICROONIBUS",BANCO_DADOS!E19,BANCO_DADOS!F19))),2) -> 0.11
B21: RODAGEM
B22: PREÇO DO PNEU | C22: =ROUND(IF($C$10="MINIVAN",BANCO_DADOS!C22,IF($C$10="VAN",BANCO_DADOS!D22,IF($C$10="MICROONIBUS",BANCO_DADOS!E22,BANCO_DADOS!F22))),2) -> 417.64
B23: QUANT PNEUS RODANDO | C23: =ROUND(IF($C$10="MINIVAN",BANCO_DADOS!C23,IF($C$10="VAN",BANCO_DADOS!D23,IF($C$10="MICROONIBUS",BANCO_DADOS!E23,BANCO_DADOS!F23))),2) -> 4
B24: TOTAL NA TROCA | C24: =ROUND(IF($C$10="MINIVAN",BANCO_DADOS!C24,IF($C$10="VAN",BANCO_DADOS!D24,IF($C$10="MICROONIBUS",BANCO_DADOS!E24,BANCO_DADOS!F24))),2) -> 1670.56
B25: VIDA UTIL DO PNEU POR KM | C25: =ROUND(IF($C$10="MINIVAN",BANCO_DADOS!C25,IF($C$10="VAN",BANCO_DADOS!D25,IF($C$10="MICROONIBUS",BANCO_DADOS!E25,BANCO_DADOS!F25))),2) -> 45500
B26: CUSTO DOS PNEUS DE RODAGEM POR KM | C26: =ROUND(IF($C$10="MINIVAN",BANCO_DADOS!C26,IF($C$10="VAN",BANCO_DADOS!D26,IF($C$10="MICROONIBUS",BANCO_DADOS!E26,BANCO_DADOS!F26))),2) -> 0.04
B28: MANUTENÇÃO: PEÇAS E ACESSÓRIOS
B29: COEFICIENTE DE MANUTENÇÃO | C29: =(IF($C$10="MINIVAN",BANCO_DADOS!C29,IF($C$10="VAN",BANCO_DADOS!D29,IF($C$10="MICROONIBUS",BANCO_DADOS!E29,BANCO_DADOS!F29)))) -> 3e-06
B30: CUSTO DE MANUTENÇÃO POR KM | C30: =ROUND(IF($C$10="MINIVAN",BANCO_DADOS!C30,IF($C$10="VAN",BANCO_DADOS!D30,IF($C$10="MICROONIBUS",BANCO_DADOS!E30,BANCO_DADOS!F30))),2) -> 0.25
B32: TOTAL DO MÓDULO 1 | C32: =ROUND(IF($C$10="MINIVAN",BANCO_DADOS!C32,IF($C$10="VAN",BANCO_DADOS!D32,IF($C$10="MICROONIBUS",BANCO_DADOS!E32,BANCO_DADOS!F32))),2) -> 2.27
B34: MÓDULO 2 - CUSTOS FIXOS
B35: DEPRECIAÇÃO
B36: VALOR MÉDIO DE VENDA VEÍCULO | C36: =ROUND(IF($C$10="MINIVAN",BANCO_DADOS!C36,IF($C$10="VAN",BANCO_DADOS!D36,IF($C$10="MICROONIBUS",BANCO_DADOS!E36,BANCO_DADOS!F36))),2) -> 81775
B37: DEPRECIAÇÃO ANUAL % | C37: =ROUND(IF($C$10="MINIVAN",BANCO_DADOS!C37,IF($C$10="VAN",BANCO_DADOS!D37,IF($C$10="MICROONIBUS",BANCO_DADOS!E37,BANCO_DADOS!F37))),2) -> 20
B38: VALOR DA DEPRECIAÇÃO | C38: =ROUND(IF($C$10="MINIVAN",BANCO_DADOS!C38,IF($C$10="VAN",BANCO_DADOS!D38,IF($C$10="MICROONIBUS",BANCO_DADOS!E38,BANCO_DADOS!F38))),2) -> 16355
B39: MESES ANO | C39: =ROUND(IF($C$10="MINIVAN",BANCO_DADOS!C39,IF($C$10="VAN",BANCO_DADOS!D39,IF($C$10="MICROONIBUS",BANCO_DADOS!E39,BANCO_DADOS!F39))),2) -> 10
B40: VALOR A DEPRECIAR MÊS | C40: =ROUND(IF($C$10="MINIVAN",BANCO_DADOS!C40,IF($C$10="VAN",BANCO_DADOS!D40,IF($C$10="MICROONIBUS",BANCO_DADOS!E40,BANCO_DADOS!F40))),2) -> 1635.5
B41: KM MEDIA PERCORRIDA NO MÊS | C41: =C9*C11 -> 840
B42: CUSTO DA DEPRECIAÇÃO POR KM | C42: =C40/C41 -> 1.9470238
B44: CUSTO COM FUNCIONÁRIO
B45: MOTORISTA - 220 H | C45: =ROUND(IF($C$10="MINIVAN",BANCO_DADOS!C45,IF($C$10="VAN",BANCO_DADOS!D45,IF($C$10="MICROONIBUS",BANCO_DADOS!E45,BANCO_DADOS!F45))),2) -> 6676.24
B46: VALOR DA HORA TRABALHADA | C46: =ROUND(IF($C$10="MINIVAN",BANCO_DADOS!C46,IF($C$10="VAN",BANCO_DADOS!D46,IF($C$10="MICROONIBUS",BANCO_DADOS!E46,BANCO_DADOS!F46))),2) -> 30.35
B47: VALOR DIA - 06 HORAS | C47: =ROUND(IF($C$10="MINIVAN",BANCO_DADOS!C47,IF($C$10="VAN",BANCO_DADOS!D47,IF($C$10="MICROONIBUS",BANCO_DADOS!E47,BANCO_DADOS!F47))),2) -> 182.08
B48: CUSTO FUNCIONÁRIO POR KM RODADO | C48: =C47/C9 -> 4.3352381
B50: CUSTOS DO VEÍCULO
B51: VALOR DO VEÍCULO | C51: =ROUND(IF($C$10="MINIVAN",BANCO_DADOS!C51,IF($C$10="VAN",BANCO_DADOS!D51,IF($C$10="MICROONIBUS",BANCO_DADOS!E51,BANCO_DADOS!F51))),2) -> 81775
B52: IPVA - 2% sobre o valor do veículo | C52: =ROUND(IF($C$10="MINIVAN",BANCO_DADOS!C52,IF($C$10="VAN",BANCO_DADOS!D52,IF($C$10="MICROONIBUS",BANCO_DADOS!E52,BANCO_DADOS!F52))),2) -> 1635.5
B53: Valor do CRLV-e | C53: =ROUND(IF($C$10="MINIVAN",BANCO_DADOS!C53,IF($C$10="VAN",BANCO_DADOS!D53,IF($C$10="MICROONIBUS",BANCO_DADOS!E53,BANCO_DADOS!F53))),2) -> 90
B54: seguro resp. civil e casco | C54: =ROUND(IF($C$10="MINIVAN",BANCO_DADOS!C54,IF($C$10="VAN",BANCO_DADOS!D54,IF($C$10="MICROONIBUS",BANCO_DADOS!E54,BANCO_DADOS!F54))),2) -> 1732.03
B55: laudos DETRAN/IN METRO | C55: =ROUND(IF($C$10="MINIVAN",BANCO_DADOS!C55,IF($C$10="VAN",BANCO_DADOS!D55,IF($C$10="MICROONIBUS",BANCO_DADOS!E55,BANCO_DADOS!F55))),2) -> 120
B56: DPVAT | C56: 0
B57: CUSTO DO VEÍCULO POR KM | C57: =ROUND(IF($C$10="MINIVAN",BANCO_DADOS!C57,IF($C$10="VAN",BANCO_DADOS!D57,IF($C$10="MICROONIBUS",BANCO_DADOS!E57,BANCO_DADOS!F57))),2) -> 1.79
B59: TOTAL DO MÓDULO 2 | C59: =C57+C48+C42 -> 8.0722619
B61: SOMA DOS MÓDULOS 1+2 | C61: =C59+C32 -> 10.342262
B63: MÓDULO 3 - CUSTOS INDIRETOS, TRIBUTOS E LUCRO
B64: Despesas Indiretas | C64: =C61*5% -> 0.5171131
B65: Lucro | C65: =C61*7.2% -> 0.74464286
B66: Tributos (COFINS - 3% e PIS - 0,65) | C66: =C61*3.56% -> 0.36818452
B67: ISS | C67: =C61*5% -> 0.5171131
B68: Tributos (Contribuição Previdenciária - 0% ou 4,5%, conforme Lei 12.844/2013 - Desoneração) | C68: =ROUND(IF($C$10="MINIVAN",BANCO_DADOS!C73,IF($C$10="VAN",BANCO_DADOS!D73,IF($C$10="MICROONIBUS",BANCO_DADOS!E73,BANCO_DADOS!F73))),2) -> 1
B69: TOTAL DO MÓDULO 3 | C69: =SUM(C64:C68) -> 3.1470536
B71: VALOR DO KM | C71: =C69+C61 -> 13.489315
B72: VALOR DO KM (NÃO PAVIMENTADO) | C72: =IF(C8="NÃO",1.35,1)*C71 -> 18.210576

Sheet ROTA 10
B1: LOTE 10:
B3: MESES DO ANO | C3: =BANCO_DADOS!C3 -> 10
B4: DIAS LETIVOS | C4: 20
B5: VALOR GASOLINA | C5: =BANCO_DADOS!C5 -> 7.28 | E5: =C72 -> 10.798805
B6: VALOR DIESEL S10 | C6: =BANCO_DADOS!C6 -> 7.52
B7: DESCRIÇÃO DO VEÍCULO
B8: PAVIMENTO | C8: NÃO
B9: KM DIÁRIOS | C9: 152
B10: TIPO DO VEÍCULO: | C10: VAN
B11: MÉDIA DIAS LETIVOS MÊS | C11: 20
B13: MÓDULO 1 - CUSTOS VARIÁVEIS
B14: COMBUSTIVEL | C14: =IF($C$10="MINIVAN",BANCO_DADOS!C14,IF($C$10="VAN",BANCO_DADOS!D14,IF($C$10="MICROONIBUS",BANCO_DADOS!E14,BANCO_DADOS!F14))) -> 7.52
B15: MÉDIA CONSUMIDA POR KM/ LITRO | C15: =IF($C$10="MINIVAN",BANCO_DADOS!C15,IF($C$10="VAN",BANCO_DADOS!D15,IF($C$10="MICROONIBUS",BANCO_DADOS!E15,BANCO_DADOS!F15))) -> 4
B16: CUSTO COMBUSTÍVEL POR KM | C16: =C14/C15 -> 1.88
B18: LUBRIFICANTES
B19: CUSTO LUBRIFICANTE POR KM | C19: =ROUND(IF($C$10="MINIVAN",BANCO_DADOS!C19,IF($C$10="VAN",BANCO_DADOS!D19,IF($C$10="MICROONIBUS",BANCO_DADOS!E19,BANCO_DADOS!F19))),2) -> 0.11
B21: RODAGEM
B22: PREÇO DO PNEU | C22: =ROUND(IF($C$10="MINIVAN",BANCO_DADOS!C22,IF($C$10="VAN",BANCO_DADOS!D22,IF($C$10="MICROONIBUS",BANCO_DADOS!E22,BANCO_DADOS!F22))),2) -> 417.64
B23: QUANT PNEUS RODANDO | C23: =ROUND(IF($C$10="MINIVAN",BANCO_DADOS!C23,IF($C$10="VAN",BANCO_DADOS!D23,IF($C$10="MICROONIBUS",BANCO_DADOS!E23,BANCO_DADOS!F23))),2) -> 4
B24: TOTAL NA TROCA | C24: =ROUND(IF($C$10="MINIVAN",BANCO_DADOS!C24,IF($C$10="VAN",BANCO_DADOS!D24,IF($C$10="MICROONIBUS",BANCO_DADOS!E24,BANCO_DADOS!F24))),2) -> 1670.56
B25: VIDA UTIL DO PNEU POR KM | C25: =ROUND(IF($C$10="MINIVAN",BANCO_DADOS!C25,IF($C$10="VAN",BANCO_DADOS!D25,IF($C$10="MICROONIBUS",BANCO_DADOS!E25,BANCO_DADOS!F25))),2) -> 45500
B26: CUSTO DOS PNEUS DE RODAGEM POR KM | C26: =ROUND(IF($C$10="MINIVAN",BANCO_DADOS!C26,IF($C$10="VAN",BANCO_DADOS!D26,IF($C$10="MICROONIBUS",BANCO_DADOS!E26,BANCO_DADOS!F26))),2) -> 0.04
B28: MANUTENÇÃO: PEÇAS E ACESSÓRIOS
B29: COEFICIENTE DE MANUTENÇÃO | C29: =(IF($C$10="MINIVAN",BANCO_DADOS!C29,IF($C$10="VAN",BANCO_DADOS!D29,IF($C$10="MICROONIBUS",BANCO_DADOS!E29,BANCO_DADOS!F29)))) -> 3e-06
B30: CUSTO DE MANUTENÇÃO POR KM | C30: =ROUND(IF($C$10="MINIVAN",BANCO_DADOS!C30,IF($C$10="VAN",BANCO_DADOS!D30,IF($C$10="MICROONIBUS",BANCO_DADOS!E30,BANCO_DADOS!F30))),2) -> 0.25
B32: TOTAL DO MÓDULO 1 | C32: =ROUND(IF($C$10="MINIVAN",BANCO_DADOS!C32,IF($C$10="VAN",BANCO_DADOS!D32,IF($C$10="MICROONIBUS",BANCO_DADOS!E32,BANCO_DADOS!F32))),2) -> 2.27
B34: MÓDULO 2 - CUSTOS FIXOS
B35: DEPRECIAÇÃO
B36: VALOR MÉDIO DE VENDA VEÍCULO | C36: =ROUND(IF($C$10="MINIVAN",BANCO_DADOS!C36,IF($C$10="VAN",BANCO_DADOS!D36,IF($C$10="MICROONIBUS",BANCO_DADOS!E36,BANCO_DADOS!F36))),2) -> 81775
B37: DEPRECIAÇÃO ANUAL % | C37: =ROUND(IF($C$10="MINIVAN",BANCO_DADOS!C37,IF($C$10="VAN",BANCO_DADOS!D37,IF($C$10="MICROONIBUS",BANCO_DADOS!E37,BANCO_DADOS!F37))),2) -> 20
B38: VALOR DA DEPRECIAÇÃO | C38: =ROUND(IF($C$10="MINIVAN",BANCO_DADOS!C38,IF($C$10="VAN",BANCO_DADOS!D38,IF($C$10="MICROONIBUS",BANCO_DADOS!E38,BANCO_DADOS!F38))),2) -> 16355
B39: MESES ANO | C39: =ROUND(IF($C$10="MINIVAN",BANCO_DADOS!C39,IF($C$10="VAN",BANCO_DADOS!D39,IF($C$10="MICROONIBUS",BANCO_DADOS!E39,BANCO_DADOS!F39))),2) -> 10
B40: VALOR A DEPRECIAR MÊS | C40: =ROUND(IF($C$10="MINIVAN",BANCO_DADOS!C40,IF($C$10="VAN",BANCO_DADOS!D40,IF($C$10="MICROONIBUS",BANCO_DADOS!E40,BANCO_DADOS!F40))),2) -> 1635.5
B41: KM MEDIA PERCORRIDA NO MÊS | C41: =C9*C11 -> 3040
B42: CUSTO DA DEPRECIAÇÃO POR KM | C42: =C40/C41 -> 0.53799342
B44: CUSTO COM FUNCIONÁRIO
B45: MOTORISTA - 220 H | C45: =ROUND(IF($C$10="MINIVAN",BANCO_DADOS!C45,IF($C$10="VAN",BANCO_DADOS!D45,IF($C$10="MICROONIBUS",BANCO_DADOS!E45,BANCO_DADOS!F45))),2) -> 6676.24
B46: VALOR DA HORA TRABALHADA | C46: =ROUND(IF($C$10="MINIVAN",BANCO_DADOS!C46,IF($C$10="VAN",BANCO_DADOS!D46,IF($C$10="MICROONIBUS",BANCO_DADOS!E46,BANCO_DADOS!F46))),2) -> 30.35
B47: VALOR DIA - 06 HORAS | C47: =ROUND(IF($C$10="MINIVAN",BANCO_DADOS!C47,IF($C$10="VAN",BANCO_DADOS!D47,IF($C$10="MICROONIBUS",BANCO_DADOS!E47,BANCO_DADOS!F47))),2) -> 182.08
B48: CUSTO FUNCIONÁRIO POR KM RODADO | C48: =C47/C9 -> 1.1978947
B50: CUSTOS DO VEÍCULO
B51: VALOR DO VEÍCULO | C51: =ROUND(IF($C$10="MINIVAN",BANCO_DADOS!C51,IF($C$10="VAN",BANCO_DADOS!D51,IF($C$10="MICROONIBUS",BANCO_DADOS!E51,BANCO_DADOS!F51))),2) -> 81775
B52: IPVA - 2% sobre o valor do veículo | C52: =ROUND(IF($C$10="MINIVAN",BANCO_DADOS!C52,IF($C$10="VAN",BANCO_DADOS!D52,IF($C$10="MICROONIBUS",BANCO_DADOS!E52,BANCO_DADOS!F52))),2) -> 1635.5
B53: Valor do CRLV-e | C53: =ROUND(IF($C$10="MINIVAN",BANCO_DADOS!C53,IF($C$10="VAN",BANCO_DADOS!D53,IF($C$10="MICROONIBUS",BANCO_DADOS!E53,BANCO_DADOS!F53))),2) -> 90
B54: seguro resp. civil e casco | C54: =ROUND(IF($C$10="MINIVAN",BANCO_DADOS!C54,IF($C$10="VAN",BANCO_DADOS!D54,IF($C$10="MICROONIBUS",BANCO_DADOS!E54,BANCO_DADOS!F54))),2) -> 1732.03
B55: laudos DETRAN/IN METRO | C55: =ROUND(IF($C$10="MINIVAN",BANCO_DADOS!C55,IF($C$10="VAN",BANCO_DADOS!D55,IF($C$10="MICROONIBUS",BANCO_DADOS!E55,BANCO_DADOS!F55))),2) -> 120
B56: DPVAT | C56: 0
B57: CUSTO DO VEÍCULO POR KM | C57: =ROUND(IF($C$10="MINIVAN",BANCO_DADOS!C57,IF($C$10="VAN",BANCO_DADOS!D57,IF($C$10="MICROONIBUS",BANCO_DADOS!E57,BANCO_DADOS!F57))),2) -> 1.79
B59: TOTAL DO MÓDULO 2 | C59: =C57+C48+C42 -> 3.5258882
B61: SOMA DOS MÓDULOS 1+2 | C61: =C59+C32 -> 5.7958882
B63: MÓDULO 3 - CUSTOS INDIRETOS, TRIBUTOS E LUCRO
B64: Despesas Indiretas | C64: =C61*5% -> 0.28979441
B65: Lucro | C65: =C61*7.2% -> 0.41730395
B66: Tributos (COFINS - 3% e PIS - 0,65) | C66: =C61*3.56% -> 0.20633362
B67: ISS | C67: =C61*5% -> 0.28979441
B68: Tributos (Contribuição Previdenciária - 0% ou 4,5%, conforme Lei 12.844/2013 - Desoneração) | C68: =ROUND(IF($C$10="MINIVAN",BANCO_DADOS!C73,IF($C$10="VAN",BANCO_DADOS!D73,IF($C$10="MICROONIBUS",BANCO_DADOS!E73,BANCO_DADOS!F73))),2) -> 1
B69: TOTAL DO MÓDULO 3 | C69: =SUM(C64:C68) -> 2.2032264
B71: VALOR DO KM | C71: =C69+C61 -> 7.9991145
B72: VALOR DO KM (NÃO PAVIMENTADO) | C72: =IF(C8="NÃO",1.35,1)*C71 -> 10.798805

Sheet ROTA 11
B1: LOTE 11:
B3: MESES DO ANO | C3: =BANCO_DADOS!C3 -> 10
B4: DIAS LETIVOS | C4: 20
B5: VALOR GASOLINA | C5: =BANCO_DADOS!C5 -> 7.28 | E5: =C72 -> 14.404667
B6: VALOR DIESEL S10 | C6: =BANCO_DADOS!C6 -> 7.52
B7: DESCRIÇÃO DO VEÍCULO
B8: PAVIMENTO | C8: NÃO
B9: KM DIÁRIOS | C9: 42
B10: TIPO DO VEÍCULO: | C10: MINIVAN
B11: MÉDIA DIAS LETIVOS MÊS | C11: 20
B13: MÓDULO 1 - CUSTOS VARIÁVEIS
B14: COMBUSTIVEL | C14: =IF($C$10="MINIVAN",BANCO_DADOS!C14,IF($C$10="VAN",BANCO_DADOS!D14,IF($C$10="MICROONIBUS",BANCO_DADOS!E14,BANCO_DADOS!F14))) -> 7.28
B15: MÉDIA CONSUMIDA POR KM/ LITRO | C15: =IF($C$10="MINIVAN",BANCO_DADOS!C15,IF($C$10="VAN",BANCO_DADOS!D15,IF($C$10="MICROONIBUS",BANCO_DADOS!E15,BANCO_DADOS!F15))) -> 4.2
B16: CUSTO COMBUSTÍVEL POR KM | C16: =C14/C15 -> 1.7333333
B18: LUBRIFICANTES
B19: CUSTO LUBRIFICANTE POR KM | C19: =ROUND(IF($C$10="MINIVAN",BANCO_DADOS!C19,IF($C$10="VAN",BANCO_DADOS!D19,IF($C$10="MICROONIBUS",BANCO_DADOS!E19,BANCO_DADOS!F19))),2) -> 0.1
B21: RODAGEM
B22: PREÇO DO PNEU | C22: =ROUND(IF($C$10="MINIVAN",BANCO_DADOS!C22,IF($C$10="VAN",BANCO_DADOS!D22,IF($C$10="MICROONIBUS",BANCO_DADOS!E22,BANCO_DADOS!F22))),2) -> 348.83
B23: QUANT PNEUS RODANDO | C23: =ROUND(IF($C$10="MINIVAN",BANCO_DADOS!C23,IF($C$10="VAN",BANCO_DADOS!D23,IF($C$10="MICROONIBUS",BANCO_DADOS!E23,BANCO_DADOS!F23))),2) -> 4
B24: TOTAL NA TROCA | C24: =ROUND(IF($C$10="MINIVAN",BANCO_DADOS!C24,IF($C$10="VAN",BANCO_DADOS!D24,IF($C$10="MICROONIBUS",BANCO_DADOS!E24,BANCO_DADOS!F24))),2) -> 1395.32
B25: VIDA UTIL DO PNEU POR KM | C25: =ROUND(IF($C$10="MINIVAN",BANCO_DADOS!C25,IF($C$10="VAN",BANCO_DADOS!D25,IF($C$10="MICROONIBUS",BANCO_DADOS!E25,BANCO_DADOS!F25))),2) -> 45500
B26: CUSTO DOS PNEUS DE RODAGEM POR KM | C26: =ROUND(IF($C$10="MINIVAN",BANCO_DADOS!C26,IF($C$10="VAN",BANCO_DADOS!D26,IF($C$10="MICROONIBUS",BANCO_DADOS!E26,BANCO_DADOS!F26))),2) -> 0.03
B28: MANUTENÇÃO: PEÇAS E ACESSÓRIOS
B29: COEFICIENTE DE MANUTENÇÃO | C29: =(IF($C$10="MINIVAN",BANCO_DADOS!C29,IF($C$10="VAN",BANCO_DADOS!D29,IF($C$10="MICROONIBUS",BANCO_DADOS!E29,BANCO_DADOS!F29)))) -> 3e-06
B30: CUSTO DE MANUTENÇÃO POR KM | C30: =ROUND(IF($C$10="MINIVAN",BANCO_DADOS!C30,IF($C$10="VAN",BANCO_DADOS!D30,IF($C$10="MICROONIBUS",BANCO_DADOS!E30,BANCO_DADOS!F30))),2) -> 0.11
B32: TOTAL DO MÓDULO 1 | C32: =ROUND(IF($C$10="MINIVAN",BANCO_DADOS!C32,IF($C$10="VAN",BANCO_DADOS!D32,IF($C$10="MICROONIBUS",BANCO_DADOS!E32,BANCO_DADOS!F32))),2) -> 1.98
B34: MÓDULO 2 - CUSTOS FIXOS
B35: DEPRECIAÇÃO
B36: VALOR MÉDIO DE VENDA VEÍCULO | C36: =ROUND(IF($C$10="MINIVAN",BANCO_DADOS!C36,IF($C$10="VAN",BANCO_DADOS!D36,IF($C$10="MICROONIBUS",BANCO_DADOS!E36,BANCO_DADOS!F36))),2) -> 37824
B37: DEPRECIAÇÃO ANUAL % | C37: =ROUND(IF($C$10="MINIVAN",BANCO_DADOS!C37,IF($C$10="VAN",BANCO_DADOS!D37,IF($C$10="MICROONIBUS",BANCO_DADOS!E37,BANCO_DADOS!F37))),2) -> 20
B38: VALOR DA DEPRECIAÇÃO | C38: =ROUND(IF($C$10="MINIVAN",BANCO_DADOS!C38,IF($C$10="VAN",BANCO_DADOS!D38,IF($C$10="MICROONIBUS",BANCO_DADOS!E38,BANCO_DADOS!F38))),2) -> 7564.8
B39: MESES ANO | C39: =ROUND(IF($C$10="MINIVAN",BANCO_DADOS!C39,IF($C$10="VAN",BANCO_DADOS!D39,IF($C$10="MICROONIBUS",BANCO_DADOS!E39,BANCO_DADOS!F39))),2) -> 10
B40: VALOR A DEPRECIAR MÊS | C40: =ROUND(IF($C$10="MINIVAN",BANCO_DADOS!C40,IF($C$10="VAN",BANCO_DADOS!D40,IF($C$10="MICROONIBUS",BANCO_DADOS!E40,BANCO_DADOS!F40))),2) -> 756.48
B41: KM MEDIA PERCORRIDA NO MÊS | C41: =C9*C11 -> 840
B42: CUSTO DA DEPRECIAÇÃO POR KM | C42: =C40/C41 -> 0.90057143
B44: CUSTO COM FUNCIONÁRIO
B45: MOTORISTA - 220 H | C45: =ROUND(IF($C$10="MINIVAN",BANCO_DADOS!C45,IF($C$10="VAN",BANCO_DADOS!D45,IF($C$10="MICROONIBUS",BANCO_DADOS!E45,BANCO_DADOS!F45))),2) -> 6676.24
B46: VALOR DA HORA TRABALHADA | C46: =ROUND(IF($C$10="MINIVAN",BANCO_DADOS!C46,IF($C$10="VAN",BANCO_DADOS!D46,IF($C$10="MICROONIBUS",BANCO_DADOS!E46,BANCO_DADOS!F46))),2) -> 30.35
B47: VALOR DIA - 06 HORAS | C47: =ROUND(IF($C$10="MINIVAN",BANCO_DADOS!C47,IF($C$10="VAN",BANCO_DADOS!D47,IF($C$10="MICROONIBUS",BANCO_DADOS!E47,BANCO_DADOS!F47))),2) -> 182.08
B48: CUSTO FUNCIONÁRIO POR KM RODADO | C48: =C47/C9 -> 4.3352381
B50: CUSTOS DO VEÍCULO
B51: VALOR DO VEÍCULO | C51: =ROUND(IF($C$10="MINIVAN",BANCO_DADOS!C51,IF($C$10="VAN",BANCO_DADOS!D51,IF($C$10="MICROONIBUS",BANCO_DADOS!E51,BANCO_DADOS!F51))),2) -> 37824
B52: IPVA - 2% sobre o valor do veículo | C52: =ROUND(IF($C$10="MINIVAN",BANCO_DADOS!C52,IF($C$10="VAN",BANCO_DADOS!D52,IF($C$10="MICROONIBUS",BANCO_DADOS!E52,BANCO_DADOS!F52))),2) -> 756.48
B53: Valor do CRLV-e | C53: =ROUND(IF($C$10="MINIVAN",BANCO_DADOS!C53,IF($C$10="VAN",BANCO_DADOS!D53,IF($C$10="MICROONIBUS",BANCO_DADOS!E53,BANCO_DADOS!F53))),2) -> 90
B54: seguro resp. civil e casco | C54: =ROUND(IF($C$10="MINIVAN",BANCO_DADOS!C54,IF($C$10="VAN",BANCO_DADOS!D54,IF($C$10="MICROONIBUS",BANCO_DADOS!E54,BANCO_DADOS!F54))),2) -> 2275
B55: laudos DETRAN/IN METRO | C55: =ROUND(IF($C$10="MINIVAN",BANCO_DADOS!C55,IF($C$10="VAN",BANCO_DADOS!D55,IF($C$10="MICROONIBUS",BANCO_DADOS!E55,BANCO_DADOS!F55))),2) -> 120
B56: DPVAT | C56: 0
B57: CUSTO DO VEÍCULO POR KM | C57: =ROUND(IF($C$10="MINIVAN",BANCO_DADOS!C57,IF($C$10="VAN",BANCO_DADOS!D57,IF($C$10="MICROONIBUS",BANCO_DADOS!E57,BANCO_DADOS!F57))),2) -> 1.62
B59: TOTAL DO MÓDULO 2 | C59: =C57+C48+C42 -> 6.8558095
B61: SOMA DOS MÓDULOS 1+2 | C61: =C59+C32 -> 8.8358095
B63: MÓDULO 3 - CUSTOS INDIRETOS, TRIBUTOS E LUCRO
B64: Despesas Indiretas | C64: =C61*5% -> 0.44179048
B65: Lucro | C65: =C61*7.2% -> 0.63617829
B66: Tributos (COFINS - 3% e PIS - 0,65) | C66: =C61*3.56% -> 0.31455482
B67: ISS | C67: =C61*5% -> 0.44179048
B68: Tributos (Contribuição Previdenciária - 0% ou 4,5%, conforme Lei 12.844/2013 - Desoneração) | C68: =ROUND(IF($C$10="MINIVAN",BANCO_DADOS!C73,IF($C$10="VAN",BANCO_DADOS!D73,IF($C$10="MICROONIBUS",BANCO_DADOS!E73,BANCO_DADOS!F73))),2) -> 0
B69: TOTAL DO MÓDULO 3 | C69: =SUM(C64:C68) -> 1.8343141
B71: VALOR DO KM | C71: =C69+C61 -> 10.670124
B72: VALOR DO KM (NÃO PAVIMENTADO) | C72: =IF(C8="NÃO",1.35,1)*C71 -> 14.404667

Sheet ROTA 12
B1: LOTE 12:
B3: MESES DO ANO | C3: =BANCO_DADOS!C3 -> 10
B4: DIAS LETIVOS | C4: 20
B5: VALOR GASOLINA | C5: =BANCO_DADOS!C5 -> 7.28 | E5: =C72 -> 13.089716
B6: VALOR DIESEL S10 | C6: =BANCO_DADOS!C6 -> 7.52
B7: DESCRIÇÃO DO VEÍCULO
B8: PAVIMENTO | C8: NÃO
B9: KM DIÁRIOS | C9: 84
B10: TIPO DO VEÍCULO: | C10: VAN
B11: MÉDIA DIAS LETIVOS MÊS | C11: 20
B13: MÓDULO 1 - CUSTOS VARIÁVEIS
B14: COMBUSTIVEL | C14: =IF($C$10="MINIVAN",BANCO_DADOS!C14,IF($C$10="VAN",BANCO_DADOS!D14,IF($C$10="MICROONIBUS",BANCO_DADOS!E14,BANCO_DADOS!F14))) -> 7.52
B15: MÉDIA CONSUMIDA POR KM/ LITRO | C15: =IF($C$10="MINIVAN",BANCO_DADOS!C15,IF($C$10="VAN",BANCO_DADOS!D15,IF($C$10="MICROONIBUS",BANCO_DADOS!E15,BANCO_DADOS!F15))) -> 4
B16: CUSTO COMBUSTÍVEL POR KM | C16: =C14/C15 -> 1.88
B18: LUBRIFICANTES
B19: CUSTO LUBRIFICANTE POR KM | C19: =ROUND(IF($C$10="MINIVAN",BANCO_DADOS!C19,IF($C$10="VAN",BANCO_DADOS!D19,IF($C$10="MICROONIBUS",BANCO_DADOS!E19,BANCO_DADOS!F19))),2) -> 0.11
B21: RODAGEM
B22: PREÇO DO PNEU | C22: =ROUND(IF($C$10="MINIVAN",BANCO_DADOS!C22,IF($C$10="VAN",BANCO_DADOS!D22,IF($C$10="MICROONIBUS",BANCO_DADOS!E22,BANCO_DADOS!F22))),2) -> 417.64
B23: QUANT PNEUS RODANDO | C23: =ROUND(IF($C$10="MINIVAN",BANCO_DADOS!C23,IF($C$10="VAN",BANCO_DADOS!D23,IF($C$10="MICROONIBUS",BANCO_DADOS!E23,BANCO_DADOS!F23))),2) -> 4
B24: TOTAL NA TROCA | C24: =ROUND(IF($C$10="MINIVAN",BANCO_DADOS!C24,IF($C$10="VAN",BANCO_DADOS!D24,IF($C$10="MICROONIBUS",BANCO_DADOS!E24,BANCO_DADOS!F24))),2) -> 1670.56
B25: VIDA UTIL DO PNEU POR KM | C25: =ROUND(IF($C$10="MINIVAN",BANCO_DADOS!C25,IF($C$10="VAN",BANCO_DADOS!D25,IF($C$10="MICROONIBUS",BANCO_DADOS!E25,BANCO_DADOS!F25))),2) -> 45500
B26: CUSTO DOS PNEUS DE RODAGEM POR KM | C26: =ROUND(IF($C$10="MINIVAN",BANCO_DADOS!C26,IF($C$10="VAN",BANCO_DADOS!D26,IF($C$10="MICROONIBUS",BANCO_DADOS!E26,BANCO_DADOS!F26))),2) -> 0.04
B28: MANUTENÇÃO: PEÇAS E ACESSÓRIOS
B29: COEFICIENTE DE MANUTENÇÃO | C29: =(IF($C$10="MINIVAN",BANCO_DADOS!C29,IF($C$10="VAN",BANCO_DADOS!D29,IF($C$10="MICROONIBUS",BANCO_DADOS!E29,BANCO_DADOS!F29)))) -> 3e-06
B30: CUSTO DE MANUTENÇÃO POR KM | C30: =ROUND(IF($C$10="MINIVAN",BANCO_DADOS!C30,IF($C$10="VAN",BANCO_DADOS!D30,IF($C$10="MICROONIBUS",BANCO_DADOS!E30,BANCO_DADOS!F30))),2) -> 0.25
B32: TOTAL DO MÓDULO 1 | C32: =ROUND(IF($C$10="MINIVAN",BANCO_DADOS!C32,IF($C$10="VAN",BANCO_DADOS!D32,IF($C$10="MICROONIBUS",BANCO_DADOS!E32,BANCO_DADOS!F32))),2) -> 2.27
B34: MÓDULO 2 - CUSTOS FIXOS
B35: DEPRECIAÇÃO
B36: VALOR MÉDIO DE VENDA VEÍCULO | C36: =ROUND(IF($C$10="MINIVAN",BANCO_DADOS!C36,IF($C$10="VAN",BANCO_DADOS!D36,IF($C$10="MICROONIBUS",BANCO_DADOS!E36,BANCO_DADOS!F36))),2) -> 81775
B37: DEPRECIAÇÃO ANUAL % | C37: =ROUND(IF($C$10="MINIVAN",BANCO_DADOS!C37,IF($C$10="VAN",BANCO_DADOS!D37,IF($C$10="MICROONIBUS",BANCO_DADOS!E37,BANCO_DADOS!F37))),2) -> 20
B38: VALOR DA DEPRECIAÇÃO | C38: =ROUND(IF($C$10="MINIVAN",BANCO_DADOS!C38,IF($C$10="VAN",BANCO_DADOS!D38,IF($C$10="MICROONIBUS",BANCO_DADOS!E38,BANCO_DADOS!F38))),2) -> 16355
B39: MESES ANO | C39: =ROUND(IF($C$10="MINIVAN",BANCO_DADOS!C39,IF($C$10="VAN",BANCO_DADOS!D39,IF($C$10="MICROONIBUS",BANCO_DADOS!E39,BANCO_DADOS!F39))),2) -> 10
B40: VALOR A DEPRECIAR MÊS | C40: =ROUND(IF($C$10="MINIVAN",BANCO_DADOS!C40,IF($C$10="VAN",BANCO_DADOS!D40,IF($C$10="MICROONIBUS",BANCO_DADOS!E40,BANCO_DADOS!F40))),2) -> 1635.5
B41: KM MEDIA PERCORRIDA NO MÊS | C41: =C9*C11 -> 1680
B42: CUSTO DA DEPRECIAÇÃO POR KM | C42: =C40/C41 -> 0.9735119
B44: CUSTO COM FUNCIONÁRIO
B45: MOTORISTA - 220 H | C45: =ROUND(IF($C$10="MINIVAN",BANCO_DADOS!C45,IF($C$10="VAN",BANCO_DADOS!D45,IF($C$10="MICROONIBUS",BANCO_DADOS!E45,BANCO_DADOS!F45))),2) -> 6676.24
B46: VALOR DA HORA TRABALHADA | C46: =ROUND(IF($C$10="MINIVAN",BANCO_DADOS!C46,IF($C$10="VAN",BANCO_DADOS!D46,IF($C$10="MICROONIBUS",BANCO_DADOS!E46,BANCO_DADOS!F46))),2) -> 30.35
B47: VALOR DIA - 06 HORAS | C47: =ROUND(IF($C$10="MINIVAN",BANCO_DADOS!C47,IF($C$10="VAN",BANCO_DADOS!D47,IF($C$10="MICROONIBUS",BANCO_DADOS!E47,BANCO_DADOS!F47))),2) -> 182.08
B48: CUSTO FUNCIONÁRIO POR KM RODADO | C48: =C47/C9 -> 2.167619
B50: CUSTOS DO VEÍCULO
B51: VALOR DO VEÍCULO | C51: =ROUND(IF($C$10="MINIVAN",BANCO_DADOS!C51,IF($C$10="VAN",BANCO_DADOS!D51,IF($C$10="MICROONIBUS",BANCO_DADOS!E51,BANCO_DADOS!F51))),2) -> 81775
B52: IPVA - 2% sobre o valor do veículo | C52: =ROUND(IF($C$10="MINIVAN",BANCO_DADOS!C52,IF($C$10="VAN",BANCO_DADOS!D52,IF($C$10="MICROONIBUS",BANCO_DADOS!E52,BANCO_DADOS!F52))),2) -> 1635.5
B53: Valor do CRLV-e | C53: =ROUND(IF($C$10="MINIVAN",BANCO_DADOS!C53,IF($C$10="VAN",BANCO_DADOS!D53,IF($C$10="MICROONIBUS",BANCO_DADOS!E53,BANCO_DADOS!F53))),2) -> 90
B54: seguro resp. civil e casco | C54: =ROUND(IF($C$10="MINIVAN",BANCO_DADOS!C54,IF($C$10="VAN",BANCO_DADOS!D54,IF($C$10="MICROONIBUS",BANCO_DADOS!E54,BANCO_DADOS!F54))),2) -> 1732.03
B55: laudos DETRAN/IN METRO | C55: =ROUND(IF($C$10="MINIVAN",BANCO_DADOS!C55,IF($C$10="VAN",BANCO_DADOS!D55,IF($C$10="MICROONIBUS",BANCO_DADOS!E55,BANCO_DADOS!F55))),2) -> 120
B56: DPVAT | C56: 0
B57: CUSTO DO VEÍCULO POR KM | C57: =ROUND(IF($C$10="MINIVAN",BANCO_DADOS!C57,IF($C$10="VAN",BANCO_DADOS!D57,IF($C$10="MICROONIBUS",BANCO_DADOS!E57,BANCO_DADOS!F57))),2) -> 1.79
B59: TOTAL DO MÓDULO 2 | C59: =C57+C48+C42 -> 4.931131
B61: SOMA DOS MÓDULOS 1+2 | C61: =C59+C32 -> 7.201131
B63: MÓDULO 3 - CUSTOS INDIRETOS, TRIBUTOS E LUCRO
B64: Despesas Indiretas | C64: =C61*5% -> 0.36005655
B65: Lucro | C65: =C61*7.2% -> 0.51848143
B66: Tributos (COFINS - 3% e PIS - 0,65) | C66: =C61*3.56% -> 0.25636026
B67: ISS | C67: =C61*5% -> 0.36005655
B68: Tributos (Contribuição Previdenciária - 0% ou 4,5%, conforme Lei 12.844/2013 - Desoneração) | C68: =ROUND(IF($C$10="MINIVAN",BANCO_DADOS!C73,IF($C$10="VAN",BANCO_DADOS!D73,IF($C$10="MICROONIBUS",BANCO_DADOS!E73,BANCO_DADOS!F73))),2) -> 1
B69: TOTAL DO MÓDULO 3 | C69: =SUM(C64:C68) -> 2.4949548
B71: VALOR DO KM | C71: =C69+C61 -> 9.6960857
B72: VALOR DO KM (NÃO PAVIMENTADO) | C72: =IF(C8="NÃO",1.35,1)*C71 -> 13.089716

Sheet ROTA 13
B1: LOTE 13:
B3: MESES DO ANO | C3: =BANCO_DADOS!C3 -> 10
B4: DIAS LETIVOS | C4: 20
B5: VALOR GASOLINA | C5: =BANCO_DADOS!C5 -> 7.28 | E5: =C72 -> 8.8564418
B6: VALOR DIESEL S10 | C6: =BANCO_DADOS!C6 -> 7.52
B7: DESCRIÇÃO DO VEÍCULO
B8: PAVIMENTO | C8: NÃO
B9: KM DIÁRIOS | C9: 120
B10: TIPO DO VEÍCULO: | C10: MINIVAN
B11: MÉDIA DIAS LETIVOS MÊS | C11: 20
B13: MÓDULO 1 - CUSTOS VARIÁVEIS
B14: COMBUSTIVEL | C14: =IF($C$10="MINIVAN",BANCO_DADOS!C14,IF($C$10="VAN",BANCO_DADOS!D14,IF($C$10="MICROONIBUS",BANCO_DADOS!E14,BANCO_DADOS!F14))) -> 7.28
B15: MÉDIA CONSUMIDA POR KM/ LITRO | C15: =IF($C$10="MINIVAN",BANCO_DADOS!C15,IF($C$10="VAN",BANCO_DADOS!D15,IF($C$10="MICROONIBUS",BANCO_DADOS!E15,BANCO_DADOS!F15))) -> 4.2
B16: CUSTO COMBUSTÍVEL POR KM | C16: =C14/C15 -> 1.7333333
B18: LUBRIFICANTES
B19: CUSTO LUBRIFICANTE POR KM | C19: =ROUND(IF($C$10="MINIVAN",BANCO_DADOS!C19,IF($C$10="VAN",BANCO_DADOS!D19,IF($C$10="MICROONIBUS",BANCO_DADOS!E19,BANCO_DADOS!F19))),2) -> 0.1
B21: RODAGEM
B22: PREÇO DO PNEU | C22: =ROUND(IF($C$10="MINIVAN",BANCO_DADOS!C22,IF($C$10="VAN",BANCO_DADOS!D22,IF($C$10="MICROONIBUS",BANCO_DADOS!E22,BANCO_DADOS!F22))),2) -> 348.83
B23: QUANT PNEUS RODANDO | C23: =ROUND(IF($C$10="MINIVAN",BANCO_DADOS!C23,IF($C$10="VAN",BANCO_DADOS!D23,IF($C$10="MICROONIBUS",BANCO_DADOS!E23,BANCO_DADOS!F23))),2) -> 4
B24: TOTAL NA TROCA | C24: =ROUND(IF($C$10="MINIVAN",BANCO_DADOS!C24,IF($C$10="VAN",BANCO_DADOS!D24,IF($C$10="MICROONIBUS",BANCO_DADOS!E24,BANCO_DADOS!F24))),2) -> 1395.32
B25: VIDA UTIL DO PNEU POR KM | C25: =ROUND(IF($C$10="MINIVAN",BANCO_DADOS!C25,IF($C$10="VAN",BANCO_DADOS!D25,IF($C$10="MICROONIBUS",BANCO_DADOS!E25,BANCO_DADOS!F25))),2) -> 45500
B26: CUSTO DOS PNEUS DE RODAGEM POR KM | C26: =ROUND(IF($C$10="MINIVAN",BANCO_DADOS!C26,IF($C$10="VAN",BANCO_DADOS!D26,IF($C$10="MICROONIBUS",BANCO_DADOS!E26,BANCO_DADOS!F26))),2) -> 0.03
B28: MANUTENÇÃO: PEÇAS E ACESSÓRIOS
B29: COEFICIENTE DE MANUTENÇÃO | C29: =(IF($C$10="MINIVAN",BANCO_DADOS!C29,IF($C$10="VAN",BANCO_DADOS!D29,IF($C$10="MICROONIBUS",BANCO_DADOS!E29,BANCO_DADOS!F29)))) -> 3e-06
B30: CUSTO DE MANUTENÇÃO POR KM | C30: =ROUND(IF($C$10="MINIVAN",BANCO_DADOS!C30,IF($C$10="VAN",BANCO_DADOS!D30,IF($C$10="MICROONIBUS",BANCO_DADOS!E30,BANCO_DADOS!F30))),2) -> 0.11
B32: TOTAL DO MÓDULO 1 | C32: =ROUND(IF($C$10="MINIVAN",BANCO_DADOS!C32,IF($C$10="VAN",BANCO_DADOS!D32,IF($C$10="MICROONIBUS",BANCO_DADOS!E32,BANCO_DADOS!F32))),2) -> 1.98
B34: MÓDULO 2 - CUSTOS FIXOS
B35: DEPRECIAÇÃO
B36: VALOR MÉDIO DE VENDA VEÍCULO | C36: =ROUND(IF($C$10="MINIVAN",BANCO_DADOS!C36,IF($C$10="VAN",BANCO_DADOS!D36,IF($C$10="MICROONIBUS",BANCO_DADOS!E36,BANCO_DADOS!F36))),2) -> 37824
B37: DEPRECIAÇÃO ANUAL % | C37: =ROUND(IF($C$10="MINIVAN",BANCO_DADOS!C37,IF($C$10="VAN",BANCO_DADOS!D37,IF($C$10="MICROONIBUS",BANCO_DADOS!E37,BANCO_DADOS!F37))),2) -> 20
B38: VALOR DA DEPRECIAÇÃO | C38: =ROUND(IF($C$10="MINIVAN",BANCO_DADOS!C38,IF($C$10="VAN",BANCO_DADOS!D38,IF($C$10="MICROONIBUS",BANCO_DADOS!E38,BANCO_DADOS!F38))),2) -> 7564.8
B39: MESES ANO | C39: =ROUND(IF($C$10="MINIVAN",BANCO_DADOS!C39,IF($C$10="VAN",BANCO_DADOS!D39,IF($C$10="MICROONIBUS",BANCO_DADOS!E39,BANCO_DADOS!F39))),2) -> 10
B40: VALOR A DEPRECIAR MÊS | C40: =ROUND(IF($C$10="MINIVAN",BANCO_DADOS!C40,IF($C$10="VAN",BANCO_DADOS!D40,IF($C$10="MICROONIBUS",BANCO_DADOS!E40,BANCO_DADOS!F40))),2) -> 756.48
B41: KM MEDIA PERCORRIDA NO MÊS | C41: =C9*C11 -> 2400
B42: CUSTO DA DEPRECIAÇÃO POR KM | C42: =C40/C41 -> 0.3152
B44: CUSTO COM FUNCIONÁRIO
B45: MOTORISTA - 220 H | C45: =ROUND(IF($C$10="MINIVAN",BANCO_DADOS!C45,IF($C$10="VAN",BANCO_DADOS!D45,IF($C$10="MICROONIBUS",BANCO_DADOS!E45,BANCO_DADOS!F45))),2) -> 6676.24
B46: VALOR DA HORA TRABALHADA | C46: =ROUND(IF($C$10="MINIVAN",BANCO_DADOS!C46,IF($C$10="VAN",BANCO_DADOS!D46,IF($C$10="MICROONIBUS",BANCO_DADOS!E46,BANCO_DADOS!F46))),2) -> 30.35
B47: VALOR DIA - 06 HORAS | C47: =ROUND(IF($C$10="MINIVAN",BANCO_DADOS!C47,IF($C$10="VAN",BANCO_DADOS!D47,IF($C$10="MICROONIBUS",BANCO_DADOS!E47,BANCO_DADOS!F47))),2) -> 182.08
B48: CUSTO FUNCIONÁRIO POR KM RODADO | C48: =C47/C9 -> 1.5173333
B50: CUSTOS DO VEÍCULO
B51: VALOR DO VEÍCULO | C51: =ROUND(IF($C$10="MINIVAN",BANCO_DADOS!C51,IF($C$10="VAN",BANCO_DADOS!D51,IF($C$10="MICROONIBUS",BANCO_DADOS!E51,BANCO_DADOS!F51))),2) -> 37824
B52: IPVA - 2% sobre o valor do veículo | C52: =ROUND(IF($C$10="MINIVAN",BANCO_DADOS!C52,IF($C$10="VAN",BANCO_DADOS!D52,IF($C$10="MICROONIBUS",BANCO_DADOS!E52,BANCO_DADOS!F52))),2) -> 756.48
B53: Valor do CRLV-e | C53: =ROUND(IF($C$10="MINIVAN",BANCO_DADOS!C53,IF($C$10="VAN",BANCO_DADOS!D53,IF($C$10="MICROONIBUS",BANCO_DADOS!E53,BANCO_DADOS!F53))),2) -> 90
B54: seguro resp. civil e casco | C54: =ROUND(IF($C$10="MINIVAN",BANCO_DADOS!C54,IF($C$10="VAN",BANCO_DADOS!D54,IF($C$10="MICROONIBUS",BANCO_DADOS!E54,BANCO_DADOS!F54))),2) -> 2275
B55: laudos DETRAN/IN METRO | C55: =ROUND(IF($C$10="MINIVAN",BANCO_DADOS!C55,IF($C$10="VAN",BANCO_DADOS!D55,IF($C$10="MICROONIBUS",BANCO_DADOS!E55,BANCO_DADOS!F55))),2) -> 120
B56: DPVAT | C56: 0
B57: CUSTO DO VEÍCULO POR KM | C57: =ROUND(IF($C$10="MINIVAN",BANCO_DADOS!C57,IF($C$10="VAN",BANCO_DADOS!D57,IF($C$10="MICROONIBUS",BANCO_DADOS!E57,BANCO_DADOS!F57))),2) -> 1.62
B59: TOTAL DO MÓDULO 2 | C59: =C57+C48+C42 -> 3.4525333
B61: SOMA DOS MÓDULOS 1+2 | C61: =C59+C32 -> 5.4325333
B63: MÓDULO 3 - CUSTOS INDIRETOS, TRIBUTOS E LUCRO
B64: Despesas Indiretas | C64: =C61*5% -> 0.27162667
B65: Lucro | C65: =C61*7.2% -> 0.3911424
B66: Tributos (COFINS - 3% e PIS - 0,65) | C66: =C61*3.56% -> 0.19339819
B67: ISS | C67: =C61*5% -> 0.27162667
B68: Tributos (Contribuição Previdenciária - 0% ou 4,5%, conforme Lei 12.844/2013 - Desoneração) | C68: =ROUND(IF($C$10="MINIVAN",BANCO_DADOS!C73,IF($C$10="VAN",BANCO_DADOS!D73,IF($C$10="MICROONIBUS",BANCO_DADOS!E73,BANCO_DADOS!F73))),2) -> 0
B69: TOTAL DO MÓDULO 3 | C69: =SUM(C64:C68) -> 1.1277939
B71: VALOR DO KM | C71: =C69+C61 -> 6.5603273
B72: VALOR DO KM (NÃO PAVIMENTADO) | C72: =IF(C8="NÃO",1.35,1)*C71 -> 8.8564418

Sheet ROTA 14
B1: LOTE 14:
B3: MESES DO ANO | C3: =BANCO_DADOS!C3 -> 10
B4: DIAS LETIVOS | C4: 20
B5: VALOR GASOLINA | C5: =BANCO_DADOS!C5 -> 7.28 | E5: =C72 -> 14.831453
B6: VALOR DIESEL S10 | C6: =BANCO_DADOS!C6 -> 7.52
B7: DESCRIÇÃO DO VEÍCULO
B8: PAVIMENTO | C8: NÃO
B9: KM DIÁRIOS | C9: 40
B10: TIPO DO VEÍCULO: | C10: MINIVAN
B11: MÉDIA DIAS LETIVOS MÊS | C11: 20
B13: MÓDULO 1 - CUSTOS VARIÁVEIS
B14: COMBUSTIVEL | C14: =IF($C$10="MINIVAN",BANCO_DADOS!C14,IF($C$10="VAN",BANCO_DADOS!D14,IF($C$10="MICROONIBUS",BANCO_DADOS!E14,BANCO_DADOS!F14))) -> 7.28
B15: MÉDIA CONSUMIDA POR KM/ LITRO | C15: =IF($C$10="MINIVAN",BANCO_DADOS!C15,IF($C$10="VAN",BANCO_DADOS!D15,IF($C$10="MICROONIBUS",BANCO_DADOS!E15,BANCO_DADOS!F15))) -> 4.2
B16: CUSTO COMBUSTÍVEL POR KM | C16: =C14/C15 -> 1.7333333
B18: LUBRIFICANTES
B19: CUSTO LUBRIFICANTE POR KM | C19: =ROUND(IF($C$10="MINIVAN",BANCO_DADOS!C19,IF($C$10="VAN",BANCO_DADOS!D19,IF($C$10="MICROONIBUS",BANCO_DADOS!E19,BANCO_DADOS!F19))),2) -> 0.1
B21: RODAGEM
B22: PREÇO DO PNEU | C22: =ROUND(IF($C$10="MINIVAN",BANCO_DADOS!C22,IF($C$10="VAN",BANCO_DADOS!D22,IF($C$10="MICROONIBUS",BANCO_DADOS!E22,BANCO_DADOS!F22))),2) -> 348.83
B23: QUANT PNEUS RODANDO | C23: =ROUND(IF($C$10="MINIVAN",BANCO_DADOS!C23,IF($C$10="VAN",BANCO_DADOS!D23,IF($C$10="MICROONIBUS",BANCO_DADOS!E23,BANCO_DADOS!F23))),2) -> 4
B24: TOTAL NA TROCA | C24: =ROUND(IF($C$10="MINIVAN",BANCO_DADOS!C24,IF($C$10="VAN",BANCO_DADOS!D24,IF($C$10="MICROONIBUS",BANCO_DADOS!E24,BANCO_DADOS!F24))),2) -> 1395.32
B25: VIDA UTIL DO PNEU POR KM | C25: =ROUND(IF($C$10="MINIVAN",BANCO_DADOS!C25,IF($C$10="VAN",BANCO_DADOS!D25,IF($C$10="MICROONIBUS",BANCO_DADOS!E25,BANCO_DADOS!F25))),2) -> 45500
B26: CUSTO DOS PNEUS DE RODAGEM POR KM | C26: =ROUND(IF($C$10="MINIVAN",BANCO_DADOS!C26,IF($C$10="VAN",BANCO_DADOS!D26,IF($C$10="MICROONIBUS",BANCO_DADOS!E26,BANCO_DADOS!F26))),2) -> 0.03
B28: MANUTENÇÃO: PEÇAS E ACESSÓRIOS
B29: COEFICIENTE DE MANUTENÇÃO | C29: =(IF($C$10="MINIVAN",BANCO_DADOS!C29,IF($C$10="VAN",BANCO_DADOS!D29,IF($C$10="MICROONIBUS",BANCO_DADOS!E29,BANCO_DADOS!F29)))) -> 3e-06
B30: CUSTO DE MANUTENÇÃO POR KM | C30: =ROUND(IF($C$10="MINIVAN",BANCO_DADOS!C30,IF($C$10="VAN",BANCO_DADOS!D30,IF($C$10="MICROONIBUS",BANCO_DADOS!E30,BANCO_DADOS!F30))),2) -> 0.11
B32: TOTAL DO MÓDULO 1 | C32: =ROUND(IF($C$10="MINIVAN",BANCO_DADOS!C32,IF($C$10="VAN",BANCO_DADOS!D32,IF($C$10="MICROONIBUS",BANCO_DADOS!E32,BANCO_DADOS!F32))),2) -> 1.98
B34: MÓDULO 2 - CUSTOS FIXOS
B35: DEPRECIAÇÃO
B36: VALOR MÉDIO DE VENDA VEÍCULO | C36: =ROUND(IF($C$10="MINIVAN",BANCO_DADOS!C36,IF($C$10="VAN",BANCO_DADOS!D36,IF($C$10="MICROONIBUS",BANCO_DADOS!E36,BANCO_DADOS!F36))),2) -> 37824
B37: DEPRECIAÇÃO ANUAL % | C37: =ROUND(IF($C$10="MINIVAN",BANCO_DADOS!C37,IF($C$10="VAN",BANCO_DADOS!D37,IF($C$10="MICROONIBUS",BANCO_DADOS!E37,BANCO_DADOS!F37))),2) -> 20
B38: VALOR DA DEPRECIAÇÃO | C38: =ROUND(IF($C$10="MINIVAN",BANCO_DADOS!C38,IF($C$10="VAN",BANCO_DADOS!D38,IF($C$10="MICROONIBUS",BANCO_DADOS!E38,BANCO_DADOS!F38))),2) -> 7564.8
B39: MESES ANO | C39: =ROUND(IF($C$10="MINIVAN",BANCO_DADOS!C39,IF($C$10="VAN",BANCO_DADOS!D39,IF($C$10="MICROONIBUS",BANCO_DADOS!E39,BANCO_DADOS!F39))),2) -> 10
B40: VALOR A DEPRECIAR MÊS | C40: =ROUND(IF($C$10="MINIVAN",BANCO_DADOS!C40,IF($C$10="VAN",BANCO_DADOS!D40,IF($C$10="MICROONIBUS",BANCO_DADOS!E40,BANCO_DADOS!F40))),2) -> 756.48
B41: KM MEDIA PERCORRIDA NO MÊS | C41: =C9*C11 -> 800
B42: CUSTO DA DEPRECIAÇÃO POR KM | C42: =C40/C41 -> 0.9456
B44: CUSTO COM FUNCIONÁRIO
B45: MOTORISTA - 220 H | C45: =ROUND(IF($C$10="MINIVAN",BANCO_DADOS!C45,IF($C$10="VAN",BANCO_DADOS!D45,IF($C$10="MICROONIBUS",BANCO_DADOS!E45,BANCO_DADOS!F45))),2) -> 6676.24
B46: VALOR DA HORA TRABALHADA | C46: =ROUND(IF($C$10="MINIVAN",BANCO_DADOS!C46,IF($C$10="VAN",BANCO_DADOS!D46,IF($C$10="MICROONIBUS",BANCO_DADOS!E46,BANCO_DADOS!F46))),2) -> 30.35
B47: VALOR DIA - 06 HORAS | C47: =ROUND(IF($C$10="MINIVAN",BANCO_DADOS!C47,IF($C$10="VAN",BANCO_DADOS!D47,IF($C$10="MICROONIBUS",BANCO_DADOS!E47,BANCO_DADOS!F47))),2) -> 182.08
B48: CUSTO FUNCIONÁRIO POR KM RODADO | C48: =C47/C9 -> 4.552
B50: CUSTOS DO VEÍCULO
B51: VALOR DO VEÍCULO | C51: =ROUND(IF($C$10="MINIVAN",BANCO_DADOS!C51,IF($C$10="VAN",BANCO_DADOS!D51,IF($C$10="MICROONIBUS",BANCO_DADOS!E51,BANCO_DADOS!F51))),2) -> 37824
B52: IPVA - 2% sobre o valor do veículo | C52: =ROUND(IF($C$10="MINIVAN",BANCO_DADOS!C52,IF($C$10="VAN",BANCO_DADOS!D52,IF($C$10="MICROONIBUS",BANCO_DADOS!E52,BANCO_DADOS!F52))),2) -> 756.48
B53: Valor do CRLV-e | C53: =ROUND(IF($C$10="MINIVAN",BANCO_DADOS!C53,IF($C$10="VAN",BANCO_DADOS!D53,IF($C$10="MICROONIBUS",BANCO_DADOS!E53,BANCO_DADOS!F53))),2) -> 90
B54: seguro resp. civil e casco | C54: =ROUND(IF($C$10="MINIVAN",BANCO_DADOS!C54,IF($C$10="VAN",BANCO_DADOS!D54,IF($C$10="MICROONIBUS",BANCO_DADOS!E54,BANCO_DADOS!F54))),2) -> 2275
B55: laudos DETRAN/IN METRO | C55: =ROUND(IF($C$10="MINIVAN",BANCO_DADOS!C55,IF($C$10="VAN",BANCO_DADOS!D55,IF($C$10="MICROONIBUS",BANCO_DADOS!E55,BANCO_DADOS!F55))),2) -> 120
B56: DPVAT | C56: 0
B57: CUSTO DO VEÍCULO POR KM | C57: =ROUND(IF($C$10="MINIVAN",BANCO_DADOS!C57,IF($C$10="VAN",BANCO_DADOS!D57,IF($C$10="MICROONIBUS",BANCO_DADOS!E57,BANCO_DADOS!F57))),2) -> 1.62
B59: TOTAL DO MÓDULO 2 | C59: =C57+C48+C42 -> 7.1176
B61: SOMA DOS MÓDULOS 1+2 | C61: =C59+C32 -> 9.0976
B63: MÓDULO 3 - CUSTOS INDIRETOS, TRIBUTOS E LUCRO
B64: Despesas Indiretas | C64: =C61*5% -> 0.45488
B65: Lucro | C65: =C61*7.2% -> 0.6550272
B66: Tributos (COFINS - 3% e PIS - 0,65) | C66: =C61*3.56% -> 0.32387456
B67: ISS | C67: =C61*5% -> 0.45488
B68: Tributos (Contribuição Previdenciária - 0% ou 4,5%, conforme Lei 12.844/2013 - Desoneração) | C68: =ROUND(IF($C$10="MINIVAN",BANCO_DADOS!C73,IF($C$10="VAN",BANCO_DADOS!D73,IF($C$10="MICROONIBUS",BANCO_DADOS!E73,BANCO_DADOS!F73))),2) -> 0
B69: TOTAL DO MÓDULO 3 | C69: =SUM(C64:C68) -> 1.8886618
B71: VALOR DO KM | C71: =C69+C61 -> 10.986262
B72: VALOR DO KM (NÃO PAVIMENTADO) | C72: =IF(C8="NÃO",1.35,1)*C71 -> 14.831453

Sheet ROTA 15
B1: LOTE 15:
C3: =BANCO_DADOS!C3 -> 10
B4: DIAS LETIVOS | C4: 20
B5: VALOR GASOLINA | C5: =BANCO_DADOS!C5 -> 7.28 | E5: =C72 -> 15.385274
B6: VALOR DIESEL S10 | C6: =BANCO_DADOS!C6 -> 7.52
B7: DESCRIÇÃO DO VEÍCULO
B8: PAVIMENTO | C8: NÃO
B9: KM DIÁRIOS | C9: 58
B10: TIPO DO VEÍCULO: | C10: VAN
B11: MÉDIA DIAS LETIVOS MÊS | C11: 20
B13: MÓDULO 1 - CUSTOS VARIÁVEIS
B14: COMBUSTIVEL | C14: =IF($C$10="MINIVAN",BANCO_DADOS!C14,IF($C$10="VAN",BANCO_DADOS!D14,IF($C$10="MICROONIBUS",BANCO_DADOS!E14,BANCO_DADOS!F14))) -> 7.52
B15: MÉDIA CONSUMIDA POR KM/ LITRO | C15: =IF($C$10="MINIVAN",BANCO_DADOS!C15,IF($C$10="VAN",BANCO_DADOS!D15,IF($C$10="MICROONIBUS",BANCO_DADOS!E15,BANCO_DADOS!F15))) -> 4
B16: CUSTO COMBUSTÍVEL POR KM | C16: =C14/C15 -> 1.88
B18: LUBRIFICANTES
B19: CUSTO LUBRIFICANTE POR KM | C19: =ROUND(IF($C$10="MINIVAN",BANCO_DADOS!C19,IF($C$10="VAN",BANCO_DADOS!D19,IF($C$10="MICROONIBUS",BANCO_DADOS!E19,BANCO_DADOS!F19))),2) -> 0.11
B21: RODAGEM
B22: PREÇO DO PNEU | C22: =ROUND(IF($C$10="MINIVAN",BANCO_DADOS!C22,IF($C$10="VAN",BANCO_DADOS!D22,IF($C$10="MICROONIBUS",BANCO_DADOS!E22,BANCO_DADOS!F22))),2) -> 417.64
B23: QUANT PNEUS RODANDO | C23: =ROUND(IF($C$10="MINIVAN",BANCO_DADOS!C23,IF($C$10="VAN",BANCO_DADOS!D23,IF($C$10="MICROONIBUS",BANCO_DADOS!E23,BANCO_DADOS!F23))),2) -> 4
B24: TOTAL NA TROCA | C24: =ROUND(IF($C$10="MINIVAN",BANCO_DADOS!C24,IF($C$10="VAN",BANCO_DADOS!D24,IF($C$10="MICROONIBUS",BANCO_DADOS!E24,BANCO_DADOS!F24))),2) -> 1670.56
B25: VIDA UTIL DO PNEU POR KM | C25: =ROUND(IF($C$10="MINIVAN",BANCO_DADOS!C25,IF($C$10="VAN",BANCO_DADOS!D25,IF($C$10="MICROONIBUS",BANCO_DADOS!E25,BANCO_DADOS!F25))),2) -> 45500
B26: CUSTO DOS PNEUS DE RODAGEM POR KM | C26: =ROUND(IF($C$10="MINIVAN",BANCO_DADOS!C26,IF($C$10="VAN",BANCO_DADOS!D26,IF($C$10="MICROONIBUS",BANCO_DADOS!E26,BANCO_DADOS!F26))),2) -> 0.04
B28: MANUTENÇÃO: PEÇAS E ACESSÓRIOS
B29: COEFICIENTE DE MANUTENÇÃO | C29: =(IF($C$10="MINIVAN",BANCO_DADOS!C29,IF($C$10="VAN",BANCO_DADOS!D29,IF($C$10="MICROONIBUS",BANCO_DADOS!E29,BANCO_DADOS!F29)))) -> 3e-06
B30: CUSTO DE MANUTENÇÃO POR KM | C30: =ROUND(IF($C$10="MINIVAN",BANCO_DADOS!C30,IF($C$10="VAN",BANCO_DADOS!D30,IF($C$10="MICROONIBUS",BANCO_DADOS!E30,BANCO_DADOS!F30))),2) -> 0.25
B32: TOTAL DO MÓDULO 1 | C32: =ROUND(IF($C$10="MINIVAN",BANCO_DADOS!C32,IF($C$10="VAN",BANCO_DADOS!D32,IF($C$10="MICROONIBUS",BANCO_DADOS!E32,BANCO_DADOS!F32))),2) -> 2.27
B34: MÓDULO 2 - CUSTOS FIXOS
B35: DEPRECIAÇÃO
B36: VALOR MÉDIO DE VENDA VEÍCULO | C36: =ROUND(IF($C$10="MINIVAN",BANCO_DADOS!C36,IF($C$10="VAN",BANCO_DADOS!D36,IF($C$10="MICROONIBUS",BANCO_DADOS!E36,BANCO_DADOS!F36))),2) -> 81775
B37: DEPRECIAÇÃO ANUAL % | C37: =ROUND(IF($C$10="MINIVAN",BANCO_DADOS!C37,IF($C$10="VAN",BANCO_DADOS!D37,IF($C$10="MICROONIBUS",BANCO_DADOS!E37,BANCO_DADOS!F37))),2) -> 20
B38: VALOR DA DEPRECIAÇÃO | C38: =ROUND(IF($C$10="MINIVAN",BANCO_DADOS!C38,IF($C$10="VAN",BANCO_DADOS!D38,IF($C$10="MICROONIBUS",BANCO_DADOS!E38,BANCO_DADOS!F38))),2) -> 16355
B39: MESES ANO | C39: =ROUND(IF($C$10="MINIVAN",BANCO_DADOS!C39,IF($C$10="VAN",BANCO_DADOS!D39,IF($C$10="MICROONIBUS",BANCO_DADOS!E39,BANCO_DADOS!F39))),2) -> 10
B40: VALOR A DEPRECIAR MÊS | C40: =ROUND(IF($C$10="MINIVAN",BANCO_DADOS!C40,IF($C$10="VAN",BANCO_DADOS!D40,IF($C$10="MICROONIBUS",BANCO_DADOS!E40,BANCO_DADOS!F40))),2) -> 1635.5
B41: KM MEDIA PERCORRIDA NO MÊS | C41: =C9*C11 -> 1160
B42: CUSTO DA DEPRECIAÇÃO POR KM | C42: =C40/C41 -> 1.4099138
B44: CUSTO COM FUNCIONÁRIO
B45: MOTORISTA - 220 H | C45: =ROUND(IF($C$10="MINIVAN",BANCO_DADOS!C45,IF($C$10="VAN",BANCO_DADOS!D45,IF($C$10="MICROONIBUS",BANCO_DADOS!E45,BANCO_DADOS!F45))),2) -> 6676.24
B46: VALOR DA HORA TRABALHADA | C46: =ROUND(IF($C$10="MINIVAN",BANCO_DADOS!C46,IF($C$10="VAN",BANCO_DADOS!D46,IF($C$10="MICROONIBUS",BANCO_DADOS!E46,BANCO_DADOS!F46))),2) -> 30.35
B47: VALOR DIA - 06 HORAS | C47: =ROUND(IF($C$10="MINIVAN",BANCO_DADOS!C47,IF($C$10="VAN",BANCO_DADOS!D47,IF($C$10="MICROONIBUS",BANCO_DADOS!E47,BANCO_DADOS!F47))),2) -> 182.08
B48: CUSTO FUNCIONÁRIO POR KM RODADO | C48: =C47/C9 -> 3.1393103
B50: CUSTOS DO VEÍCULO
B51: VALOR DO VEÍCULO | C51: =ROUND(IF($C$10="MINIVAN",BANCO_DADOS!C51,IF($C$10="VAN",BANCO_DADOS!D51,IF($C$10="MICROONIBUS",BANCO_DADOS!E51,BANCO_DADOS!F51))),2) -> 81775
B52: IPVA - 2% sobre o valor do veículo | C52: =ROUND(IF($C$10="MINIVAN",BANCO_DADOS!C52,IF($C$10="VAN",BANCO_DADOS!D52,IF($C$10="MICROONIBUS",BANCO_DADOS!E52,BANCO_DADOS!F52))),2) -> 1635.5
B53: Valor do CRLV-e | C53: =ROUND(IF($C$10="MINIVAN",BANCO_DADOS!C53,IF($C$10="VAN",BANCO_DADOS!D53,IF($C$10="MICROONIBUS",BANCO_DADOS!E53,BANCO_DADOS!F53))),2) -> 90
B54: seguro resp. civil e casco | C54: =ROUND(IF($C$10="MINIVAN",BANCO_DADOS!C54,IF($C$10="VAN",BANCO_DADOS!D54,IF($C$10="MICROONIBUS",BANCO_DADOS!E54,BANCO_DADOS!F54))),2) -> 1732.03
B55: laudos DETRAN/IN METRO | C55: =ROUND(IF($C$10="MINIVAN",BANCO_DADOS!C55,IF($C$10="VAN",BANCO_DADOS!D55,IF($C$10="MICROONIBUS",BANCO_DADOS!E55,BANCO_DADOS!F55))),2) -> 120
B56: DPVAT | C56: 0
B57: CUSTO DO VEÍCULO POR KM | C57: =ROUND(IF($C$10="MINIVAN",BANCO_DADOS!C57,IF($C$10="VAN",BANCO_DADOS!D57,IF($C$10="MICROONIBUS",BANCO_DADOS!E57,BANCO_DADOS!F57))),2) -> 1.79
B59: TOTAL DO MÓDULO 2 | C59: =C57+C48+C42 -> 6.3392241
B61: SOMA DOS MÓDULOS 1+2 | C61: =C59+C32 -> 8.6092241
B63: MÓDULO 3 - CUSTOS INDIRETOS, TRIBUTOS E LUCRO
B64: Despesas Indiretas | C64: =C61*5% -> 0.43046121
B65: Lucro | C65: =C61*7.2% -> 0.61986414
B66: Tributos (COFINS - 3% e PIS - 0,65) | C66: =C61*3.56% -> 0.30648838
B67: ISS | C67: =C61*5% -> 0.43046121
B68: Tributos (Contribuição Previdenciária - 0% ou 4,5%, conforme Lei 12.844/2013 - Desoneração) | C68: =ROUND(IF($C$10="MINIVAN",BANCO_DADOS!C73,IF($C$10="VAN",BANCO_DADOS!D73,IF($C$10="MICROONIBUS",BANCO_DADOS!E73,BANCO_DADOS!F73))),2) -> 1
B69: TOTAL DO MÓDULO 3 | C69: =SUM(C64:C68) -> 2.7872749
B71: VALOR DO KM | C71: =C69+C61 -> 11.396499
B72: VALOR DO KM (NÃO PAVIMENTADO) | C72: =IF(C8="NÃO",1.35,1)*C71 -> 15.385274

Sheet ROTA 16
B1: LOTE 16
B3: MESES DO ANO | C3: =BANCO_DADOS!C3 -> 10
B4: DIAS LETIVOS | C4: 20
B5: VALOR GASOLINA | C5: =BANCO_DADOS!C5 -> 7.28 | E5: =C72 -> 10.848112
B6: VALOR DIESEL S10 | C6: =BANCO_DADOS!C6 -> 7.52
B7: DESCRIÇÃO DO VEÍCULO
B8: PAVIMENTO | C8: NÃO
B9: KM DIÁRIOS | C9: 72
B10: TIPO DO VEÍCULO: | C10: MINIVAN
B11: MÉDIA DIAS LETIVOS MÊS | C11: 20
B13: MÓDULO 1 - CUSTOS VARIÁVEIS
B14: COMBUSTIVEL | C14: =IF($C$10="MINIVAN",BANCO_DADOS!C14,IF($C$10="VAN",BANCO_DADOS!D14,IF($C$10="MICROONIBUS",BANCO_DADOS!E14,BANCO_DADOS!F14))) -> 7.28
B15: MÉDIA CONSUMIDA POR KM/ LITRO | C15: =IF($C$10="MINIVAN",BANCO_DADOS!C15,IF($C$10="VAN",BANCO_DADOS!D15,IF($C$10="MICROONIBUS",BANCO_DADOS!E15,BANCO_DADOS!F15))) -> 4.2
B16: CUSTO COMBUSTÍVEL POR KM | C16: =C14/C15 -> 1.7333333
B18: LUBRIFICANTES
B19: CUSTO LUBRIFICANTE POR KM | C19: =ROUND(IF($C$10="MINIVAN",BANCO_DADOS!C19,IF($C$10="VAN",BANCO_DADOS!D19,IF($C$10="MICROONIBUS",BANCO_DADOS!E19,BANCO_DADOS!F19))),2) -> 0.1
B21: RODAGEM
B22: PREÇO DO PNEU | C22: =ROUND(IF($C$10="MINIVAN",BANCO_DADOS!C22,IF($C$10="VAN",BANCO_DADOS!D22,IF($C$10="MICROONIBUS",BANCO_DADOS!E22,BANCO_DADOS!F22))),2) -> 348.83
B23: QUANT PNEUS RODANDO | C23: =ROUND(IF($C$10="MINIVAN",BANCO_DADOS!C23,IF($C$10="VAN",BANCO_DADOS!D23,IF($C$10="MICROONIBUS",BANCO_DADOS!E23,BANCO_DADOS!F23))),2) -> 4
B24: TOTAL NA TROCA | C24: =ROUND(IF($C$10="MINIVAN",BANCO_DADOS!C24,IF($C$10="VAN",BANCO_DADOS!D24,IF($C$10="MICROONIBUS",BANCO_DADOS!E24,BANCO_DADOS!F24))),2) -> 1395.32
B25: VIDA UTIL DO PNEU POR KM | C25: =ROUND(IF($C$10="MINIVAN",BANCO_DADOS!C25,IF($C$10="VAN",BANCO_DADOS!D25,IF($C$10="MICROONIBUS",BANCO_DADOS!E25,BANCO_DADOS!F25))),2) -> 45500
B26: CUSTO DOS PNEUS DE RODAGEM POR KM | C26: =ROUND(IF($C$10="MINIVAN",BANCO_DADOS!C26,IF($C$10="VAN",BANCO_DADOS!D26,IF($C$10="MICROONIBUS",BANCO_DADOS!E26,BANCO_DADOS!F26))),2) -> 0.03
B28: MANUTENÇÃO: PEÇAS E ACESSÓRIOS
B29: COEFICIENTE DE MANUTENÇÃO | C29: =(IF($C$10="MINIVAN",BANCO_DADOS!C29,IF($C$10="VAN",BANCO_DADOS!D29,IF($C$10="MICROONIBUS",BANCO_DADOS!E29,BANCO_DADOS!F29)))) -> 3e-06
B30: CUSTO DE MANUTENÇÃO POR KM | C30: =ROUND(IF($C$10="MINIVAN",BANCO_DADOS!C30,IF($C$10="VAN",BANCO_DADOS!D30,IF($C$10="MICROONIBUS",BANCO_DADOS!E30,BANCO_DADOS!F30))),2) -> 0.11
B32: TOTAL DO MÓDULO 1 | C32: =ROUND(IF($C$10="MINIVAN",BANCO_DADOS!C32,IF($C$10="VAN",BANCO_DADOS!D32,IF($C$10="MICROONIBUS",BANCO_DADOS!E32,BANCO_DADOS!F32))),2) -> 1.98
B34: MÓDULO 2 - CUSTOS FIXOS
B35: DEPRECIAÇÃO
B36: VALOR MÉDIO DE VENDA VEÍCULO | C36: =ROUND(IF($C$10="MINIVAN",BANCO_DADOS!C36,IF($C$10="VAN",BANCO_DADOS!D36,IF($C$10="MICROONIBUS",BANCO_DADOS!E36,BANCO_DADOS!F36))),2) -> 37824
B37: DEPRECIAÇÃO ANUAL % | C37: =ROUND(IF($C$10="MINIVAN",BANCO_DADOS!C37,IF($C$10="VAN",BANCO_DADOS!D37,IF($C$10="MICROONIBUS",BANCO_DADOS!E37,BANCO_DADOS!F37))),2) -> 20
B38: VALOR DA DEPRECIAÇÃO | C38: =ROUND(IF($C$10="MINIVAN",BANCO_DADOS!C38,IF($C$10="VAN",BANCO_DADOS!D38,IF($C$10="MICROONIBUS",BANCO_DADOS!E38,BANCO_DADOS!F38))),2) -> 7564.8
B39: MESES ANO | C39: =ROUND(IF($C$10="MINIVAN",BANCO_DADOS!C39,IF($C$10="VAN",BANCO_DADOS!D39,IF($C$10="MICROONIBUS",BANCO_DADOS!E39,BANCO_DADOS!F39))),2) -> 10
B40: VALOR A DEPRECIAR MÊS | C40: =ROUND(IF($C$10="MINIVAN",BANCO_DADOS!C40,IF($C$10="VAN",BANCO_DADOS!D40,IF($C$10="MICROONIBUS",BANCO_DADOS!E40,BANCO_DADOS!F40))),2) -> 756.48
B41: KM MEDIA PERCORRIDA NO MÊS | C41: =C9*C11 -> 1440
B42: CUSTO DA DEPRECIAÇÃO POR KM | C42: =C40/C41 -> 0.52533333
B44: CUSTO COM FUNCIONÁRIO
B45: MOTORISTA - 220 H | C45: =ROUND(IF($C$10="MINIVAN",BANCO_DADOS!C45,IF($C$10="VAN",BANCO_DADOS!D45,IF($C$10="MICROONIBUS",BANCO_DADOS!E45,BANCO_DADOS!F45))),2) -> 6676.24
B46: VALOR DA HORA TRABALHADA | C46: =ROUND(IF($C$10="MINIVAN",BANCO_DADOS!C46,IF($C$10="VAN",BANCO_DADOS!D46,IF($C$10="MICROONIBUS",BANCO_DADOS!E46,BANCO_DADOS!F46))),2) -> 30.35
B47: VALOR DIA - 06 HORAS | C47: =ROUND(IF($C$10="MINIVAN",BANCO_DADOS!C47,IF($C$10="VAN",BANCO_DADOS!D47,IF($C$10="MICROONIBUS",BANCO_DADOS!E47,BANCO_DADOS!F47))),2) -> 182.08
B48: CUSTO FUNCIONÁRIO POR KM RODADO | C48: =C47/C9 -> 2.5288889
B50: CUSTOS DO VEÍCULO
B51: VALOR DO VEÍCULO | C51: =ROUND(IF($C$10="MINIVAN",BANCO_DADOS!C51,IF($C$10="VAN",BANCO_DADOS!D51,IF($C$10="MICROONIBUS",BANCO_DADOS!E51,BANCO_DADOS!F51))),2) -> 37824
B52: IPVA - 2% sobre o valor do veículo | C52: =ROUND(IF($C$10="MINIVAN",BANCO_DADOS!C52,IF($C$10="VAN",BANCO_DADOS!D52,IF($C$10="MICROONIBUS",BANCO_DADOS!E52,BANCO_DADOS!F52))),2) -> 756.48
B53: Valor do CRLV-e | C53: =ROUND(IF($C$10="MINIVAN",BANCO_DADOS!C53,IF($C$10="VAN",BANCO_DADOS!D53,IF($C$10="MICROONIBUS",BANCO_DADOS!E53,BANCO_DADOS!F53))),2) -> 90
B54: seguro resp. civil e casco | C54: =ROUND(IF($C$10="MINIVAN",BANCO_DADOS!C54,IF($C$10="VAN",BANCO_DADOS!D54,IF($C$10="MICROONIBUS",BANCO_DADOS!E54,BANCO_DADOS!F54))),2) -> 2275
B55: laudos DETRAN/IN METRO | C55: =ROUND(IF($C$10="MINIVAN",BANCO_DADOS!C55,IF($C$10="VAN",BANCO_DADOS!D55,IF($C$10="MICROONIBUS",BANCO_DADOS!E55,BANCO_DADOS!F55))),2) -> 120
B56: DPVAT | C56: 0
B57: CUSTO DO VEÍCULO POR KM | C57: =ROUND(IF($C$10="MINIVAN",BANCO_DADOS!C57,IF($C$10="VAN",BANCO_DADOS!D57,IF($C$10="MICROONIBUS",BANCO_DADOS!E57,BANCO_DADOS!F57))),2) -> 1.62
B59: TOTAL DO MÓDULO 2 | C59: =C57+C48+C42 -> 4.6742222
B61: SOMA DOS MÓDULOS 1+2 | C61: =C59+C32 -> 6.6542222
B63: MÓDULO 3 - CUSTOS INDIRETOS, TRIBUTOS E LUCRO
B64: Despesas Indiretas | C64: =C61*5% -> 0.33271111
B65: Lucro | C65: =C61*7.2% -> 0.479104
B66: Tributos (COFINS - 3% e PIS - 0,65) | C66: =C61*3.56% -> 0.23689031
B67: ISS | C67: =C61*5% -> 0.33271111
B68: Tributos (Contribuição Previdenciária - 0% ou 4,5%, conforme Lei 12.844/2013 - Desoneração) | C68: =ROUND(IF($C$10="MINIVAN",BANCO_DADOS!C73,IF($C$10="VAN",BANCO_DADOS!D73,IF($C$10="MICROONIBUS",BANCO_DADOS!E73,BANCO_DADOS!F73))),2) -> 0
B69: TOTAL DO MÓDULO 3 | C69: =SUM(C64:C68) -> 1.3814165
B71: VALOR DO KM | C71: =C69+C61 -> 8.0356388
B72: VALOR DO KM (NÃO PAVIMENTADO) | C72: =IF(C8="NÃO",1.35,1)*C71 -> 10.848112

Sheet ROTA 17
B1: LOTE 17:
B3: MESES DO ANO | C3: =BANCO_DADOS!C3 -> 10
B4: DIAS LETIVOS | C4: 20
B5: VALOR GASOLINA | C5: =BANCO_DADOS!C5 -> 7.28 | E5: =C72 -> 14.831453
B6: VALOR DIESEL S10 | C6: =BANCO_DADOS!C6 -> 7.52
B7: DESCRIÇÃO DO VEÍCULO
B8: PAVIMENTO | C8: NÃO
B9: KM DIÁRIOS | C9: 40
B10: TIPO DO VEÍCULO: | C10: MINIVAN
B11: MÉDIA DIAS LETIVOS MÊS | C11: 20
B13: MÓDULO 1 - CUSTOS VARIÁVEIS
B14: COMBUSTIVEL | C14: =IF($C$10="MINIVAN",BANCO_DADOS!C14,IF($C$10="VAN",BANCO_DADOS!D14,IF($C$10="MICROONIBUS",BANCO_DADOS!E14,BANCO_DADOS!F14))) -> 7.28
B15: MÉDIA CONSUMIDA POR KM/ LITRO | C15: =IF($C$10="MINIVAN",BANCO_DADOS!C15,IF($C$10="VAN",BANCO_DADOS!D15,IF($C$10="MICROONIBUS",BANCO_DADOS!E15,BANCO_DADOS!F15))) -> 4.2
B16: CUSTO COMBUSTÍVEL POR KM | C16: =C14/C15 -> 1.7333333
B18: LUBRIFICANTES
B19: CUSTO LUBRIFICANTE POR KM | C19: =ROUND(IF($C$10="MINIVAN",BANCO_DADOS!C19,IF($C$10="VAN",BANCO_DADOS!D19,IF($C$10="MICROONIBUS",BANCO_DADOS!E19,BANCO_DADOS!F19))),2) -> 0.1
B21: RODAGEM
B22: PREÇO DO PNEU | C22: =ROUND(IF($C$10="MINIVAN",BANCO_DADOS!C22,IF($C$10="VAN",BANCO_DADOS!D22,IF($C$10="MICROONIBUS",BANCO_DADOS!E22,BANCO_DADOS!F22))),2) -> 348.83
B23: QUANT PNEUS RODANDO | C23: =ROUND(IF($C$10="MINIVAN",BANCO_DADOS!C23,IF($C$10="VAN",BANCO_DADOS!D23,IF($C$10="MICROONIBUS",BANCO_DADOS!E23,BANCO_DADOS!F23))),2) -> 4
B24: TOTAL NA TROCA | C24: =ROUND(IF($C$10="MINIVAN",BANCO_DADOS!C24,IF($C$10="VAN",BANCO_DADOS!D24,IF($C$10="MICROONIBUS",BANCO_DADOS!E24,BANCO_DADOS!F24))),2) -> 1395.32
B25: VIDA UTIL DO PNEU POR KM | C25: =ROUND(IF($C$10="MINIVAN",BANCO_DADOS!C25,IF($C$10="VAN",BANCO_DADOS!D25,IF($C$10="MICROONIBUS",BANCO_DADOS!E25,BANCO_DADOS!F25))),2) -> 45500
B26: CUSTO DOS PNEUS DE RODAGEM POR KM | C26: =ROUND(IF($C$10="MINIVAN",BANCO_DADOS!C26,IF($C$10="VAN",BANCO_DADOS!D26,IF($C$10="MICROONIBUS",BANCO_DADOS!E26,BANCO_DADOS!F26))),2) -> 0.03
B28: MANUTENÇÃO: PEÇAS E ACESSÓRIOS
B29: COEFICIENTE DE MANUTENÇÃO | C29: =(IF($C$10="MINIVAN",BANCO_DADOS!C29,IF($C$10="VAN",BANCO_DADOS!D29,IF($C$10="MICROONIBUS",BANCO_DADOS!E29,BANCO_DADOS!F29)))) -> 3e-06
B30: CUSTO DE MANUTENÇÃO POR KM | C30: =ROUND(IF($C$10="MINIVAN",BANCO_DADOS!C30,IF($C$10="VAN",BANCO_DADOS!D30,IF($C$10="MICROONIBUS",BANCO_DADOS!E30,BANCO_DADOS!F30))),2) -> 0.11
B32: TOTAL DO MÓDULO 1 | C32: =ROUND(IF($C$10="MINIVAN",BANCO_DADOS!C32,IF($C$10="VAN",BANCO_DADOS!D32,IF($C$10="MICROONIBUS",BANCO_DADOS!E32,BANCO_DADOS!F32))),2) -> 1.98
B34: MÓDULO 2 - CUSTOS FIXOS
B35: DEPRECIAÇÃO
B36: VALOR MÉDIO DE VENDA VEÍCULO | C36: =ROUND(IF($C$10="MINIVAN",BANCO_DADOS!C36,IF($C$10="VAN",BANCO_DADOS!D36,IF($C$10="MICROONIBUS",BANCO_DADOS!E36,BANCO_DADOS!F36))),2) -> 37824
B37: DEPRECIAÇÃO ANUAL % | C37: =ROUND(IF($C$10="MINIVAN",BANCO_DADOS!C37,IF($C$10="VAN",BANCO_DADOS!D37,IF($C$10="MICROONIBUS",BANCO_DADOS!E37,BANCO_DADOS!F37))),2) -> 20
B38: VALOR DA DEPRECIAÇÃO | C38: =ROUND(IF($C$10="MINIVAN",BANCO_DADOS!C38,IF($C$10="VAN",BANCO_DADOS!D38,IF($C$10="MICROONIBUS",BANCO_DADOS!E38,BANCO_DADOS!F38))),2) -> 7564.8
B39: MESES ANO | C39: =ROUND(IF($C$10="MINIVAN",BANCO_DADOS!C39,IF($C$10="VAN",BANCO_DADOS!D39,IF($C$10="MICROONIBUS",BANCO_DADOS!E39,BANCO_DADOS!F39))),2) -> 10
B40: VALOR A DEPRECIAR MÊS | C40: =ROUND(IF($C$10="MINIVAN",BANCO_DADOS!C40,IF($C$10="VAN",BANCO_DADOS!D40,IF($C$10="MICROONIBUS",BANCO_DADOS!E40,BANCO_DADOS!F40))),2) -> 756.48
B41: KM MEDIA PERCORRIDA NO MÊS | C41: =C9*C11 -> 800
B42: CUSTO DA DEPRECIAÇÃO POR KM | C42: =C40/C41 -> 0.9456
B44: CUSTO COM FUNCIONÁRIO
B45: MOTORISTA - 220 H | C45: =ROUND(IF($C$10="MINIVAN",BANCO_DADOS!C45,IF($C$10="VAN",BANCO_DADOS!D45,IF($C$10="MICROONIBUS",BANCO_DADOS!E45,BANCO_DADOS!F45))),2) -> 6676.24
B46: VALOR DA HORA TRABALHADA | C46: =ROUND(IF($C$10="MINIVAN",BANCO_DADOS!C46,IF($C$10="VAN",BANCO_DADOS!D46,IF($C$10="MICROONIBUS",BANCO_DADOS!E46,BANCO_DADOS!F46))),2) -> 30.35
B47: VALOR DIA - 06 HORAS | C47: =ROUND(IF($C$10="MINIVAN",BANCO_DADOS!C47,IF($C$10="VAN",BANCO_DADOS!D47,IF($C$10="MICROONIBUS",BANCO_DADOS!E47,BANCO_DADOS!F47))),2) -> 182.08
B48: CUSTO FUNCIONÁRIO POR KM RODADO | C48: =C47/C9 -> 4.552
B50: CUSTOS DO VEÍCULO
B51: VALOR DO VEÍCULO | C51: =ROUND(IF($C$10="MINIVAN",BANCO_DADOS!C51,IF($C$10="VAN",BANCO_DADOS!D51,IF($C$10="MICROONIBUS",BANCO_DADOS!E51,BANCO_DADOS!F51))),2) -> 37824
B52: IPVA - 2% sobre o valor do veículo | C52: =ROUND(IF($C$10="MINIVAN",BANCO_DADOS!C52,IF($C$10="VAN",BANCO_DADOS!D52,IF($C$10="MICROONIBUS",BANCO_DADOS!E52,BANCO_DADOS!F52))),2) -> 756.48
B53: Valor do CRLV-e | C53: =ROUND(IF($C$10="MINIVAN",BANCO_DADOS!C53,IF($C$10="VAN",BANCO_DADOS!D53,IF($C$10="MICROONIBUS",BANCO_DADOS!E53,BANCO_DADOS!F53))),2) -> 90
B54: seguro resp. civil e casco | C54: =ROUND(IF($C$10="MINIVAN",BANCO_DADOS!C54,IF($C$10="VAN",BANCO_DADOS!D54,IF($C$10="MICROONIBUS",BANCO_DADOS!E54,BANCO_DADOS!F54))),2) -> 2275
B55: laudos DETRAN/IN METRO | C55: =ROUND(IF($C$10="MINIVAN",BANCO_DADOS!C55,IF($C$10="VAN",BANCO_DADOS!D55,IF($C$10="MICROONIBUS",BANCO_DADOS!E55,BANCO_DADOS!F55))),2) -> 120
B56: DPVAT | C56: 0
B57: CUSTO DO VEÍCULO POR KM | C57: =ROUND(IF($C$10="MINIVAN",BANCO_DADOS!C57,IF($C$10="VAN",BANCO_DADOS!D57,IF($C$10="MICROONIBUS",BANCO_DADOS!E57,BANCO_DADOS!F57))),2) -> 1.62
B59: TOTAL DO MÓDULO 2 | C59: =C57+C48+C42 -> 7.1176
B61: SOMA DOS MÓDULOS 1+2 | C61: =C59+C32 -> 9.0976
B63: MÓDULO 3 - CUSTOS INDIRETOS, TRIBUTOS E LUCRO
B64: Despesas Indiretas | C64: =C61*5% -> 0.45488
B65: Lucro | C65: =C61*7.2% -> 0.6550272
B66: Tributos (COFINS - 3% e PIS - 0,65) | C66: =C61*3.56% -> 0.32387456
B67: ISS | C67: =C61*5% -> 0.45488
B68: Tributos (Contribuição Previdenciária - 0% ou 4,5%, conforme Lei 12.844/2013 - Desoneração) | C68: =ROUND(IF($C$10="MINIVAN",BANCO_DADOS!C73,IF($C$10="VAN",BANCO_DADOS!D73,IF($C$10="MICROONIBUS",BANCO_DADOS!E73,BANCO_DADOS!F73))),2) -> 0
B69: TOTAL DO MÓDULO 3 | C69: =SUM(C64:C68) -> 1.8886618
B71: VALOR DO KM | C71: =C69+C61 -> 10.986262
B72: VALOR DO KM (NÃO PAVIMENTADO) | C72: =IF(C8="NÃO",1.35,1)*C71 -> 14.831453

Sheet ROTA 18
B1: LOTE 18
B3: MESES DO ANO | C3: =BANCO_DADOS!C3 -> 10
B4: DIAS LETIVOS | C4: 20
B5: VALOR GASOLINA | C5: =BANCO_DADOS!C5 -> 7.28 | E5: =C72 -> 10.350195
B6: VALOR DIESEL S10 | C6: =BANCO_DADOS!C6 -> 7.52
B7: DESCRIÇÃO DO VEÍCULO
B8: PAVIMENTO | C8: NÃO
B9: KM DIÁRIOS | C9: 80
B10: TIPO DO VEÍCULO: | C10: MINIVAN
B11: MÉDIA DIAS LETIVOS MÊS | C11: 20
B13: MÓDULO 1 - CUSTOS VARIÁVEIS
B14: COMBUSTIVEL | C14: =IF($C$10="MINIVAN",BANCO_DADOS!C14,IF($C$10="VAN",BANCO_DADOS!D14,IF($C$10="MICROONIBUS",BANCO_DADOS!E14,BANCO_DADOS!F14))) -> 7.28
B15: MÉDIA CONSUMIDA POR KM/ LITRO | C15: =IF($C$10="MINIVAN",BANCO_DADOS!C15,IF($C$10="VAN",BANCO_DADOS!D15,IF($C$10="MICROONIBUS",BANCO_DADOS!E15,BANCO_DADOS!F15))) -> 4.2
B16: CUSTO COMBUSTÍVEL POR KM | C16: =C14/C15 -> 1.7333333
B18: LUBRIFICANTES
B19: CUSTO LUBRIFICANTE POR KM | C19: =ROUND(IF($C$10="MINIVAN",BANCO_DADOS!C19,IF($C$10="VAN",BANCO_DADOS!D19,IF($C$10="MICROONIBUS",BANCO_DADOS!E19,BANCO_DADOS!F19))),2) -> 0.1
B21: RODAGEM
B22: PREÇO DO PNEU | C22: =ROUND(IF($C$10="MINIVAN",BANCO_DADOS!C22,IF($C$10="VAN",BANCO_DADOS!D22,IF($C$10="MICROONIBUS",BANCO_DADOS!E22,BANCO_DADOS!F22))),2) -> 348.83
B23: QUANT PNEUS RODANDO | C23: =ROUND(IF($C$10="MINIVAN",BANCO_DADOS!C23,IF($C$10="VAN",BANCO_DADOS!D23,IF($C$10="MICROONIBUS",BANCO_DADOS!E23,BANCO_DADOS!F23))),2) -> 4
B24: TOTAL NA TROCA | C24: =ROUND(IF($C$10="MINIVAN",BANCO_DADOS!C24,IF($C$10="VAN",BANCO_DADOS!D24,IF($C$10="MICROONIBUS",BANCO_DADOS!E24,BANCO_DADOS!F24))),2) -> 1395.32
B25: VIDA UTIL DO PNEU POR KM | C25: =ROUND(IF($C$10="MINIVAN",BANCO_DADOS!C25,IF($C$10="VAN",BANCO_DADOS!D25,IF($C$10="MICROONIBUS",BANCO_DADOS!E25,BANCO_DADOS!F25))),2) -> 45500
B26: CUSTO DOS PNEUS DE RODAGEM POR KM | C26: =ROUND(IF($C$10="MINIVAN",BANCO_DADOS!C26,IF($C$10="VAN",BANCO_DADOS!D26,IF($C$10="MICROONIBUS",BANCO_DADOS!E26,BANCO_DADOS!F26))),2) -> 0.03
B28: MANUTENÇÃO: PEÇAS E ACESSÓRIOS
B29: COEFICIENTE DE MANUTENÇÃO | C29: =(IF($C$10="MINIVAN",BANCO_DADOS!C29,IF($C$10="VAN",BANCO_DADOS!D29,IF($C$10="MICROONIBUS",BANCO_DADOS!E29,BANCO_DADOS!F29)))) -> 3e-06
B30: CUSTO DE MANUTENÇÃO POR KM | C30: =ROUND(IF($C$10="MINIVAN",BANCO_DADOS!C30,IF($C$10="VAN",BANCO_DADOS!D30,IF($C$10="MICROONIBUS",BANCO_DADOS!E30,BANCO_DADOS!F30))),2) -> 0.11
B32: TOTAL DO MÓDULO 1 | C32: =ROUND(IF($C$10="MINIVAN",BANCO_DADOS!C32,IF($C$10="VAN",BANCO_DADOS!D32,IF($C$10="MICROONIBUS",BANCO_DADOS!E32,BANCO_DADOS!F32))),2) -> 1.98
B34: MÓDULO 2 - CUSTOS FIXOS
B35: DEPRECIAÇÃO
B36: VALOR MÉDIO DE VENDA VEÍCULO | C36: =ROUND(IF($C$10="MINIVAN",BANCO_DADOS!C36,IF($C$10="VAN",BANCO_DADOS!D36,IF($C$10="MICROONIBUS",BANCO_DADOS!E36,BANCO_DADOS!F36))),2) -> 37824
B37: DEPRECIAÇÃO ANUAL % | C37: =ROUND(IF($C$10="MINIVAN",BANCO_DADOS!C37,IF($C$10="VAN",BANCO_DADOS!D37,IF($C$10="MICROONIBUS",BANCO_DADOS!E37,BANCO_DADOS!F37))),2) -> 20
B38: VALOR DA DEPRECIAÇÃO | C38: =ROUND(IF($C$10="MINIVAN",BANCO_DADOS!C38,IF($C$10="VAN",BANCO_DADOS!D38,IF($C$10="MICROONIBUS",BANCO_DADOS!E38,BANCO_DADOS!F38))),2) -> 7564.8
B39: MESES ANO | C39: =ROUND(IF($C$10="MINIVAN",BANCO_DADOS!C39,IF($C$10="VAN",BANCO_DADOS!D39,IF($C$10="MICROONIBUS",BANCO_DADOS!E39,BANCO_DADOS!F39))),2) -> 10
B40: VALOR A DEPRECIAR MÊS | C40: =ROUND(IF($C$10="MINIVAN",BANCO_DADOS!C40,IF($C$10="VAN",BANCO_DADOS!D40,IF($C$10="MICROONIBUS",BANCO_DADOS!E40,BANCO_DADOS!F40))),2) -> 756.48
B41: KM MEDIA PERCORRIDA NO MÊS | C41: =C9*C11 -> 1600
B42: CUSTO DA DEPRECIAÇÃO POR KM | C42: =C40/C41 -> 0.4728
B44: CUSTO COM FUNCIONÁRIO
B45: MOTORISTA - 220 H | C45: =ROUND(IF($C$10="MINIVAN",BANCO_DADOS!C45,IF($C$10="VAN",BANCO_DADOS!D45,IF($C$10="MICROONIBUS",BANCO_DADOS!E45,BANCO_DADOS!F45))),2) -> 6676.24
B46: VALOR DA HORA TRABALHADA | C46: =ROUND(IF($C$10="MINIVAN",BANCO_DADOS!C46,IF($C$10="VAN",BANCO_DADOS!D46,IF($C$10="MICROONIBUS",BANCO_DADOS!E46,BANCO_DADOS!F46))),2) -> 30.35
B47: VALOR DIA - 06 HORAS | C47: =ROUND(IF($C$10="MINIVAN",BANCO_DADOS!C47,IF($C$10="VAN",BANCO_DADOS!D47,IF($C$10="MICROONIBUS",BANCO_DADOS!E47,BANCO_DADOS!F47))),2) -> 182.08
B48: CUSTO FUNCIONÁRIO POR KM RODADO | C48: =C47/C9 -> 2.276
B50: CUSTOS DO VEÍCULO
B51: VALOR DO VEÍCULO | C51: =ROUND(IF($C$10="MINIVAN",BANCO_DADOS!C51,IF($C$10="VAN",BANCO_DADOS!D51,IF($C$10="MICROONIBUS",BANCO_DADOS!E51,BANCO_DADOS!F51))),2) -> 37824
B52: IPVA - 2% sobre o valor do veículo | C52: =ROUND(IF($C$10="MINIVAN",BANCO_DADOS!C52,IF($C$10="VAN",BANCO_DADOS!D52,IF($C$10="MICROONIBUS",BANCO_DADOS!E52,BANCO_DADOS!F52))),2) -> 756.48
B53: Valor do CRLV-e | C53: =ROUND(IF($C$10="MINIVAN",BANCO_DADOS!C53,IF($C$10="VAN",BANCO_DADOS!D53,IF($C$10="MICROONIBUS",BANCO_DADOS!E53,BANCO_DADOS!F53))),2) -> 90
B54: seguro resp. civil e casco | C54: =ROUND(IF($C$10="MINIVAN",BANCO_DADOS!C54,IF($C$10="VAN",BANCO_DADOS!D54,IF($C$10="MICROONIBUS",BANCO_DADOS!E54,BANCO_DADOS!F54))),2) -> 2275
B55: laudos DETRAN/IN METRO | C55: =ROUND(IF($C$10="MINIVAN",BANCO_DADOS!C55,IF($C$10="VAN",BANCO_DADOS!D55,IF($C$10="MICROONIBUS",BANCO_DADOS!E55,BANCO_DADOS!F55))),2) -> 120
B56: DPVAT | C56: 0
B57: CUSTO DO VEÍCULO POR KM | C57: =ROUND(IF($C$10="MINIVAN",BANCO_DADOS!C57,IF($C$10="VAN",BANCO_DADOS!D57,IF($C$10="MICROONIBUS",BANCO_DADOS!E57,BANCO_DADOS!F57))),2) -> 1.62
B59: TOTAL DO MÓDULO 2 | C59: =C57+C48+C42 -> 4.3688
B61: SOMA DOS MÓDULOS 1+2 | C61: =C59+C32 -> 6.3488
B63: MÓDULO 3 - CUSTOS INDIRETOS, TRIBUTOS E LUCRO
B64: Despesas Indiretas | C64: =C61*5% -> 0.31744
B65: Lucro | C65: =C61*7.2% -> 0.4571136
B66: Tributos (COFINS - 3% e PIS - 0,65) | C66: =C61*3.56% -> 0.22601728
B67: ISS | C67: =C61*5% -> 0.31744
B68: Tributos (Contribuição Previdenciária - 0% ou 4,5%, conforme Lei 12.844/2013 - Desoneração) | C68: =ROUND(IF($C$10="MINIVAN",BANCO_DADOS!C73,IF($C$10="VAN",BANCO_DADOS!D73,IF($C$10="MICROONIBUS",BANCO_DADOS!E73,BANCO_DADOS!F73))),2) -> 0
B69: TOTAL DO MÓDULO 3 | C69: =SUM(C64:C68) -> 1.3180109
B71: VALOR DO KM | C71: =C69+C61 -> 7.6668109
B72: VALOR DO KM (NÃO PAVIMENTADO) | C72: =IF(C8="NÃO",1.35,1)*C71 -> 10.350195

Sheet ROTA 19
B1: LOTE 19
B3: MESES DO ANO | C3: =BANCO_DADOS!C3 -> 10
B4: DIAS LETIVOS | C4: 20
B5: VALOR GASOLINA | C5: =BANCO_DADOS!C5 -> 7.28 | E5: =C72 -> 12.644424
B6: VALOR DIESEL S10 | C6: =BANCO_DADOS!C6 -> 7.52
B7: DESCRIÇÃO DO VEÍCULO
B8: PAVIMENTO | C8: NÃO
B9: KM DIÁRIOS | C9: 92
B10: TIPO DO VEÍCULO: | C10: VAN
B11: MÉDIA DIAS LETIVOS MÊS | C11: 20
B13: MÓDULO 1 - CUSTOS VARIÁVEIS
B14: COMBUSTIVEL | C14: =IF($C$10="MINIVAN",BANCO_DADOS!C14,IF($C$10="VAN",BANCO_DADOS!D14,IF($C$10="MICROONIBUS",BANCO_DADOS!E14,BANCO_DADOS!F14))) -> 7.52
B15: MÉDIA CONSUMIDA POR KM/ LITRO | C15: =IF($C$10="MINIVAN",BANCO_DADOS!C15,IF($C$10="VAN",BANCO_DADOS!D15,IF($C$10="MICROONIBUS",BANCO_DADOS!E15,BANCO_DADOS!F15))) -> 4
B16: CUSTO COMBUSTÍVEL POR KM | C16: =C14/C15 -> 1.88
B18: LUBRIFICANTES
B19: CUSTO LUBRIFICANTE POR KM | C19: =ROUND(IF($C$10="MINIVAN",BANCO_DADOS!C19,IF($C$10="VAN",BANCO_DADOS!D19,IF($C$10="MICROONIBUS",BANCO_DADOS!E19,BANCO_DADOS!F19))),2) -> 0.11
B21: RODAGEM
B22: PREÇO DO PNEU | C22: =ROUND(IF($C$10="MINIVAN",BANCO_DADOS!C22,IF($C$10="VAN",BANCO_DADOS!D22,IF($C$10="MICROONIBUS",BANCO_DADOS!E22,BANCO_DADOS!F22))),2) -> 417.64
B23: QUANT PNEUS RODANDO | C23: =ROUND(IF($C$10="MINIVAN",BANCO_DADOS!C23,IF($C$10="VAN",BANCO_DADOS!D23,IF($C$10="MICROONIBUS",BANCO_DADOS!E23,BANCO_DADOS!F23))),2) -> 4
B24: TOTAL NA TROCA | C24: =ROUND(IF($C$10="MINIVAN",BANCO_DADOS!C24,IF($C$10="VAN",BANCO_DADOS!D24,IF($C$10="MICROONIBUS",BANCO_DADOS!E24,BANCO_DADOS!F24))),2) -> 1670.56
B25: VIDA UTIL DO PNEU POR KM | C25: =ROUND(IF($C$10="MINIVAN",BANCO_DADOS!C25,IF($C$10="VAN",BANCO_DADOS!D25,IF($C$10="MICROONIBUS",BANCO_DADOS!E25,BANCO_DADOS!F25))),2) -> 45500
B26: CUSTO DOS PNEUS DE RODAGEM POR KM | C26: =ROUND(IF($C$10="MINIVAN",BANCO_DADOS!C26,IF($C$10="VAN",BANCO_DADOS!D26,IF($C$10="MICROONIBUS",BANCO_DADOS!E26,BANCO_DADOS!F26))),2) -> 0.04
B28: MANUTENÇÃO: PEÇAS E ACESSÓRIOS
B29: COEFICIENTE DE MANUTENÇÃO | C29: =(IF($C$10="MINIVAN",BANCO_DADOS!C29,IF($C$10="VAN",BANCO_DADOS!D29,IF($C$10="MICROONIBUS",BANCO_DADOS!E29,BANCO_DADOS!F29)))) -> 3e-06
B30: CUSTO DE MANUTENÇÃO POR KM | C30: =ROUND(IF($C$10="MINIVAN",BANCO_DADOS!C30,IF($C$10="VAN",BANCO_DADOS!D30,IF($C$10="MICROONIBUS",BANCO_DADOS!E30,BANCO_DADOS!F30))),2) -> 0.25
B32: TOTAL DO MÓDULO 1 | C32: =ROUND(IF($C$10="MINIVAN",BANCO_DADOS!C32,IF($C$10="VAN",BANCO_DADOS!D32,IF($C$10="MICROONIBUS",BANCO_DADOS!E32,BANCO_DADOS!F32))),2) -> 2.27
B34: MÓDULO 2 - CUSTOS FIXOS
B35: DEPRECIAÇÃO
B36: VALOR MÉDIO DE VENDA VEÍCULO | C36: =ROUND(IF($C$10="MINIVAN",BANCO_DADOS!C36,IF($C$10="VAN",BANCO_DADOS!D36,IF($C$10="MICROONIBUS",BANCO_DADOS!E36,BANCO_DADOS!F36))),2) -> 81775
B37: DEPRECIAÇÃO ANUAL % | C37: =ROUND(IF($C$10="MINIVAN",BANCO_DADOS!C37,IF($C$10="VAN",BANCO_DADOS!D37,IF($C$10="MICROONIBUS",BANCO_DADOS!E37,BANCO_DADOS!F37))),2) -> 20
B38: VALOR DA DEPRECIAÇÃO | C38: =ROUND(IF($C$10="MINIVAN",BANCO_DADOS!C38,IF($C$10="VAN",BANCO_DADOS!D38,IF($C$10="MICROONIBUS",BANCO_DADOS!E38,BANCO_DADOS!F38))),2) -> 16355
B39: MESES ANO | C39: =ROUND(IF($C$10="MINIVAN",BANCO_DADOS!C39,IF($C$10="VAN",BANCO_DADOS!D39,IF($C$10="MICROONIBUS",BANCO_DADOS!E39,BANCO_DADOS!F39))),2) -> 10
B40: VALOR A DEPRECIAR MÊS | C40: =ROUND(IF($C$10="MINIVAN",BANCO_DADOS!C40,IF($C$10="VAN",BANCO_DADOS!D40,IF($C$10="MICROONIBUS",BANCO_DADOS!E40,BANCO_DADOS!F40))),2) -> 1635.5
B41: KM MEDIA PERCORRIDA NO MÊS | C41: =C9*C11 -> 1840
B42: CUSTO DA DEPRECIAÇÃO POR KM | C42: =C40/C41 -> 0.8888587
B44: CUSTO COM FUNCIONÁRIO
B45: MOTORISTA - 220 H | C45: =ROUND(IF($C$10="MINIVAN",BANCO_DADOS!C45,IF($C$10="VAN",BANCO_DADOS!D45,IF($C$10="MICROONIBUS",BANCO_DADOS!E45,BANCO_DADOS!F45))),2) -> 6676.24
B46: VALOR DA HORA TRABALHADA | C46: =ROUND(IF($C$10="MINIVAN",BANCO_DADOS!C46,IF($C$10="VAN",BANCO_DADOS!D46,IF($C$10="MICROONIBUS",BANCO_DADOS!E46,BANCO_DADOS!F46))),2) -> 30.35
B47: VALOR DIA - 06 HORAS | C47: =ROUND(IF($C$10="MINIVAN",BANCO_DADOS!C47,IF($C$10="VAN",BANCO_DADOS!D47,IF($C$10="MICROONIBUS",BANCO_DADOS!E47,BANCO_DADOS!F47))),2) -> 182.08
B48: CUSTO FUNCIONÁRIO POR KM RODADO | C48: =C47/C9 -> 1.9791304
B50: CUSTOS DO VEÍCULO
B51: VALOR DO VEÍCULO | C51: =ROUND(IF($C$10="MINIVAN",BANCO_DADOS!C51,IF($C$10="VAN",BANCO_DADOS!D51,IF($C$10="MICROONIBUS",BANCO_DADOS!E51,BANCO_DADOS!F51))),2) -> 81775
B52: IPVA - 2% sobre o valor do veículo | C52: =ROUND(IF($C$10="MINIVAN",BANCO_DADOS!C52,IF($C$10="VAN",BANCO_DADOS!D52,IF($C$10="MICROONIBUS",BANCO_DADOS!E52,BANCO_DADOS!F52))),2) -> 1635.5
B53: Valor do CRLV-e | C53: =ROUND(IF($C$10="MINIVAN",BANCO_DADOS!C53,IF($C$10="VAN",BANCO_DADOS!D53,IF($C$10="MICROONIBUS",BANCO_DADOS!E53,BANCO_DADOS!F53))),2) -> 90
B54: seguro resp. civil e casco | C54: =ROUND(IF($C$10="MINIVAN",BANCO_DADOS!C54,IF($C$10="VAN",BANCO_DADOS!D54,IF($C$10="MICROONIBUS",BANCO_DADOS!E54,BANCO_DADOS!F54))),2) -> 1732.03
B55: laudos DETRAN/IN METRO | C55: =ROUND(IF($C$10="MINIVAN",BANCO_DADOS!C55,IF($C$10="VAN",BANCO_DADOS!D55,IF($C$10="MICROONIBUS",BANCO_DADOS!E55,BANCO_DADOS!F55))),2) -> 120
B56: DPVAT | C56: 0
B57: CUSTO DO VEÍCULO POR KM | C57: =ROUND(IF($C$10="MINIVAN",BANCO_DADOS!C57,IF($C$10="VAN",BANCO_DADOS!D57,IF($C$10="MICROONIBUS",BANCO_DADOS!E57,BANCO_DADOS!F57))),2) -> 1.79
B59: TOTAL DO MÓDULO 2 | C59: =C57+C48+C42 -> 4.6579891
B61: SOMA DOS MÓDULOS 1+2 | C61: =C59+C32 -> 6.9279891
B63: MÓDULO 3 - CUSTOS INDIRETOS, TRIBUTOS E LUCRO
B64: Despesas Indiretas | C64: =C61*5% -> 0.34639946
B65: Lucro | C65: =C61*7.2% -> 0.49881522
B66: Tributos (COFINS - 3% e PIS - 0,65) | C66: =C61*3.56% -> 0.24663641
B67: ISS | C67: =C61*5% -> 0.34639946
B68: Tributos (Contribuição Previdenciária - 0% ou 4,5%, conforme Lei 12.844/2013 - Desoneração) | C68: =ROUND(IF($C$10="MINIVAN",BANCO_DADOS!C73,IF($C$10="VAN",BANCO_DADOS!D73,IF($C$10="MICROONIBUS",BANCO_DADOS!E73,BANCO_DADOS!F73))),2) -> 1
B69: TOTAL DO MÓDULO 3 | C69: =SUM(C64:C68) -> 2.4382505
B71: VALOR DO KM | C71: =C69+C61 -> 9.3662397
B72: VALOR DO KM (NÃO PAVIMENTADO) | C72: =IF(C8="NÃO",1.35,1)*C71 -> 12.644424

Sheet ROTA 20
B1: LOTE 20
B3: MESES DO ANO | C3: =BANCO_DADOS!C3 -> 10
B4: DIAS LETIVOS | C4: 20
B5: VALOR GASOLINA | C5: =BANCO_DADOS!C5 -> 7.28 | E5: =C72 -> 11.843948
B6: VALOR DIESEL S10 | C6: =BANCO_DADOS!C6 -> 7.52
B7: DESCRIÇÃO DO VEÍCULO
B8: PAVIMENTO | C8: NÃO
B9: KM DIÁRIOS | C9: 60
B10: TIPO DO VEÍCULO: | C10: MINIVAN
B11: MÉDIA DIAS LETIVOS MÊS | C11: 20
B13: MÓDULO 1 - CUSTOS VARIÁVEIS
B14: COMBUSTIVEL | C14: =IF($C$10="MINIVAN",BANCO_DADOS!C14,IF($C$10="VAN",BANCO_DADOS!D14,IF($C$10="MICROONIBUS",BANCO_DADOS!E14,BANCO_DADOS!F14))) -> 7.28
B15: MÉDIA CONSUMIDA POR KM/ LITRO | C15: =IF($C$10="MINIVAN",BANCO_DADOS!C15,IF($C$10="VAN",BANCO_DADOS!D15,IF($C$10="MICROONIBUS",BANCO_DADOS!E15,BANCO_DADOS!F15))) -> 4.2
B16: CUSTO COMBUSTÍVEL POR KM | C16: =C14/C15 -> 1.7333333
B18: LUBRIFICANTES
B19: CUSTO LUBRIFICANTE POR KM | C19: =ROUND(IF($C$10="MINIVAN",BANCO_DADOS!C19,IF($C$10="VAN",BANCO_DADOS!D19,IF($C$10="MICROONIBUS",BANCO_DADOS!E19,BANCO_DADOS!F19))),2) -> 0.1
B21: RODAGEM
B22: PREÇO DO PNEU | C22: =ROUND(IF($C$10="MINIVAN",BANCO_DADOS!C22,IF($C$10="VAN",BANCO_DADOS!D22,IF($C$10="MICROONIBUS",BANCO_DADOS!E22,BANCO_DADOS!F22))),2) -> 348.83
B23: QUANT PNEUS RODANDO | C23: =ROUND(IF($C$10="MINIVAN",BANCO_DADOS!C23,IF($C$10="VAN",BANCO_DADOS!D23,IF($C$10="MICROONIBUS",BANCO_DADOS!E23,BANCO_DADOS!F23))),2) -> 4
B24: TOTAL NA TROCA | C24: =ROUND(IF($C$10="MINIVAN",BANCO_DADOS!C24,IF($C$10="VAN",BANCO_DADOS!D24,IF($C$10="MICROONIBUS",BANCO_DADOS!E24,BANCO_DADOS!F24))),2) -> 1395.32
B25: VIDA UTIL DO PNEU POR KM | C25: =ROUND(IF($C$10="MINIVAN",BANCO_DADOS!C25,IF($C$10="VAN",BANCO_DADOS!D25,IF($C$10="MICROONIBUS",BANCO_DADOS!E25,BANCO_DADOS!F25))),2) -> 45500
B26: CUSTO DOS PNEUS DE RODAGEM POR KM | C26: =ROUND(IF($C$10="MINIVAN",BANCO_DADOS!C26,IF($C$10="VAN",BANCO_DADOS!D26,IF($C$10="MICROONIBUS",BANCO_DADOS!E26,BANCO_DADOS!F26))),2) -> 0.03
B28: MANUTENÇÃO: PEÇAS E ACESSÓRIOS
B29: COEFICIENTE DE MANUTENÇÃO | C29: =(IF($C$10="MINIVAN",BANCO_DADOS!C29,IF($C$10="VAN",BANCO_DADOS!D29,IF($C$10="MICROONIBUS",BANCO_DADOS!E29,BANCO_DADOS!F29)))) -> 3e-06
B30: CUSTO DE MANUTENÇÃO POR KM | C30: =ROUND(IF($C$10="MINIVAN",BANCO_DADOS!C30,IF($C$10="VAN",BANCO_DADOS!D30,IF($C$10="MICROONIBUS",BANCO_DADOS!E30,BANCO_DADOS!F30))),2) -> 0.11
B32: TOTAL DO MÓDULO 1 | C32: =ROUND(IF($C$10="MINIVAN",BANCO_DADOS!C32,IF($C$10="VAN",BANCO_DADOS!D32,IF($C$10="MICROONIBUS",BANCO_DADOS!E32,BANCO_DADOS!F32))),2) -> 1.98
B34: MÓDULO 2 - CUSTOS FIXOS
B35: DEPRECIAÇÃO
B36: VALOR MÉDIO DE VENDA VEÍCULO | C36: =ROUND(IF($C$10="MINIVAN",BANCO_DADOS!C36,IF($C$10="VAN",BANCO_DADOS!D36,IF($C$10="MICROONIBUS",BANCO_DADOS!E36,BANCO_DADOS!F36))),2) -> 37824
B37: DEPRECIAÇÃO ANUAL % | C37: =ROUND(IF($C$10="MINIVAN",BANCO_DADOS!C37,IF($C$10="VAN",BANCO_DADOS!D37,IF($C$10="MICROONIBUS",BANCO_DADOS!E37,BANCO_DADOS!F37))),2) -> 20
B38: VALOR DA DEPRECIAÇÃO | C38: =ROUND(IF($C$10="MINIVAN",BANCO_DADOS!C38,IF($C$10="VAN",BANCO_DADOS!D38,IF($C$10="MICROONIBUS",BANCO_DADOS!E38,BANCO_DADOS!F38))),2) -> 7564.8
B39: MESES ANO | C39: =ROUND(IF($C$10="MINIVAN",BANCO_DADOS!C39,IF($C$10="VAN",BANCO_DADOS!D39,IF($C$10="MICROONIBUS",BANCO_DADOS!E39,BANCO_DADOS!F39))),2) -> 10
B40: VALOR A DEPRECIAR MÊS | C40: =ROUND(IF($C$10="MINIVAN",BANCO_DADOS!C40,IF($C$10="VAN",BANCO_DADOS!D40,IF($C$10="MICROONIBUS",BANCO_DADOS!E40,BANCO_DADOS!F40))),2) -> 756.48
B41: KM MEDIA PERCORRIDA NO MÊS | C41: =C9*C11 -> 1200
B42: CUSTO DA DEPRECIAÇÃO POR KM | C42: =C40/C41 -> 0.6304
B44: CUSTO COM FUNCIONÁRIO
B45: MOTORISTA - 220 H | C45: =ROUND(IF($C$10="MINIVAN",BANCO_DADOS!C45,IF($C$10="VAN",BANCO_DADOS!D45,IF($C$10="MICROONIBUS",BANCO_DADOS!E45,BANCO_DADOS!F45))),2) -> 6676.24
B46: VALOR DA HORA TRABALHADA | C46: =ROUND(IF($C$10="MINIVAN",BANCO_DADOS!C46,IF($C$10="VAN",BANCO_DADOS!D46,IF($C$10="MICROONIBUS",BANCO_DADOS!E46,BANCO_DADOS!F46))),2) -> 30.35
B47: VALOR DIA - 06 HORAS | C47: =ROUND(IF($C$10="MINIVAN",BANCO_DADOS!C47,IF($C$10="VAN",BANCO_DADOS!D47,IF($C$10="MICROONIBUS",BANCO_DADOS!E47,BANCO_DADOS!F47))),2) -> 182.08
B48: CUSTO FUNCIONÁRIO POR KM RODADO | C48: =C47/C9 -> 3.0346667
B50: CUSTOS DO VEÍCULO
B51: VALOR DO VEÍCULO | C51: =ROUND(IF($C$10="MINIVAN",BANCO_DADOS!C51,IF($C$10="VAN",BANCO_DADOS!D51,IF($C$10="MICROONIBUS",BANCO_DADOS!E51,BANCO_DADOS!F51))),2) -> 37824
B52: IPVA - 2% sobre o valor do veículo | C52: =ROUND(IF($C$10="MINIVAN",BANCO_DADOS!C52,IF($C$10="VAN",BANCO_DADOS!D52,IF($C$10="MICROONIBUS",BANCO_DADOS!E52,BANCO_DADOS!F52))),2) -> 756.48
B53: Valor do CRLV-e | C53: =ROUND(IF($C$10="MINIVAN",BANCO_DADOS!C53,IF($C$10="VAN",BANCO_DADOS!D53,IF($C$10="MICROONIBUS",BANCO_DADOS!E53,BANCO_DADOS!F53))),2) -> 90
B54: seguro resp. civil e casco | C54: =ROUND(IF($C$10="MINIVAN",BANCO_DADOS!C54,IF($C$10="VAN",BANCO_DADOS!D54,IF($C$10="MICROONIBUS",BANCO_DADOS!E54,BANCO_DADOS!F54))),2) -> 2275
B55: laudos DETRAN/IN METRO | C55: =ROUND(IF($C$10="MINIVAN",BANCO_DADOS!C55,IF($C$10="VAN",BANCO_DADOS!D55,IF($C$10="MICROONIBUS",BANCO_DADOS!E55,BANCO_DADOS!F55))),2) -> 120
B56: DPVAT | C56: 0
B57: CUSTO DO VEÍCULO POR KM | C57: =ROUND(IF($C$10="MINIVAN",BANCO_DADOS!C57,IF($C$10="VAN",BANCO_DADOS!D57,IF($C$10="MICROONIBUS",BANCO_DADOS!E57,BANCO_DADOS!F57))),2) -> 1.62
B59: TOTAL DO MÓDULO 2 | C59: =C57+C48+C42 -> 5.2850667
B61: SOMA DOS MÓDULOS 1+2 | C61: =C59+C32 -> 7.2650667
B63: MÓDULO 3 - CUSTOS INDIRETOS, TRIBUTOS E LUCRO
B64: Despesas Indiretas | C64: =C61*5% -> 0.36325333
B65: Lucro | C65: =C61*7.2% -> 0.5230848
B66: Tributos (COFINS - 3% e PIS - 0,65) | C66: =C61*3.56% -> 0.25863637
B67: ISS | C67: =C61*5% -> 0.36325333
B68: Tributos (Contribuição Previdenciária - 0% ou 4,5%, conforme Lei 12.844/2013 - Desoneração) | C68: =ROUND(IF($C$10="MINIVAN",BANCO_DADOS!C73,IF($C$10="VAN",BANCO_DADOS!D73,IF($C$10="MICROONIBUS",BANCO_DADOS!E73,BANCO_DADOS!F73))),2) -> 0
B69: TOTAL DO MÓDULO 3 | C69: =SUM(C64:C68) -> 1.5082278
B71: VALOR DO KM | C71: =C69+C61 -> 8.7732945
B72: VALOR DO KM (NÃO PAVIMENTADO) | C72: =IF(C8="NÃO",1.35,1)*C71 -> 11.843948

Sheet ROTA 21
B1: LOTE 21
B3: MESES DO ANO | C3: =BANCO_DADOS!C3 -> 10
B4: DIAS LETIVOS | C4: 20
B5: VALOR GASOLINA | C5: =BANCO_DADOS!C5 -> 7.28 | E5: =C72 -> 23.793971
B6: VALOR DIESEL S10 | C6: =BANCO_DADOS!C6 -> 7.52
B7: DESCRIÇÃO DO VEÍCULO
B8: PAVIMENTO | C8: NÃO
B9: KM DIÁRIOS | C9: 20
B10: TIPO DO VEÍCULO: | C10: MINIVAN
B11: MÉDIA DIAS LETIVOS MÊS | C11: 20
B13: MÓDULO 1 - CUSTOS VARIÁVEIS
B14: COMBUSTIVEL | C14: =IF($C$10="MINIVAN",BANCO_DADOS!C14,IF($C$10="VAN",BANCO_DADOS!D14,IF($C$10="MICROONIBUS",BANCO_DADOS!E14,BANCO_DADOS!F14))) -> 7.28
B15: MÉDIA CONSUMIDA POR KM/ LITRO | C15: =IF($C$10="MINIVAN",BANCO_DADOS!C15,IF($C$10="VAN",BANCO_DADOS!D15,IF($C$10="MICROONIBUS",BANCO_DADOS!E15,BANCO_DADOS!F15))) -> 4.2
B16: CUSTO COMBUSTÍVEL POR KM | C16: =C14/C15 -> 1.7333333
B18: LUBRIFICANTES
B19: CUSTO LUBRIFICANTE POR KM | C19: =ROUND(IF($C$10="MINIVAN",BANCO_DADOS!C19,IF($C$10="VAN",BANCO_DADOS!D19,IF($C$10="MICROONIBUS",BANCO_DADOS!E19,BANCO_DADOS!F19))),2) -> 0.1
B21: RODAGEM
B22: PREÇO DO PNEU | C22: =ROUND(IF($C$10="MINIVAN",BANCO_DADOS!C22,IF($C$10="VAN",BANCO_DADOS!D22,IF($C$10="MICROONIBUS",BANCO_DADOS!E22,BANCO_DADOS!F22))),2) -> 348.83
B23: QUANT PNEUS RODANDO | C23: =ROUND(IF($C$10="MINIVAN",BANCO_DADOS!C23,IF($C$10="VAN",BANCO_DADOS!D23,IF($C$10="MICROONIBUS",BANCO_DADOS!E23,BANCO_DADOS!F23))),2) -> 4
B24: TOTAL NA TROCA | C24: =ROUND(IF($C$10="MINIVAN",BANCO_DADOS!C24,IF($C$10="VAN",BANCO_DADOS!D24,IF($C$10="MICROONIBUS",BANCO_DADOS!E24,BANCO_DADOS!F24))),2) -> 1395.32
B25: VIDA UTIL DO PNEU POR KM | C25: =ROUND(IF($C$10="MINIVAN",BANCO_DADOS!C25,IF($C$10="VAN",BANCO_DADOS!D25,IF($C$10="MICROONIBUS",BANCO_DADOS!E25,BANCO_DADOS!F25))),2) -> 45500
B26: CUSTO DOS PNEUS DE RODAGEM POR KM | C26: =ROUND(IF($C$10="MINIVAN",BANCO_DADOS!C26,IF($C$10="VAN",BANCO_DADOS!D26,IF($C$10="MICROONIBUS",BANCO_DADOS!E26,BANCO_DADOS!F26))),2) -> 0.03
B28: MANUTENÇÃO: PEÇAS E ACESSÓRIOS
B29: COEFICIENTE DE MANUTENÇÃO | C29: =(IF($C$10="MINIVAN",BANCO_DADOS!C29,IF($C$10="VAN",BANCO_DADOS!D29,IF($C$10="MICROONIBUS",BANCO_DADOS!E29,BANCO_DADOS!F29)))) -> 3e-06
B30: CUSTO DE MANUTENÇÃO POR KM | C30: =ROUND(IF($C$10="MINIVAN",BANCO_DADOS!C30,IF($C$10="VAN",BANCO_DADOS!D30,IF($C$10="MICROONIBUS",BANCO_DADOS!E30,BANCO_DADOS!F30))),2) -> 0.11
B32: TOTAL DO MÓDULO 1 | C32: =ROUND(IF($C$10="MINIVAN",BANCO_DADOS!C32,IF($C$10="VAN",BANCO_DADOS!D32,IF($C$10="MICROONIBUS",BANCO_DADOS!E32,BANCO_DADOS!F32))),2) -> 1.98
B34: MÓDULO 2 - CUSTOS FIXOS
B35: DEPRECIAÇÃO
B36: VALOR MÉDIO DE VENDA VEÍCULO | C36: =ROUND(IF($C$10="MINIVAN",BANCO_DADOS!C36,IF($C$10="VAN",BANCO_DADOS!D36,IF($C$10="MICROONIBUS",BANCO_DADOS!E36,BANCO_DADOS!F36))),2) -> 37824
B37: DEPRECIAÇÃO ANUAL % | C37: =ROUND(IF($C$10="MINIVAN",BANCO_DADOS!C37,IF($C$10="VAN",BANCO_DADOS!D37,IF($C$10="MICROONIBUS",BANCO_DADOS!E37,BANCO_DADOS!F37))),2) -> 20
B38: VALOR DA DEPRECIAÇÃO | C38: =ROUND(IF($C$10="MINIVAN",BANCO_DADOS!C38,IF($C$10="VAN",BANCO_DADOS!D38,IF($C$10="MICROONIBUS",BANCO_DADOS!E38,BANCO_DADOS!F38))),2) -> 7564.8
B39: MESES ANO | C39: =ROUND(IF($C$10="MINIVAN",BANCO_DADOS!C39,IF($C$10="VAN",BANCO_DADOS!D39,IF($C$10="MICROONIBUS",BANCO_DADOS!E39,BANCO_DADOS!F39))),2) -> 10
B40: VALOR A DEPRECIAR MÊS | C40: =ROUND(IF($C$10="MINIVAN",BANCO_DADOS!C40,IF($C$10="VAN",BANCO_DADOS!D40,IF($C$10="MICROONIBUS",BANCO_DADOS!E40,BANCO_DADOS!F40))),2) -> 756.48
B41: KM MEDIA PERCORRIDA NO MÊS | C41: =C9*C11 -> 400
B42: CUSTO DA DEPRECIAÇÃO POR KM | C42: =C40/C41 -> 1.8912
B44: CUSTO COM FUNCIONÁRIO
B45: MOTORISTA - 220 H | C45: =ROUND(IF($C$10="MINIVAN",BANCO_DADOS!C45,IF($C$10="VAN",BANCO_DADOS!D45,IF($C$10="MICROONIBUS",BANCO_DADOS!E45,BANCO_DADOS!F45))),2) -> 6676.24
B46: VALOR DA HORA TRABALHADA | C46: =ROUND(IF($C$10="MINIVAN",BANCO_DADOS!C46,IF($C$10="VAN",BANCO_DADOS!D46,IF($C$10="MICROONIBUS",BANCO_DADOS!E46,BANCO_DADOS!F46))),2) -> 30.35
B47: VALOR DIA - 06 HORAS | C47: =ROUND(IF($C$10="MINIVAN",BANCO_DADOS!C47,IF($C$10="VAN",BANCO_DADOS!D47,IF($C$10="MICROONIBUS",BANCO_DADOS!E47,BANCO_DADOS!F47))),2) -> 182.08
B48: CUSTO FUNCIONÁRIO POR KM RODADO | C48: =C47/C9 -> 9.104
B50: CUSTOS DO VEÍCULO
B51: VALOR DO VEÍCULO | C51: =ROUND(IF($C$10="MINIVAN",BANCO_DADOS!C51,IF($C$10="VAN",BANCO_DADOS!D51,IF($C$10="MICROONIBUS",BANCO_DADOS!E51,BANCO_DADOS!F51))),2) -> 37824
B52: IPVA - 2% sobre o valor do veículo | C52: =ROUND(IF($C$10="MINIVAN",BANCO_DADOS!C52,IF($C$10="VAN",BANCO_DADOS!D52,IF($C$10="MICROONIBUS",BANCO_DADOS!E52,BANCO_DADOS!F52))),2) -> 756.48
B53: Valor do CRLV-e | C53: =ROUND(IF($C$10="MINIVAN",BANCO_DADOS!C53,IF($C$10="VAN",BANCO_DADOS!D53,IF($C$10="MICROONIBUS",BANCO_DADOS!E53,BANCO_DADOS!F53))),2) -> 90
B54: seguro resp. civil e casco | C54: =ROUND(IF($C$10="MINIVAN",BANCO_DADOS!C54,IF($C$10="VAN",BANCO_DADOS!D54,IF($C$10="MICROONIBUS",BANCO_DADOS!E54,BANCO_DADOS!F54))),2) -> 2275
B55: laudos DETRAN/IN METRO | C55: =ROUND(IF($C$10="MINIVAN",BANCO_DADOS!C55,IF($C$10="VAN",BANCO_DADOS!D55,IF($C$10="MICROONIBUS",BANCO_DADOS!E55,BANCO_DADOS!F55))),2) -> 120
B56: DPVAT | C56: 0
B57: CUSTO DO VEÍCULO POR KM | C57: =ROUND(IF($C$10="MINIVAN",BANCO_DADOS!C57,IF($C$10="VAN",BANCO_DADOS!D57,IF($C$10="MICROONIBUS",BANCO_DADOS!E57,BANCO_DADOS!F57))),2) -> 1.62
B59: TOTAL DO MÓDULO 2 | C59: =C57+C48+C42 -> 12.6152
B61: SOMA DOS MÓDULOS 1+2 | C61: =C59+C32 -> 14.5952
B63: MÓDULO 3 - CUSTOS INDIRETOS, TRIBUTOS E LUCRO
B64: Despesas Indiretas | C64: =C61*5% -> 0.72976
B65: Lucro | C65: =C61*7.2% -> 1.0508544
B66: Tributos (COFINS - 3% e PIS - 0,65) | C66: =C61*3.56% -> 0.51958912
B67: ISS | C67: =C61*5% -> 0.72976
B68: Tributos (Contribuição Previdenciária - 0% ou 4,5%, conforme Lei 12.844/2013 - Desoneração) | C68: =ROUND(IF($C$10="MINIVAN",BANCO_DADOS!C73,IF($C$10="VAN",BANCO_DADOS!D73,IF($C$10="MICROONIBUS",BANCO_DADOS!E73,BANCO_DADOS!F73))),2) -> 0
B69: TOTAL DO MÓDULO 3 | C69: =SUM(C64:C68) -> 3.0299635
B71: VALOR DO KM | C71: =C69+C61 -> 17.625164
B72: VALOR DO KM (NÃO PAVIMENTADO) | C72: =IF(C8="NÃO",1.35,1)*C71 -> 23.793971

Sheet ROTA 22
B1: LOTE 21
B3: MESES DO ANO | C3: =BANCO_DADOS!C3 -> 10
B4: DIAS LETIVOS | C4: 20
B5: VALOR GASOLINA | C5: =BANCO_DADOS!C5 -> 7.28 | E5: =C72 -> 14.831453
B6: VALOR DIESEL S10 | C6: =BANCO_DADOS!C6 -> 7.52
B7: DESCRIÇÃO DO VEÍCULO
B8: PAVIMENTO | C8: NÃO
B9: KM DIÁRIOS | C9: 40
B10: TIPO DO VEÍCULO: | C10: MINIVAN
B11: MÉDIA DIAS LETIVOS MÊS | C11: 20
B13: MÓDULO 1 - CUSTOS VARIÁVEIS
B14: COMBUSTIVEL | C14: =IF($C$10="MINIVAN",BANCO_DADOS!C14,IF($C$10="VAN",BANCO_DADOS!D14,IF($C$10="MICROONIBUS",BANCO_DADOS!E14,BANCO_DADOS!F14))) -> 7.28
B15: MÉDIA CONSUMIDA POR KM/ LITRO | C15: =IF($C$10="MINIVAN",BANCO_DADOS!C15,IF($C$10="VAN",BANCO_DADOS!D15,IF($C$10="MICROONIBUS",BANCO_DADOS!E15,BANCO_DADOS!F15))) -> 4.2
B16: CUSTO COMBUSTÍVEL POR KM | C16: =C14/C15 -> 1.7333333
B18: LUBRIFICANTES
B19: CUSTO LUBRIFICANTE POR KM | C19: =ROUND(IF($C$10="MINIVAN",BANCO_DADOS!C19,IF($C$10="VAN",BANCO_DADOS!D19,IF($C$10="MICROONIBUS",BANCO_DADOS!E19,BANCO_DADOS!F19))),2) -> 0.1
B21: RODAGEM
B22: PREÇO DO PNEU | C22: =ROUND(IF($C$10="MINIVAN",BANCO_DADOS!C22,IF($C$10="VAN",BANCO_DADOS!D22,IF($C$10="MICROONIBUS",BANCO_DADOS!E22,BANCO_DADOS!F22))),2) -> 348.83
B23: QUANT PNEUS RODANDO | C23: =ROUND(IF($C$10="MINIVAN",BANCO_DADOS!C23,IF($C$10="VAN",BANCO_DADOS!D23,IF($C$10="MICROONIBUS",BANCO_DADOS!E23,BANCO_DADOS!F23))),2) -> 4
B24: TOTAL NA TROCA | C24: =ROUND(IF($C$10="MINIVAN",BANCO_DADOS!C24,IF($C$10="VAN",BANCO_DADOS!D24,IF($C$10="MICROONIBUS",BANCO_DADOS!E24,BANCO_DADOS!F24))),2) -> 1395.32
B25: VIDA UTIL DO PNEU POR KM | C25: =ROUND(IF($C$10="MINIVAN",BANCO_DADOS!C25,IF($C$10="VAN",BANCO_DADOS!D25,IF($C$10="MICROONIBUS",BANCO_DADOS!E25,BANCO_DADOS!F25))),2) -> 45500
B26: CUSTO DOS PNEUS DE RODAGEM POR KM | C26: =ROUND(IF($C$10="MINIVAN",BANCO_DADOS!C26,IF($C$10="VAN",BANCO_DADOS!D26,IF($C$10="MICROONIBUS",BANCO_DADOS!E26,BANCO_DADOS!F26))),2) -> 0.03
B28: MANUTENÇÃO: PEÇAS E ACESSÓRIOS
B29: COEFICIENTE DE MANUTENÇÃO | C29: =(IF($C$10="MINIVAN",BANCO_DADOS!C29,IF($C$10="VAN",BANCO_DADOS!D29,IF($C$10="MICROONIBUS",BANCO_DADOS!E29,BANCO_DADOS!F29)))) -> 3e-06
B30: CUSTO DE MANUTENÇÃO POR KM | C30: =ROUND(IF($C$10="MINIVAN",BANCO_DADOS!C30,IF($C$10="VAN",BANCO_DADOS!D30,IF($C$10="MICROONIBUS",BANCO_DADOS!E30,BANCO_DADOS!F30))),2) -> 0.11
B32: TOTAL DO MÓDULO 1 | C32: =ROUND(IF($C$10="MINIVAN",BANCO_DADOS!C32,IF($C$10="VAN",BANCO_DADOS!D32,IF($C$10="MICROONIBUS",BANCO_DADOS!E32,BANCO_DADOS!F32))),2) -> 1.98
B34: MÓDULO 2 - CUSTOS FIXOS
B35: DEPRECIAÇÃO
B36: VALOR MÉDIO DE VENDA VEÍCULO | C36: =ROUND(IF($C$10="MINIVAN",BANCO_DADOS!C36,IF($C$10="VAN",BANCO_DADOS!D36,IF($C$10="MICROONIBUS",BANCO_DADOS!E36,BANCO_DADOS!F36))),2) -> 37824
B37: DEPRECIAÇÃO ANUAL % | C37: =ROUND(IF($C$10="MINIVAN",BANCO_DADOS!C37,IF($C$10="VAN",BANCO_DADOS!D37,IF($C$10="MICROONIBUS",BANCO_DADOS!E37,BANCO_DADOS!F37))),2) -> 20
B38: VALOR DA DEPRECIAÇÃO | C38: =ROUND(IF($C$10="MINIVAN",BANCO_DADOS!C38,IF($C$10="VAN",BANCO_DADOS!D38,IF($C$10="MICROONIBUS",BANCO_DADOS!E38,BANCO_DADOS!F38))),2) -> 7564.8
B39: MESES ANO | C39: =ROUND(IF($C$10="MINIVAN",BANCO_DADOS!C39,IF($C$10="VAN",BANCO_DADOS!D39,IF($C$10="MICROONIBUS",BANCO_DADOS!E39,BANCO_DADOS!F39))),2) -> 10
B40: VALOR A DEPRECIAR MÊS | C40: =ROUND(IF($C$10="MINIVAN",BANCO_DADOS!C40,IF($C$10="VAN",BANCO_DADOS!D40,IF($C$10="MICROONIBUS",BANCO_DADOS!E40,BANCO_DADOS!F40))),2) -> 756.48
B41: KM MEDIA PERCORRIDA NO MÊS | C41: =C9*C11 -> 800
B42: CUSTO DA DEPRECIAÇÃO POR KM | C42: =C40/C41 -> 0.9456
B44: CUSTO COM FUNCIONÁRIO
B45: MOTORISTA - 220 H | C45: =ROUND(IF($C$10="MINIVAN",BANCO_DADOS!C45,IF($C$10="VAN",BANCO_DADOS!D45,IF($C$10="MICROONIBUS",BANCO_DADOS!E45,BANCO_DADOS!F45))),2) -> 6676.24
B46: VALOR DA HORA TRABALHADA | C46: =ROUND(IF($C$10="MINIVAN",BANCO_DADOS!C46,IF($C$10="VAN",BANCO_DADOS!D46,IF($C$10="MICROONIBUS",BANCO_DADOS!E46,BANCO_DADOS!F46))),2) -> 30.35
B47: VALOR DIA - 06 HORAS | C47: =ROUND(IF($C$10="MINIVAN",BANCO_DADOS!C47,IF($C$10="VAN",BANCO_DADOS!D47,IF($C$10="MICROONIBUS",BANCO_DADOS!E47,BANCO_DADOS!F47))),2) -> 182.08
B48: CUSTO FUNCIONÁRIO POR KM RODADO | C48: =C47/C9 -> 4.552
B50: CUSTOS DO VEÍCULO
B51: VALOR DO VEÍCULO | C51: =ROUND(IF($C$10="MINIVAN",BANCO_DADOS!C51,IF($C$10="VAN",BANCO_DADOS!D51,IF($C$10="MICROONIBUS",BANCO_DADOS!E51,BANCO_DADOS!F51))),2) -> 37824
B52: IPVA - 2% sobre o valor do veículo | C52: =ROUND(IF($C$10="MINIVAN",BANCO_DADOS!C52,IF($C$10="VAN",BANCO_DADOS!D52,IF($C$10="MICROONIBUS",BANCO_DADOS!E52,BANCO_DADOS!F52))),2) -> 756.48
B53: Valor do CRLV-e | C53: =ROUND(IF($C$10="MINIVAN",BANCO_DADOS!C53,IF($C$10="VAN",BANCO_DADOS!D53,IF($C$10="MICROONIBUS",BANCO_DADOS!E53,BANCO_DADOS!F53))),2) -> 90
B54: seguro resp. civil e casco | C54: =ROUND(IF($C$10="MINIVAN",BANCO_DADOS!C54,IF($C$10="VAN",BANCO_DADOS!D54,IF($C$10="MICROONIBUS",BANCO_DADOS!E54,BANCO_DADOS!F54))),2) -> 2275
B55: laudos DETRAN/IN METRO | C55: =ROUND(IF($C$10="MINIVAN",BANCO_DADOS!C55,IF($C$10="VAN",BANCO_DADOS!D55,IF($C$10="MICROONIBUS",BANCO_DADOS!E55,BANCO_DADOS!F55))),2) -> 120
B56: DPVAT | C56: 0
B57: CUSTO DO VEÍCULO POR KM | C57: =ROUND(IF($C$10="MINIVAN",BANCO_DADOS!C57,IF($C$10="VAN",BANCO_DADOS!D57,IF($C$10="MICROONIBUS",BANCO_DADOS!E57,BANCO_DADOS!F57))),2) -> 1.62
B59: TOTAL DO MÓDULO 2 | C59: =C57+C48+C42 -> 7.1176
B61: SOMA DOS MÓDULOS 1+2 | C61: =C59+C32 -> 9.0976
B63: MÓDULO 3 - CUSTOS INDIRETOS, TRIBUTOS E LUCRO
B64: Despesas Indiretas | C64: =C61*5% -> 0.45488
B65: Lucro | C65: =C61*7.2% -> 0.6550272
B66: Tributos (COFINS - 3% e PIS - 0,65) | C66: =C61*3.56% -> 0.32387456
B67: ISS | C67: =C61*5% -> 0.45488
B68: Tributos (Contribuição Previdenciária - 0% ou 4,5%, conforme Lei 12.844/2013 - Desoneração) | C68: =ROUND(IF($C$10="MINIVAN",BANCO_DADOS!C73,IF($C$10="VAN",BANCO_DADOS!D73,IF($C$10="MICROONIBUS",BANCO_DADOS!E73,BANCO_DADOS!F73))),2) -> 0
B69: TOTAL DO MÓDULO 3 | C69: =SUM(C64:C68) -> 1.8886618
B71: VALOR DO KM | C71: =C69+C61 -> 10.986262
B72: VALOR DO KM (NÃO PAVIMENTADO) | C72: =IF(C8="NÃO",1.35,1)*C71 -> 14.831453

Sheet ROTA 23
B1: LOTE 23
B3: MESES DO ANO | C3: =BANCO_DADOS!C3 -> 10
B4: DIAS LETIVOS | C4: 20
B5: VALOR GASOLINA | C5: =BANCO_DADOS!C5 -> 7.28 | E5: =C72 -> 28.275229
B6: VALOR DIESEL S10 | C6: =BANCO_DADOS!C6 -> 7.52
B7: DESCRIÇÃO DO VEÍCULO
B8: PAVIMENTO | C8: NÃO
B9: KM DIÁRIOS | C9: 16
B10: TIPO DO VEÍCULO: | C10: MINIVAN
B11: MÉDIA DIAS LETIVOS MÊS | C11: 20
B13: MÓDULO 1 - CUSTOS VARIÁVEIS
B14: COMBUSTIVEL | C14: =IF($C$10="MINIVAN",BANCO_DADOS!C14,IF($C$10="VAN",BANCO_DADOS!D14,IF($C$10="MICROONIBUS",BANCO_DADOS!E14,BANCO_DADOS!F14))) -> 7.28
B15: MÉDIA CONSUMIDA POR KM/ LITRO | C15: =IF($C$10="MINIVAN",BANCO_DADOS!C15,IF($C$10="VAN",BANCO_DADOS!D15,IF($C$10="MICROONIBUS",BANCO_DADOS!E15,BANCO_DADOS!F15))) -> 4.2
B16: CUSTO COMBUSTÍVEL POR KM | C16: =C14/C15 -> 1.7333333
B18: LUBRIFICANTES
B19: CUSTO LUBRIFICANTE POR KM | C19: =ROUND(IF($C$10="MINIVAN",BANCO_DADOS!C19,IF($C$10="VAN",BANCO_DADOS!D19,IF($C$10="MICROONIBUS",BANCO_DADOS!E19,BANCO_DADOS!F19))),2) -> 0.1
B21: RODAGEM
B22: PREÇO DO PNEU | C22: =ROUND(IF($C$10="MINIVAN",BANCO_DADOS!C22,IF($C$10="VAN",BANCO_DADOS!D22,IF($C$10="MICROONIBUS",BANCO_DADOS!E22,BANCO_DADOS!F22))),2) -> 348.83
B23: QUANT PNEUS RODANDO | C23: =ROUND(IF($C$10="MINIVAN",BANCO_DADOS!C23,IF($C$10="VAN",BANCO_DADOS!D23,IF($C$10="MICROONIBUS",BANCO_DADOS!E23,BANCO_DADOS!F23))),2) -> 4
B24: TOTAL NA TROCA | C24: =ROUND(IF($C$10="MINIVAN",BANCO_DADOS!C24,IF($C$10="VAN",BANCO_DADOS!D24,IF($C$10="MICROONIBUS",BANCO_DADOS!E24,BANCO_DADOS!F24))),2) -> 1395.32
B25: VIDA UTIL DO PNEU POR KM | C25: =ROUND(IF($C$10="MINIVAN",BANCO_DADOS!C25,IF($C$10="VAN",BANCO_DADOS!D25,IF($C$10="MICROONIBUS",BANCO_DADOS!E25,BANCO_DADOS!F25))),2) -> 45500
B26: CUSTO DOS PNEUS DE RODAGEM POR KM | C26: =ROUND(IF($C$10="MINIVAN",BANCO_DADOS!C26,IF($C$10="VAN",BANCO_DADOS!D26,IF($C$10="MICROONIBUS",BANCO_DADOS!E26,BANCO_DADOS!F26))),2) -> 0.03
B28: MANUTENÇÃO: PEÇAS E ACESSÓRIOS
B29: COEFICIENTE DE MANUTENÇÃO | C29: =(IF($C$10="MINIVAN",BANCO_DADOS!C29,IF($C$10="VAN",BANCO_DADOS!D29,IF($C$10="MICROONIBUS",BANCO_DADOS!E29,BANCO_DADOS!F29)))) -> 3e-06
B30: CUSTO DE MANUTENÇÃO POR KM | C30: =ROUND(IF($C$10="MINIVAN",BANCO_DADOS!C30,IF($C$10="VAN",BANCO_DADOS!D30,IF($C$10="MICROONIBUS",BANCO_DADOS!E30,BANCO_DADOS!F30))),2) -> 0.11
B32: TOTAL DO MÓDULO 1 | C32: =ROUND(IF($C$10="MINIVAN",BANCO_DADOS!C32,IF($C$10="VAN",BANCO_DADOS!D32,IF($C$10="MICROONIBUS",BANCO_DADOS!E32,BANCO_DADOS!F32))),2) -> 1.98
B34: MÓDULO 2 - CUSTOS FIXOS
B35: DEPRECIAÇÃO
B36: VALOR MÉDIO DE VENDA VEÍCULO | C36: =ROUND(IF($C$10="MINIVAN",BANCO_DADOS!C36,IF($C$10="VAN",BANCO_DADOS!D36,IF($C$10="MICROONIBUS",BANCO_DADOS!E36,BANCO_DADOS!F36))),2) -> 37824
B37: DEPRECIAÇÃO ANUAL % | C37: =ROUND(IF($C$10="MINIVAN",BANCO_DADOS!C37,IF($C$10="VAN",BANCO_DADOS!D37,IF($C$10="MICROONIBUS",BANCO_DADOS!E37,BANCO_DADOS!F37))),2) -> 20
B38: VALOR DA DEPRECIAÇÃO | C38: =ROUND(IF($C$10="MINIVAN",BANCO_DADOS!C38,IF($C$10="VAN",BANCO_DADOS!D38,IF($C$10="MICROONIBUS",BANCO_DADOS!E38,BANCO_DADOS!F38))),2) -> 7564.8
B39: MESES ANO | C39: =ROUND(IF($C$10="MINIVAN",BANCO_DADOS!C39,IF($C$10="VAN",BANCO_DADOS!D39,IF($C$10="MICROONIBUS",BANCO_DADOS!E39,BANCO_DADOS!F39))),2) -> 10
B40: VALOR A DEPRECIAR MÊS | C40: =ROUND(IF($C$10="MINIVAN",BANCO_DADOS!C40,IF($C$10="VAN",BANCO_DADOS!D40,IF($C$10="MICROONIBUS",BANCO_DADOS!E40,BANCO_DADOS!F40))),2) -> 756.48
B41: KM MEDIA PERCORRIDA NO MÊS | C41: =C9*C11 -> 320
B42: CUSTO DA DEPRECIAÇÃO POR KM | C42: =C40/C41 -> 2.364
B44: CUSTO COM FUNCIONÁRIO
B45: MOTORISTA - 220 H | C45: =ROUND(IF($C$10="MINIVAN",BANCO_DADOS!C45,IF($C$10="VAN",BANCO_DADOS!D45,IF($C$10="MICROONIBUS",BANCO_DADOS!E45,BANCO_DADOS!F45))),2) -> 6676.24
B46: VALOR DA HORA TRABALHADA | C46: =ROUND(IF($C$10="MINIVAN",BANCO_DADOS!C46,IF($C$10="VAN",BANCO_DADOS!D46,IF($C$10="MICROONIBUS",BANCO_DADOS!E46,BANCO_DADOS!F46))),2) -> 30.35
B47: VALOR DIA - 06 HORAS | C47: =ROUND(IF($C$10="MINIVAN",BANCO_DADOS!C47,IF($C$10="VAN",BANCO_DADOS!D47,IF($C$10="MICROONIBUS",BANCO_DADOS!E47,BANCO_DADOS!F47))),2) -> 182.08
B48: CUSTO FUNCIONÁRIO POR KM RODADO | C48: =C47/C9 -> 11.38
B50: CUSTOS DO VEÍCULO
B51: VALOR DO VEÍCULO | C51: =ROUND(IF($C$10="MINIVAN",BANCO_DADOS!C51,IF($C$10="VAN",BANCO_DADOS!D51,IF($C$10="MICROONIBUS",BANCO_DADOS!E51,BANCO_DADOS!F51))),2) -> 37824
B52: IPVA - 2% sobre o valor do veículo | C52: =ROUND(IF($C$10="MINIVAN",BANCO_DADOS!C52,IF($C$10="VAN",BANCO_DADOS!D52,IF($C$10="MICROONIBUS",BANCO_DADOS!E52,BANCO_DADOS!F52))),2) -> 756.48
B53: Valor do CRLV-e | C53: =ROUND(IF($C$10="MINIVAN",BANCO_DADOS!C53,IF($C$10="VAN",BANCO_DADOS!D53,IF($C$10="MICROONIBUS",BANCO_DADOS!E53,BANCO_DADOS!F53))),2) -> 90
B54: seguro resp. civil e casco | C54: =ROUND(IF($C$10="MINIVAN",BANCO_DADOS!C54,IF($C$10="VAN",BANCO_DADOS!D54,IF($C$10="MICROONIBUS",BANCO_DADOS!E54,BANCO_DADOS!F54))),2) -> 2275
B55: laudos DETRAN/IN METRO | C55: =ROUND(IF($C$10="MINIVAN",BANCO_DADOS!C55,IF($C$10="VAN",BANCO_DADOS!D55,IF($C$10="MICROONIBUS",BANCO_DADOS!E55,BANCO_DADOS!F55))),2) -> 120
B56: DPVAT | C56: 0
B57: CUSTO DO VEÍCULO POR KM | C57: =ROUND(IF($C$10="MINIVAN",BANCO_DADOS!C57,IF($C$10="VAN",BANCO_DADOS!D57,IF($C$10="MICROONIBUS",BANCO_DADOS!E57,BANCO_DADOS!F57))),2) -> 1.62
B59: TOTAL DO MÓDULO 2 | C59: =C57+C48+C42 -> 15.364
B61: SOMA DOS MÓDULOS 1+2 | C61: =C59+C32 -> 17.344
B63: MÓDULO 3 - CUSTOS INDIRETOS, TRIBUTOS E LUCRO
B64: Despesas Indiretas | C64: =C61*5% -> 0.8672
B65: Lucro | C65: =C61*7.2% -> 1.248768
B66: Tributos (COFINS - 3% e PIS - 0,65) | C66: =C61*3.56% -> 0.6174464
B67: ISS | C67: =C61*5% -> 0.8672
B68: Tributos (Contribuição Previdenciária - 0% ou 4,5%, conforme Lei 12.844/2013 - Desoneração) | C68: =ROUND(IF($C$10="MINIVAN",BANCO_DADOS!C73,IF($C$10="VAN",BANCO_DADOS!D73,IF($C$10="MICROONIBUS",BANCO_DADOS!E73,BANCO_DADOS!F73))),2) -> 0
B69: TOTAL DO MÓDULO 3 | C69: =SUM(C64:C68) -> 3.6006144
B71: VALOR DO KM | C71: =C69+C61 -> 20.944614
B72: VALOR DO KM (NÃO PAVIMENTADO) | C72: =IF(C8="NÃO",1.35,1)*C71 -> 28.275229

Sheet ROTA 24
B1: LOTE 24
B3: MESES DO ANO | C3: =BANCO_DADOS!C3 -> 10
B4: DIAS LETIVOS | C4: 20
B5: VALOR GASOLINA | C5: =BANCO_DADOS!C5 -> 7.28 | E5: =C72 -> 19.100475
B6: VALOR DIESEL S10 | C6: =BANCO_DADOS!C6 -> 7.52
B7: DESCRIÇÃO DO VEÍCULO
B8: PAVIMENTO | C8: SIM
B9: KM DIÁRIOS | C9: 18
B10: TIPO DO VEÍCULO: | C10: MINIVAN
B11: MÉDIA DIAS LETIVOS MÊS | C11: 20
B13: MÓDULO 1 - CUSTOS VARIÁVEIS
B14: COMBUSTIVEL | C14: =IF($C$10="MINIVAN",BANCO_DADOS!C14,IF($C$10="VAN",BANCO_DADOS!D14,IF($C$10="MICROONIBUS",BANCO_DADOS!E14,BANCO_DADOS!F14))) -> 7.28
B15: MÉDIA CONSUMIDA POR KM/ LITRO | C15: =IF($C$10="MINIVAN",BANCO_DADOS!C15,IF($C$10="VAN",BANCO_DADOS!D15,IF($C$10="MICROONIBUS",BANCO_DADOS!E15,BANCO_DADOS!F15))) -> 4.2
B16: CUSTO COMBUSTÍVEL POR KM | C16: =C14/C15 -> 1.7333333
B18: LUBRIFICANTES
B19: CUSTO LUBRIFICANTE POR KM | C19: =ROUND(IF($C$10="MINIVAN",BANCO_DADOS!C19,IF($C$10="VAN",BANCO_DADOS!D19,IF($C$10="MICROONIBUS",BANCO_DADOS!E19,BANCO_DADOS!F19))),2) -> 0.1
B21: RODAGEM
B22: PREÇO DO PNEU | C22: =ROUND(IF($C$10="MINIVAN",BANCO_DADOS!C22,IF($C$10="VAN",BANCO_DADOS!D22,IF($C$10="MICROONIBUS",BANCO_DADOS!E22,BANCO_DADOS!F22))),2) -> 348.83
B23: QUANT PNEUS RODANDO | C23: =ROUND(IF($C$10="MINIVAN",BANCO_DADOS!C23,IF($C$10="VAN",BANCO_DADOS!D23,IF($C$10="MICROONIBUS",BANCO_DADOS!E23,BANCO_DADOS!F23))),2) -> 4
B24: TOTAL NA TROCA | C24: =ROUND(IF($C$10="MINIVAN",BANCO_DADOS!C24,IF($C$10="VAN",BANCO_DADOS!D24,IF($C$10="MICROONIBUS",BANCO_DADOS!E24,BANCO_DADOS!F24))),2) -> 1395.32
B25: VIDA UTIL DO PNEU POR KM | C25: =ROUND(IF($C$10="MINIVAN",BANCO_DADOS!C25,IF($C$10="VAN",BANCO_DADOS!D25,IF($C$10="MICROONIBUS",BANCO_DADOS!E25,BANCO_DADOS!F25))),2) -> 45500
B26: CUSTO DOS PNEUS DE RODAGEM POR KM | C26: =ROUND(IF($C$10="MINIVAN",BANCO_DADOS!C26,IF($C$10="VAN",BANCO_DADOS!D26,IF($C$10="MICROONIBUS",BANCO_DADOS!E26,BANCO_DADOS!F26))),2) -> 0.03
B28: MANUTENÇÃO: PEÇAS E ACESSÓRIOS
B29: COEFICIENTE DE MANUTENÇÃO | C29: =(IF($C$10="MINIVAN",BANCO_DADOS!C29,IF($C$10="VAN",BANCO_DADOS!D29,IF($C$10="MICROONIBUS",BANCO_DADOS!E29,BANCO_DADOS!F29)))) -> 3e-06
B30: CUSTO DE MANUTENÇÃO POR KM | C30: =ROUND(IF($C$10="MINIVAN",BANCO_DADOS!C30,IF($C$10="VAN",BANCO_DADOS!D30,IF($C$10="MICROONIBUS",BANCO_DADOS!E30,BANCO_DADOS!F30))),2) -> 0.11
B32: TOTAL DO MÓDULO 1 | C32: =ROUND(IF($C$10="MINIVAN",BANCO_DADOS!C32,IF($C$10="VAN",BANCO_DADOS!D32,IF($C$10="MICROONIBUS",BANCO_DADOS!E32,BANCO_DADOS!F32))),2) -> 1.98
B34: MÓDULO 2 - CUSTOS FIXOS
B35: DEPRECIAÇÃO
B36: VALOR MÉDIO DE VENDA VEÍCULO | C36: =ROUND(IF($C$10="MINIVAN",BANCO_DADOS!C36,IF($C$10="VAN",BANCO_DADOS!D36,IF($C$10="MICROONIBUS",BANCO_DADOS!E36,BANCO_DADOS!F36))),2) -> 37824
B37: DEPRECIAÇÃO ANUAL % | C37: =ROUND(IF($C$10="MINIVAN",BANCO_DADOS!C37,IF($C$10="VAN",BANCO_DADOS!D37,IF($C$10="MICROONIBUS",BANCO_DADOS!E37,BANCO_DADOS!F37))),2) -> 20
B38: VALOR DA DEPRECIAÇÃO | C38: =ROUND(IF($C$10="MINIVAN",BANCO_DADOS!C38,IF($C$10="VAN",BANCO_DADOS!D38,IF($C$10="MICROONIBUS",BANCO_DADOS!E38,BANCO_DADOS!F38))),2) -> 7564.8
B39: MESES ANO | C39: =ROUND(IF($C$10="MINIVAN",BANCO_DADOS!C39,IF($C$10="VAN",BANCO_DADOS!D39,IF($C$10="MICROONIBUS",BANCO_DADOS!E39,BANCO_DADOS!F39))),2) -> 10
B40: VALOR A DEPRECIAR MÊS | C40: =ROUND(IF($C$10="MINIVAN",BANCO_DADOS!C40,IF($C$10="VAN",BANCO_DADOS!D40,IF($C$10="MICROONIBUS",BANCO_DADOS!E40,BANCO_DADOS!F40))),2) -> 756.48
B41: KM MEDIA PERCORRIDA NO MÊS | C41: =C9*C11 -> 360
B42: CUSTO DA DEPRECIAÇÃO POR KM | C42: =C40/C41 -> 2.1013333
B44: CUSTO COM FUNCIONÁRIO
B45: MOTORISTA - 220 H | C45: =ROUND(IF($C$10="MINIVAN",BANCO_DADOS!C45,IF($C$10="VAN",BANCO_DADOS!D45,IF($C$10="MICROONIBUS",BANCO_DADOS!E45,BANCO_DADOS!F45))),2) -> 6676.24
B46: VALOR DA HORA TRABALHADA | C46: =ROUND(IF($C$10="MINIVAN",BANCO_DADOS!C46,IF($C$10="VAN",BANCO_DADOS!D46,IF($C$10="MICROONIBUS",BANCO_DADOS!E46,BANCO_DADOS!F46))),2) -> 30.35
B47: VALOR DIA - 06 HORAS | C47: =ROUND(IF($C$10="MINIVAN",BANCO_DADOS!C47,IF($C$10="VAN",BANCO_DADOS!D47,IF($C$10="MICROONIBUS",BANCO_DADOS!E47,BANCO_DADOS!F47))),2) -> 182.08
B48: CUSTO FUNCIONÁRIO POR KM RODADO | C48: =C47/C9 -> 10.115556
B50: CUSTOS DO VEÍCULO
B51: VALOR DO VEÍCULO | C51: =ROUND(IF($C$10="MINIVAN",BANCO_DADOS!C51,IF($C$10="VAN",BANCO_DADOS!D51,IF($C$10="MICROONIBUS",BANCO_DADOS!E51,BANCO_DADOS!F51))),2) -> 37824
B52: IPVA - 2% sobre o valor do veículo | C52: =ROUND(IF($C$10="MINIVAN",BANCO_DADOS!C52,IF($C$10="VAN",BANCO_DADOS!D52,IF($C$10="MICROONIBUS",BANCO_DADOS!E52,BANCO_DADOS!F52))),2) -> 756.48
B53: Valor do CRLV-e | C53: =ROUND(IF($C$10="MINIVAN",BANCO_DADOS!C53,IF($C$10="VAN",BANCO_DADOS!D53,IF($C$10="MICROONIBUS",BANCO_DADOS!E53,BANCO_DADOS!F53))),2) -> 90
B54: seguro resp. civil e casco | C54: =ROUND(IF($C$10="MINIVAN",BANCO_DADOS!C54,IF($C$10="VAN",BANCO_DADOS!D54,IF($C$10="MICROONIBUS",BANCO_DADOS!E54,BANCO_DADOS!F54))),2) -> 2275
B55: laudos DETRAN/IN METRO | C55: =ROUND(IF($C$10="MINIVAN",BANCO_DADOS!C55,IF($C$10="VAN",BANCO_DADOS!D55,IF($C$10="MICROONIBUS",BANCO_DADOS!E55,BANCO_DADOS!F55))),2) -> 120
B56: DPVAT | C56: 0
B57: CUSTO DO VEÍCULO POR KM | C57: =ROUND(IF($C$10="MINIVAN",BANCO_DADOS!C57,IF($C$10="VAN",BANCO_DADOS!D57,IF($C$10="MICROONIBUS",BANCO_DADOS!E57,BANCO_DADOS!F57))),2) -> 1.62
B59: TOTAL DO MÓDULO 2 | C59: =C57+C48+C42 -> 13.836889
B61: SOMA DOS MÓDULOS 1+2 | C61: =C59+C32 -> 15.816889
B63: MÓDULO 3 - CUSTOS INDIRETOS, TRIBUTOS E LUCRO
B64: Despesas Indiretas | C64: =C61*5% -> 0.79084444
B65: Lucro | C65: =C61*7.2% -> 1.138816
B66: Tributos (COFINS - 3% e PIS - 0,65) | C66: =C61*3.56% -> 0.56308124
B67: ISS | C67: =C61*5% -> 0.79084444
B68: Tributos (Contribuição Previdenciária - 0% ou 4,5%, conforme Lei 12.844/2013 - Desoneração) | C68: =ROUND(IF($C$10="MINIVAN",BANCO_DADOS!C73,IF($C$10="VAN",BANCO_DADOS!D73,IF($C$10="MICROONIBUS",BANCO_DADOS!E73,BANCO_DADOS!F73))),2) -> 0
B69: TOTAL DO MÓDULO 3 | C69: =SUM(C64:C68) -> 3.2835861
B71: VALOR DO KM | C71: =C69+C61 -> 19.100475
B72: VALOR DO KM (PAVIMENTADO) | C72: =IF(C8="NÃO",1.35,1)*C71 -> 19.100475

Sheet ROTA 25
B1: LOTE 25
B3: MESES DO ANO | C3: =BANCO_DADOS!C3 -> 10
B4: DIAS LETIVOS | C4: 20
B5: VALOR GASOLINA | C5: =BANCO_DADOS!C5 -> 7.28 | E5: =C72 -> 11.843948
B6: VALOR DIESEL S10 | C6: =BANCO_DADOS!C6 -> 7.52
B7: DESCRIÇÃO DO VEÍCULO
B8: PAVIMENTO | C8: NÃO
B9: KM DIÁRIOS | C9: 60
B10: TIPO DO VEÍCULO: | C10: MINIVAN
B11: MÉDIA DIAS LETIVOS MÊS | C11: 20
B13: MÓDULO 1 - CUSTOS VARIÁVEIS
B14: COMBUSTIVEL | C14: =IF($C$10="MINIVAN",BANCO_DADOS!C14,IF($C$10="VAN",BANCO_DADOS!D14,IF($C$10="MICROONIBUS",BANCO_DADOS!E14,BANCO_DADOS!F14))) -> 7.28
B15: MÉDIA CONSUMIDA POR KM/ LITRO | C15: =IF($C$10="MINIVAN",BANCO_DADOS!C15,IF($C$10="VAN",BANCO_DADOS!D15,IF($C$10="MICROONIBUS",BANCO_DADOS!E15,BANCO_DADOS!F15))) -> 4.2
B16: CUSTO COMBUSTÍVEL POR KM | C16: =C14/C15 -> 1.7333333
B18: LUBRIFICANTES
B19: CUSTO LUBRIFICANTE POR KM | C19: =ROUND(IF($C$10="MINIVAN",BANCO_DADOS!C19,IF($C$10="VAN",BANCO_DADOS!D19,IF($C$10="MICROONIBUS",BANCO_DADOS!E19,BANCO_DADOS!F19))),2) -> 0.1
B21: RODAGEM
B22: PREÇO DO PNEU | C22: =ROUND(IF($C$10="MINIVAN",BANCO_DADOS!C22,IF($C$10="VAN",BANCO_DADOS!D22,IF($C$10="MICROONIBUS",BANCO_DADOS!E22,BANCO_DADOS!F22))),2) -> 348.83
B23: QUANT PNEUS RODANDO | C23: =ROUND(IF($C$10="MINIVAN",BANCO_DADOS!C23,IF($C$10="VAN",BANCO_DADOS!D23,IF($C$10="MICROONIBUS",BANCO_DADOS!E23,BANCO_DADOS!F23))),2) -> 4
B24: TOTAL NA TROCA | C24: =ROUND(IF($C$10="MINIVAN",BANCO_DADOS!C24,IF($C$10="VAN",BANCO_DADOS!D24,IF($C$10="MICROONIBUS",BANCO_DADOS!E24,BANCO_DADOS!F24))),2) -> 1395.32
B25: VIDA UTIL DO PNEU POR KM | C25: =ROUND(IF($C$10="MINIVAN",BANCO_DADOS!C25,IF($C$10="VAN",BANCO_DADOS!D25,IF($C$10="MICROONIBUS",BANCO_DADOS!E25,BANCO_DADOS!F25))),2) -> 45500
B26: CUSTO DOS PNEUS DE RODAGEM POR KM | C26: =ROUND(IF($C$10="MINIVAN",BANCO_DADOS!C26,IF($C$10="VAN",BANCO_DADOS!D26,IF($C$10="MICROONIBUS",BANCO_DADOS!E26,BANCO_DADOS!F26))),2) -> 0.03
B28: MANUTENÇÃO: PEÇAS E ACESSÓRIOS
B29: COEFICIENTE DE MANUTENÇÃO | C29: =(IF($C$10="MINIVAN",BANCO_DADOS!C29,IF($C$10="VAN",BANCO_DADOS!D29,IF($C$10="MICROONIBUS",BANCO_DADOS!E29,BANCO_DADOS!F29)))) -> 3e-06
B30: CUSTO DE MANUTENÇÃO POR KM | C30: =ROUND(IF($C$10="MINIVAN",BANCO_DADOS!C30,IF($C$10="VAN",BANCO_DADOS!D30,IF($C$10="MICROONIBUS",BANCO_DADOS!E30,BANCO_DADOS!F30))),2) -> 0.11
B32: TOTAL DO MÓDULO 1 | C32: =ROUND(IF($C$10="MINIVAN",BANCO_DADOS!C32,IF($C$10="VAN",BANCO_DADOS!D32,IF($C$10="MICROONIBUS",BANCO_DADOS!E32,BANCO_DADOS!F32))),2) -> 1.98
B34: MÓDULO 2 - CUSTOS FIXOS
B35: DEPRECIAÇÃO
B36: VALOR MÉDIO DE VENDA VEÍCULO | C36: =ROUND(IF($C$10="MINIVAN",BANCO_DADOS!C36,IF($C$10="VAN",BANCO_DADOS!D36,IF($C$10="MICROONIBUS",BANCO_DADOS!E36,BANCO_DADOS!F36))),2) -> 37824
B37: DEPRECIAÇÃO ANUAL % | C37: =ROUND(IF($C$10="MINIVAN",BANCO_DADOS!C37,IF($C$10="VAN",BANCO_DADOS!D37,IF($C$10="MICROONIBUS",BANCO_DADOS!E37,BANCO_DADOS!F37))),2) -> 20
B38: VALOR DA DEPRECIAÇÃO | C38: =ROUND(IF($C$10="MINIVAN",BANCO_DADOS!C38,IF($C$10="VAN",BANCO_DADOS!D38,IF($C$10="MICROONIBUS",BANCO_DADOS!E38,BANCO_DADOS!F38))),2) -> 7564.8
B39: MESES ANO | C39: =ROUND(IF($C$10="MINIVAN",BANCO_DADOS!C39,IF($C$10="VAN",BANCO_DADOS!D39,IF($C$10="MICROONIBUS",BANCO_DADOS!E39,BANCO_DADOS!F39))),2) -> 10
B40: VALOR A DEPRECIAR MÊS | C40: =ROUND(IF($C$10="MINIVAN",BANCO_DADOS!C40,IF($C$10="VAN",BANCO_DADOS!D40,IF($C$10="MICROONIBUS",BANCO_DADOS!E40,BANCO_DADOS!F40))),2) -> 756.48
B41: KM MEDIA PERCORRIDA NO MÊS | C41: =C9*C11 -> 1200
B42: CUSTO DA DEPRECIAÇÃO POR KM | C42: =C40/C41 -> 0.6304
B44: CUSTO COM FUNCIONÁRIO
B45: MOTORISTA - 220 H | C45: =ROUND(IF($C$10="MINIVAN",BANCO_DADOS!C45,IF($C$10="VAN",BANCO_DADOS!D45,IF($C$10="MICROONIBUS",BANCO_DADOS!E45,BANCO_DADOS!F45))),2) -> 6676.24
B46: VALOR DA HORA TRABALHADA | C46: =ROUND(IF($C$10="MINIVAN",BANCO_DADOS!C46,IF($C$10="VAN",BANCO_DADOS!D46,IF($C$10="MICROONIBUS",BANCO_DADOS!E46,BANCO_DADOS!F46))),2) -> 30.35
B47: VALOR DIA - 06 HORAS | C47: =ROUND(IF($C$10="MINIVAN",BANCO_DADOS!C47,IF($C$10="VAN",BANCO_DADOS!D47,IF($C$10="MICROONIBUS",BANCO_DADOS!E47,BANCO_DADOS!F47))),2) -> 182.08
B48: CUSTO FUNCIONÁRIO POR KM RODADO | C48: =C47/C9 -> 3.0346667
B50: CUSTOS DO VEÍCULO
B51: VALOR DO VEÍCULO | C51: =ROUND(IF($C$10="MINIVAN",BANCO_DADOS!C51,IF($C$10="VAN",BANCO_DADOS!D51,IF($C$10="MICROONIBUS",BANCO_DADOS!E51,BANCO_DADOS!F51))),2) -> 37824
B52: IPVA - 2% sobre o valor do veículo | C52: =ROUND(IF($C$10="MINIVAN",BANCO_DADOS!C52,IF($C$10="VAN",BANCO_DADOS!D52,IF($C$10="MICROONIBUS",BANCO_DADOS!E52,BANCO_DADOS!F52))),2) -> 756.48
B53: Valor do CRLV-e | C53: =ROUND(IF($C$10="MINIVAN",BANCO_DADOS!C53,IF($C$10="VAN",BANCO_DADOS!D53,IF($C$10="MICROONIBUS",BANCO_DADOS!E53,BANCO_DADOS!F53))),2) -> 90
B54: seguro resp. civil e casco | C54: =ROUND(IF($C$10="MINIVAN",BANCO_DADOS!C54,IF($C$10="VAN",BANCO_DADOS!D54,IF($C$10="MICROONIBUS",BANCO_DADOS!E54,BANCO_DADOS!F54))),2) -> 2275
B55: laudos DETRAN/IN METRO | C55: =ROUND(IF($C$10="MINIVAN",BANCO_DADOS!C55,IF($C$10="VAN",BANCO_DADOS!D55,IF($C$10="MICROONIBUS",BANCO_DADOS!E55,BANCO_DADOS!F55))),2) -> 120
B56: DPVAT | C56: 0
B57: CUSTO DO VEÍCULO POR KM | C57: =ROUND(IF($C$10="MINIVAN",BANCO_DADOS!C57,IF($C$10="VAN",BANCO_DADOS!D57,IF($C$10="MICROONIBUS",BANCO_DADOS!E57,BANCO_DADOS!F57))),2) -> 1.62
B59: TOTAL DO MÓDULO 2 | C59: =C57+C48+C42 -> 5.2850667
B61: SOMA DOS MÓDULOS 1+2 | C61: =C59+C32 -> 7.2650667
B63: MÓDULO 3 - CUSTOS INDIRETOS, TRIBUTOS E LUCRO
B64: Despesas Indiretas | C64: =C61*5% -> 0.36325333
B65: Lucro | C65: =C61*7.2% -> 0.5230848
B66: Tributos (COFINS - 3% e PIS - 0,65) | C66: =C61*3.56% -> 0.25863637
B67: ISS | C67: =C61*5% -> 0.36325333
B68: Tributos (Contribuição Previdenciária - 0% ou 4,5%, conforme Lei 12.844/2013 - Desoneração) | C68: =ROUND(IF($C$10="MINIVAN",BANCO_DADOS!C73,IF($C$10="VAN",BANCO_DADOS!D73,IF($C$10="MICROONIBUS",BANCO_DADOS!E73,BANCO_DADOS!F73))),2) -> 0
B69: TOTAL DO MÓDULO 3 | C69: =SUM(C64:C68) -> 1.5082278
B71: VALOR DO KM | C71: =C69+C61 -> 8.7732945
B72: VALOR DO KM (NÃO PAVIMENTADO) | C72: =IF(C8="NÃO",1.35,1)*C71 -> 11.843948

Sheet ROTA 26
B1: LOTE 26
B3: MESES DO ANO | C3: =BANCO_DADOS!C3 -> 10
B4: DIAS LETIVOS | C4: 20
B5: VALOR GASOLINA | C5: =BANCO_DADOS!C5 -> 7.28 | E5: =C72 -> 11.470509
B6: VALOR DIESEL S10 | C6: =BANCO_DADOS!C6 -> 7.52
B7: DESCRIÇÃO DO VEÍCULO
B8: PAVIMENTO | C8: NÃO
B9: KM DIÁRIOS | C9: 64
B10: TIPO DO VEÍCULO: | C10: MINIVAN
B11: MÉDIA DIAS LETIVOS MÊS | C11: 20
B13: MÓDULO 1 - CUSTOS VARIÁVEIS
B14: COMBUSTIVEL | C14: =IF($C$10="MINIVAN",BANCO_DADOS!C14,IF($C$10="VAN",BANCO_DADOS!D14,IF($C$10="MICROONIBUS",BANCO_DADOS!E14,BANCO_DADOS!F14))) -> 7.28
B15: MÉDIA CONSUMIDA POR KM/ LITRO | C15: =IF($C$10="MINIVAN",BANCO_DADOS!C15,IF($C$10="VAN",BANCO_DADOS!D15,IF($C$10="MICROONIBUS",BANCO_DADOS!E15,BANCO_DADOS!F15))) -> 4.2
B16: CUSTO COMBUSTÍVEL POR KM | C16: =C14/C15 -> 1.7333333
B18: LUBRIFICANTES
B19: CUSTO LUBRIFICANTE POR KM | C19: =ROUND(IF($C$10="MINIVAN",BANCO_DADOS!C19,IF($C$10="VAN",BANCO_DADOS!D19,IF($C$10="MICROONIBUS",BANCO_DADOS!E19,BANCO_DADOS!F19))),2) -> 0.1
B21: RODAGEM
B22: PREÇO DO PNEU | C22: =ROUND(IF($C$10="MINIVAN",BANCO_DADOS!C22,IF($C$10="VAN",BANCO_DADOS!D22,IF($C$10="MICROONIBUS",BANCO_DADOS!E22,BANCO_DADOS!F22))),2) -> 348.83
B23: QUANT PNEUS RODANDO | C23: =ROUND(IF($C$10="MINIVAN",BANCO_DADOS!C23,IF($C$10="VAN",BANCO_DADOS!D23,IF($C$10="MICROONIBUS",BANCO_DADOS!E23,BANCO_DADOS!F23))),2) -> 4
B24: TOTAL NA TROCA | C24: =ROUND(IF($C$10="MINIVAN",BANCO_DADOS!C24,IF($C$10="VAN",BANCO_DADOS!D24,IF($C$10="MICROONIBUS",BANCO_DADOS!E24,BANCO_DADOS!F24))),2) -> 1395.32
B25: VIDA UTIL DO PNEU POR KM | C25: =ROUND(IF($C$10="MINIVAN",BANCO_DADOS!C25,IF($C$10="VAN",BANCO_DADOS!D25,IF($C$10="MICROONIBUS",BANCO_DADOS!E25,BANCO_DADOS!F25))),2) -> 45500
B26: CUSTO DOS PNEUS DE RODAGEM POR KM | C26: =ROUND(IF($C$10="MINIVAN",BANCO_DADOS!C26,IF($C$10="VAN",BANCO_DADOS!D26,IF($C$10="MICROONIBUS",BANCO_DADOS!E26,BANCO_DADOS!F26))),2) -> 0.03
B28: MANUTENÇÃO: PEÇAS E ACESSÓRIOS
B29: COEFICIENTE DE MANUTENÇÃO | C29: =(IF($C$10="MINIVAN",BANCO_DADOS!C29,IF($C$10="VAN",BANCO_DADOS!D29,IF($C$10="MICROONIBUS",BANCO_DADOS!E29,BANCO_DADOS!F29)))) -> 3e-06
B30: CUSTO DE MANUTENÇÃO POR KM | C30: =ROUND(IF($C$10="MINIVAN",BANCO_DADOS!C30,IF($C$10="VAN",BANCO_DADOS!D30,IF($C$10="MICROONIBUS",BANCO_DADOS!E30,BANCO_DADOS!F30))),2) -> 0.11
B32: TOTAL DO MÓDULO 1 | C32: =ROUND(IF($C$10="MINIVAN",BANCO_DADOS!C32,IF($C$10="VAN",BANCO_DADOS!D32,IF($C$10="MICROONIBUS",BANCO_DADOS!E32,BANCO_DADOS!F32))),2) -> 1.98
B34: MÓDULO 2 - CUSTOS FIXOS
B35: DEPRECIAÇÃO
B36: VALOR MÉDIO DE VENDA VEÍCULO | C36: =ROUND(IF($C$10="MINIVAN",BANCO_DADOS!C36,IF($C$10="VAN",BANCO_DADOS!D36,IF($C$10="MICROONIBUS",BANCO_DADOS!E36,BANCO_DADOS!F36))),2) -> 37824
B37: DEPRECIAÇÃO ANUAL % | C37: =ROUND(IF($C$10="MINIVAN",BANCO_DADOS!C37,IF($C$10="VAN",BANCO_DADOS!D37,IF($C$10="MICROONIBUS",BANCO_DADOS!E37,BANCO_DADOS!F37))),2) -> 20
B38: VALOR DA DEPRECIAÇÃO | C38: =ROUND(IF($C$10="MINIVAN",BANCO_DADOS!C38,IF($C$10="VAN",BANCO_DADOS!D38,IF($C$10="MICROONIBUS",BANCO_DADOS!E38,BANCO_DADOS!F38))),2) -> 7564.8
B39: MESES ANO | C39: =ROUND(IF($C$10="MINIVAN",BANCO_DADOS!C39,IF($C$10="VAN",BANCO_DADOS!D39,IF($C$10="MICROONIBUS",BANCO_DADOS!E39,BANCO_DADOS!F39))),2) -> 10
B40: VALOR A DEPRECIAR MÊS | C40: =ROUND(IF($C$10="MINIVAN",BANCO_DADOS!C40,IF($C$10="VAN",BANCO_DADOS!D40,IF($C$10="MICROONIBUS",BANCO_DADOS!E40,BANCO_DADOS!F40))),2) -> 756.48
B41: KM MEDIA PERCORRIDA NO MÊS | C41: =C9*C11 -> 1280
B42: CUSTO DA DEPRECIAÇÃO POR KM | C42: =C40/C41 -> 0.591
B44: CUSTO COM FUNCIONÁRIO
B45: MOTORISTA - 220 H | C45: =ROUND(IF($C$10="MINIVAN",BANCO_DADOS!C45,IF($C$10="VAN",BANCO_DADOS!D45,IF($C$10="MICROONIBUS",BANCO_DADOS!E45,BANCO_DADOS!F45))),2) -> 6676.24
B46: VALOR DA HORA TRABALHADA | C46: =ROUND(IF($C$10="MINIVAN",BANCO_DADOS!C46,IF($C$10="VAN",BANCO_DADOS!D46,IF($C$10="MICROONIBUS",BANCO_DADOS!E46,BANCO_DADOS!F46))),2) -> 30.35
B47: VALOR DIA - 06 HORAS | C47: =ROUND(IF($C$10="MINIVAN",BANCO_DADOS!C47,IF($C$10="VAN",BANCO_DADOS!D47,IF($C$10="MICROONIBUS",BANCO_DADOS!E47,BANCO_DADOS!F47))),2) -> 182.08
B48: CUSTO FUNCIONÁRIO POR KM RODADO | C48: =C47/C9 -> 2.845
B50: CUSTOS DO VEÍCULO
B51: VALOR DO VEÍCULO | C51: =ROUND(IF($C$10="MINIVAN",BANCO_DADOS!C51,IF($C$10="VAN",BANCO_DADOS!D51,IF($C$10="MICROONIBUS",BANCO_DADOS!E51,BANCO_DADOS!F51))),2) -> 37824
B52: IPVA - 2% sobre o valor do veículo | C52: =ROUND(IF($C$10="MINIVAN",BANCO_DADOS!C52,IF($C$10="VAN",BANCO_DADOS!D52,IF($C$10="MICROONIBUS",BANCO_DADOS!E52,BANCO_DADOS!F52))),2) -> 756.48
B53: Valor do CRLV-e | C53: =ROUND(IF($C$10="MINIVAN",BANCO_DADOS!C53,IF($C$10="VAN",BANCO_DADOS!D53,IF($C$10="MICROONIBUS",BANCO_DADOS!E53,BANCO_DADOS!F53))),2) -> 90
B54: seguro resp. civil e casco | C54: =ROUND(IF($C$10="MINIVAN",BANCO_DADOS!C54,IF($C$10="VAN",BANCO_DADOS!D54,IF($C$10="MICROONIBUS",BANCO_DADOS!E54,BANCO_DADOS!F54))),2) -> 2275
B55: laudos DETRAN/IN METRO | C55: =ROUND(IF($C$10="MINIVAN",BANCO_DADOS!C55,IF($C$10="VAN",BANCO_DADOS!D55,IF($C$10="MICROONIBUS",BANCO_DADOS!E55,BANCO_DADOS!F55))),2) -> 120
B56: DPVAT | C56: 0
B57: CUSTO DO VEÍCULO POR KM | C57: =ROUND(IF($C$10="MINIVAN",BANCO_DADOS!C57,IF($C$10="VAN",BANCO_DADOS!D57,IF($C$10="MICROONIBUS",BANCO_DADOS!E57,BANCO_DADOS!F57))),2) -> 1.62
B59: TOTAL DO MÓDULO 2 | C59: =C57+C48+C42 -> 5.056
B61: SOMA DOS MÓDULOS 1+2 | C61: =C59+C32 -> 7.036
B63: MÓDULO 3 - CUSTOS INDIRETOS, TRIBUTOS E LUCRO
B64: Despesas Indiretas | C64: =C61*5% -> 0.3518
B65: Lucro | C65: =C61*7.2% -> 0.506592
B66: Tributos (COFINS - 3% e PIS - 0,65) | C66: =C61*3.56% -> 0.2504816
B67: ISS | C67: =C61*5% -> 0.3518
B68: Tributos (Contribuição Previdenciária - 0% ou 4,5%, conforme Lei 12.844/2013 - Desoneração) | C68: =ROUND(IF($C$10="MINIVAN",BANCO_DADOS!C73,IF($C$10="VAN",BANCO_DADOS!D73,IF($C$10="MICROONIBUS",BANCO_DADOS!E73,BANCO_DADOS!F73))),2) -> 0
B69: TOTAL DO MÓDULO 3 | C69: =SUM(C64:C68) -> 1.4606736
B71: VALOR DO KM | C71: =C69+C61 -> 8.4966736
B72: VALOR DO KM (NÃO PAVIMENTADO) | C72: =IF(C8="NÃO",1.35,1)*C71 -> 11.470509

Sheet ROTA 27
B1: LOTE 27
B3: MESES DO ANO | C3: =BANCO_DADOS!C3 -> 10
B4: DIAS LETIVOS | C4: 20
B5: VALOR GASOLINA | C5: =BANCO_DADOS!C5 -> 7.28 | E5: =C72 -> 8.5581168
B6: VALOR DIESEL S10 | C6: =BANCO_DADOS!C6 -> 7.52
B7: DESCRIÇÃO DO VEÍCULO
B8: PAVIMENTO | C8: SIM
B9: KM DIÁRIOS | C9: 120
B10: TIPO DO VEÍCULO: | C10: VAN
B11: MÉDIA DIAS LETIVOS MÊS | C11: 20
B13: MÓDULO 1 - CUSTOS VARIÁVEIS
B14: COMBUSTIVEL | C14: =IF($C$10="MINIVAN",BANCO_DADOS!C14,IF($C$10="VAN",BANCO_DADOS!D14,IF($C$10="MICROONIBUS",BANCO_DADOS!E14,BANCO_DADOS!F14))) -> 7.52
B15: MÉDIA CONSUMIDA POR KM/ LITRO | C15: =IF($C$10="MINIVAN",BANCO_DADOS!C15,IF($C$10="VAN",BANCO_DADOS!D15,IF($C$10="MICROONIBUS",BANCO_DADOS!E15,BANCO_DADOS!F15))) -> 4
B16: CUSTO COMBUSTÍVEL POR KM | C16: =C14/C15 -> 1.88
B18: LUBRIFICANTES
B19: CUSTO LUBRIFICANTE POR KM | C19: =ROUND(IF($C$10="MINIVAN",BANCO_DADOS!C19,IF($C$10="VAN",BANCO_DADOS!D19,IF($C$10="MICROONIBUS",BANCO_DADOS!E19,BANCO_DADOS!F19))),2) -> 0.11
B21: RODAGEM
B22: PREÇO DO PNEU | C22: =ROUND(IF($C$10="MINIVAN",BANCO_DADOS!C22,IF($C$10="VAN",BANCO_DADOS!D22,IF($C$10="MICROONIBUS",BANCO_DADOS!E22,BANCO_DADOS!F22))),2) -> 417.64
B23: QUANT PNEUS RODANDO | C23: =ROUND(IF($C$10="MINIVAN",BANCO_DADOS!C23,IF($C$10="VAN",BANCO_DADOS!D23,IF($C$10="MICROONIBUS",BANCO_DADOS!E23,BANCO_DADOS!F23))),2) -> 4
B24: TOTAL NA TROCA | C24: =ROUND(IF($C$10="MINIVAN",BANCO_DADOS!C24,IF($C$10="VAN",BANCO_DADOS!D24,IF($C$10="MICROONIBUS",BANCO_DADOS!E24,BANCO_DADOS!F24))),2) -> 1670.56
B25: VIDA UTIL DO PNEU POR KM | C25: =ROUND(IF($C$10="MINIVAN",BANCO_DADOS!C25,IF($C$10="VAN",BANCO_DADOS!D25,IF($C$10="MICROONIBUS",BANCO_DADOS!E25,BANCO_DADOS!F25))),2) -> 45500
B26: CUSTO DOS PNEUS DE RODAGEM POR KM | C26: =ROUND(IF($C$10="MINIVAN",BANCO_DADOS!C26,IF($C$10="VAN",BANCO_DADOS!D26,IF($C$10="MICROONIBUS",BANCO_DADOS!E26,BANCO_DADOS!F26))),2) -> 0.04
B28: MANUTENÇÃO: PEÇAS E ACESSÓRIOS
B29: COEFICIENTE DE MANUTENÇÃO | C29: =(IF($C$10="MINIVAN",BANCO_DADOS!C29,IF($C$10="VAN",BANCO_DADOS!D29,IF($C$10="MICROONIBUS",BANCO_DADOS!E29,BANCO_DADOS!F29)))) -> 3e-06
B30: CUSTO DE MANUTENÇÃO POR KM | C30: =ROUND(IF($C$10="MINIVAN",BANCO_DADOS!C30,IF($C$10="VAN",BANCO_DADOS!D30,IF($C$10="MICROONIBUS",BANCO_DADOS!E30,BANCO_DADOS!F30))),2) -> 0.25
B32: TOTAL DO MÓDULO 1 | C32: =ROUND(IF($C$10="MINIVAN",BANCO_DADOS!C32,IF($C$10="VAN",BANCO_DADOS!D32,IF($C$10="MICROONIBUS",BANCO_DADOS!E32,BANCO_DADOS!F32))),2) -> 2.27
B34: MÓDULO 2 - CUSTOS FIXOS
B35: DEPRECIAÇÃO
B36: VALOR MÉDIO DE VENDA VEÍCULO | C36: =ROUND(IF($C$10="MINIVAN",BANCO_DADOS!C36,IF($C$10="VAN",BANCO_DADOS!D36,IF($C$10="MICROONIBUS",BANCO_DADOS!E36,BANCO_DADOS!F36))),2) -> 81775
B37: DEPRECIAÇÃO ANUAL % | C37: =ROUND(IF($C$10="MINIVAN",BANCO_DADOS!C37,IF($C$10="VAN",BANCO_DADOS!D37,IF($C$10="MICROONIBUS",BANCO_DADOS!E37,BANCO_DADOS!F37))),2) -> 20
B38: VALOR DA DEPRECIAÇÃO | C38: =ROUND(IF($C$10="MINIVAN",BANCO_DADOS!C38,IF($C$10="VAN",BANCO_DADOS!D38,IF($C$10="MICROONIBUS",BANCO_DADOS!E38,BANCO_DADOS!F38))),2) -> 16355
B39: MESES ANO | C39: =ROUND(IF($C$10="MINIVAN",BANCO_DADOS!C39,IF($C$10="VAN",BANCO_DADOS!D39,IF($C$10="MICROONIBUS",BANCO_DADOS!E39,BANCO_DADOS!F39))),2) -> 10
B40: VALOR A DEPRECIAR MÊS | C40: =ROUND(IF($C$10="MINIVAN",BANCO_DADOS!C40,IF($C$10="VAN",BANCO_DADOS!D40,IF($C$10="MICROONIBUS",BANCO_DADOS!E40,BANCO_DADOS!F40))),2) -> 1635.5
B41: KM MEDIA PERCORRIDA NO MÊS | C41: =C9*C11 -> 2400
B42: CUSTO DA DEPRECIAÇÃO POR KM | C42: =C40/C41 -> 0.68145833
B44: CUSTO COM FUNCIONÁRIO
B45: MOTORISTA - 220 H | C45: =ROUND(IF($C$10="MINIVAN",BANCO_DADOS!C45,IF($C$10="VAN",BANCO_DADOS!D45,IF($C$10="MICROONIBUS",BANCO_DADOS!E45,BANCO_DADOS!F45))),2) -> 6676.24
B46: VALOR DA HORA TRABALHADA | C46: =ROUND(IF($C$10="MINIVAN",BANCO_DADOS!C46,IF($C$10="VAN",BANCO_DADOS!D46,IF($C$10="MICROONIBUS",BANCO_DADOS!E46,BANCO_DADOS!F46))),2) -> 30.35
B47: VALOR DIA - 06 HORAS | C47: =ROUND(IF($C$10="MINIVAN",BANCO_DADOS!C47,IF($C$10="VAN",BANCO_DADOS!D47,IF($C$10="MICROONIBUS",BANCO_DADOS!E47,BANCO_DADOS!F47))),2) -> 182.08
B48: CUSTO FUNCIONÁRIO POR KM RODADO | C48: =C47/C9 -> 1.5173333
B50: CUSTOS DO VEÍCULO
B51: VALOR DO VEÍCULO | C51: =ROUND(IF($C$10="MINIVAN",BANCO_DADOS!C51,IF($C$10="VAN",BANCO_DADOS!D51,IF($C$10="MICROONIBUS",BANCO_DADOS!E51,BANCO_DADOS!F51))),2) -> 81775
B52: IPVA - 2% sobre o valor do veículo | C52: =ROUND(IF($C$10="MINIVAN",BANCO_DADOS!C52,IF($C$10="VAN",BANCO_DADOS!D52,IF($C$10="MICROONIBUS",BANCO_DADOS!E52,BANCO_DADOS!F52))),2) -> 1635.5
B53: Valor do CRLV-e | C53: =ROUND(IF($C$10="MINIVAN",BANCO_DADOS!C53,IF($C$10="VAN",BANCO_DADOS!D53,IF($C$10="MICROONIBUS",BANCO_DADOS!E53,BANCO_DADOS!F53))),2) -> 90
B54: seguro resp. civil e casco | C54: =ROUND(IF($C$10="MINIVAN",BANCO_DADOS!C54,IF($C$10="VAN",BANCO_DADOS!D54,IF($C$10="MICROONIBUS",BANCO_DADOS!E54,BANCO_DADOS!F54))),2) -> 1732.03
B55: laudos DETRAN/IN METRO | C55: =ROUND(IF($C$10="MINIVAN",BANCO_DADOS!C55,IF($C$10="VAN",BANCO_DADOS!D55,IF($C$10="MICROONIBUS",BANCO_DADOS!E55,BANCO_DADOS!F55))),2) -> 120
B56: DPVAT | C56: 0
B57: CUSTO DO VEÍCULO POR KM | C57: =ROUND(IF($C$10="MINIVAN",BANCO_DADOS!C57,IF($C$10="VAN",BANCO_DADOS!D57,IF($C$10="MICROONIBUS",BANCO_DADOS!E57,BANCO_DADOS!F57))),2) -> 1.79
B59: TOTAL DO MÓDULO 2 | C59: =C57+C48+C42 -> 3.9887917
B61: SOMA DOS MÓDULOS 1+2 | C61: =C59+C32 -> 6.2587917
B63: MÓDULO 3 - CUSTOS INDIRETOS, TRIBUTOS E LUCRO
B64: Despesas Indiretas | C64: =C61*5% -> 0.31293958
B65: Lucro | C65: =C61*7.2% -> 0.450633
B66: Tributos (COFINS - 3% e PIS - 0,65) | C66: =C61*3.56% -> 0.22281298
B67: ISS | C67: =C61*5% -> 0.31293958
B68: Tributos (Contribuição Previdenciária - 0% ou 4,5%, conforme Lei 12.844/2013 - Desoneração) | C68: =ROUND(IF($C$10="MINIVAN",BANCO_DADOS!C73,IF($C$10="VAN",BANCO_DADOS!D73,IF($C$10="MICROONIBUS",BANCO_DADOS!E73,BANCO_DADOS!F73))),2) -> 1
B69: TOTAL DO MÓDULO 3 | C69: =SUM(C64:C68) -> 2.2993252
B71: VALOR DO KM | C71: =C69+C61 -> 8.5581168
B72: VALOR DO KM (PAVIMENTADO) | C72: =IF(C8="NÃO",1.35,1)*C71 -> 8.5581168

Sheet ROTA 28
B1: LOTE 28
B3: MESES DO ANO | C3: =BANCO_DADOS!C3 -> 10
B4: DIAS LETIVOS | C4: 20
B5: VALOR GASOLINA | C5: =BANCO_DADOS!C5 -> 7.28 | E5: =C72 -> 35.743994
B6: VALOR DIESEL S10 | C6: =BANCO_DADOS!C6 -> 7.52
B7: DESCRIÇÃO DO VEÍCULO
B8: PAVIMENTO | C8: NÃO
B9: KM DIÁRIOS | C9: 12
B10: TIPO DO VEÍCULO: | C10: MINIVAN
B11: MÉDIA DIAS LETIVOS MÊS | C11: 20
B13: MÓDULO 1 - CUSTOS VARIÁVEIS
B14: COMBUSTIVEL | C14: =IF($C$10="MINIVAN",BANCO_DADOS!C14,IF($C$10="VAN",BANCO_DADOS!D14,IF($C$10="MICROONIBUS",BANCO_DADOS!E14,BANCO_DADOS!F14))) -> 7.28
B15: MÉDIA CONSUMIDA POR KM/ LITRO | C15: =IF($C$10="MINIVAN",BANCO_DADOS!C15,IF($C$10="VAN",BANCO_DADOS!D15,IF($C$10="MICROONIBUS",BANCO_DADOS!E15,BANCO_DADOS!F15))) -> 4.2
B16: CUSTO COMBUSTÍVEL POR KM | C16: =C14/C15 -> 1.7333333
B18: LUBRIFICANTES
B19: CUSTO LUBRIFICANTE POR KM | C19: =ROUND(IF($C$10="MINIVAN",BANCO_DADOS!C19,IF($C$10="VAN",BANCO_DADOS!D19,IF($C$10="MICROONIBUS",BANCO_DADOS!E19,BANCO_DADOS!F19))),2) -> 0.1
B21: RODAGEM
B22: PREÇO DO PNEU | C22: =ROUND(IF($C$10="MINIVAN",BANCO_DADOS!C22,IF($C$10="VAN",BANCO_DADOS!D22,IF($C$10="MICROONIBUS",BANCO_DADOS!E22,BANCO_DADOS!F22))),2) -> 348.83
B23: QUANT PNEUS RODANDO | C23: =ROUND(IF($C$10="MINIVAN",BANCO_DADOS!C23,IF($C$10="VAN",BANCO_DADOS!D23,IF($C$10="MICROONIBUS",BANCO_DADOS!E23,BANCO_DADOS!F23))),2) -> 4
B24: TOTAL NA TROCA | C24: =ROUND(IF($C$10="MINIVAN",BANCO_DADOS!C24,IF($C$10="VAN",BANCO_DADOS!D24,IF($C$10="MICROONIBUS",BANCO_DADOS!E24,BANCO_DADOS!F24))),2) -> 1395.32
B25: VIDA UTIL DO PNEU POR KM | C25: =ROUND(IF($C$10="MINIVAN",BANCO_DADOS!C25,IF($C$10="VAN",BANCO_DADOS!D25,IF($C$10="MICROONIBUS",BANCO_DADOS!E25,BANCO_DADOS!F25))),2) -> 45500
B26: CUSTO DOS PNEUS DE RODAGEM POR KM | C26: =ROUND(IF($C$10="MINIVAN",BANCO_DADOS!C26,IF($C$10="VAN",BANCO_DADOS!D26,IF($C$10="MICROONIBUS",BANCO_DADOS!E26,BANCO_DADOS!F26))),2) -> 0.03
B28: MANUTENÇÃO: PEÇAS E ACESSÓRIOS
B29: COEFICIENTE DE MANUTENÇÃO | C29: =(IF($C$10="MINIVAN",BANCO_DADOS!C29,IF($C$10="VAN",BANCO_DADOS!D29,IF($C$10="MICROONIBUS",BANCO_DADOS!E29,BANCO_DADOS!F29)))) -> 3e-06
B30: CUSTO DE MANUTENÇÃO POR KM | C30: =ROUND(IF($C$10="MINIVAN",BANCO_DADOS!C30,IF($C$10="VAN",BANCO_DADOS!D30,IF($C$10="MICROONIBUS",BANCO_DADOS!E30,BANCO_DADOS!F30))),2) -> 0.11
B32: TOTAL DO MÓDULO 1 | C32: =ROUND(IF($C$10="MINIVAN",BANCO_DADOS!C32,IF($C$10="VAN",BANCO_DADOS!D32,IF($C$10="MICROONIBUS",BANCO_DADOS!E32,BANCO_DADOS!F32))),2) -> 1.98
B34: MÓDULO 2 - CUSTOS FIXOS
B35: DEPRECIAÇÃO
B36: VALOR MÉDIO DE VENDA VEÍCULO | C36: =ROUND(IF($C$10="MINIVAN",BANCO_DADOS!C36,IF($C$10="VAN",BANCO_DADOS!D36,IF($C$10="MICROONIBUS",BANCO_DADOS!E36,BANCO_DADOS!F36))),2) -> 37824
B37: DEPRECIAÇÃO ANUAL % | C37: =ROUND(IF($C$10="MINIVAN",BANCO_DADOS!C37,IF($C$10="VAN",BANCO_DADOS!D37,IF($C$10="MICROONIBUS",BANCO_DADOS!E37,BANCO_DADOS!F37))),2) -> 20
B38: VALOR DA DEPRECIAÇÃO | C38: =ROUND(IF($C$10="MINIVAN",BANCO_DADOS!C38,IF($C$10="VAN",BANCO_DADOS!D38,IF($C$10="MICROONIBUS",BANCO_DADOS!E38,BANCO_DADOS!F38))),2) -> 7564.8
B39: MESES ANO | C39: =ROUND(IF($C$10="MINIVAN",BANCO_DADOS!C39,IF($C$10="VAN",BANCO_DADOS!D39,IF($C$10="MICROONIBUS",BANCO_DADOS!E39,BANCO_DADOS!F39))),2) -> 10
B40: VALOR A DEPRECIAR MÊS | C40: =ROUND(IF($C$10="MINIVAN",BANCO_DADOS!C40,IF($C$10="VAN",BANCO_DADOS!D40,IF($C$10="MICROONIBUS",BANCO_DADOS!E40,BANCO_DADOS!F40))),2) -> 756.48
B41: KM MEDIA PERCORRIDA NO MÊS | C41: =C9*C11 -> 240
B42: CUSTO DA DEPRECIAÇÃO POR KM | C42: =C40/C41 -> 3.152
B44: CUSTO COM FUNCIONÁRIO
B45: MOTORISTA - 220 H | C45: =ROUND(IF($C$10="MINIVAN",BANCO_DADOS!C45,IF($C$10="VAN",BANCO_DADOS!D45,IF($C$10="MICROONIBUS",BANCO_DADOS!E45,BANCO_DADOS!F45))),2) -> 6676.24
B46: VALOR DA HORA TRABALHADA | C46: =ROUND(IF($C$10="MINIVAN",BANCO_DADOS!C46,IF($C$10="VAN",BANCO_DADOS!D46,IF($C$10="MICROONIBUS",BANCO_DADOS!E46,BANCO_DADOS!F46))),2) -> 30.35
B47: VALOR DIA - 06 HORAS | C47: =ROUND(IF($C$10="MINIVAN",BANCO_DADOS!C47,IF($C$10="VAN",BANCO_DADOS!D47,IF($C$10="MICROONIBUS",BANCO_DADOS!E47,BANCO_DADOS!F47))),2) -> 182.08
B48: CUSTO FUNCIONÁRIO POR KM RODADO | C48: =C47/C9 -> 15.173333
B50: CUSTOS DO VEÍCULO
B51: VALOR DO VEÍCULO | C51: =ROUND(IF($C$10="MINIVAN",BANCO_DADOS!C51,IF($C$10="VAN",BANCO_DADOS!D51,IF($C$10="MICROONIBUS",BANCO_DADOS!E51,BANCO_DADOS!F51))),2) -> 37824
B52: IPVA - 2% sobre o valor do veículo | C52: =ROUND(IF($C$10="MINIVAN",BANCO_DADOS!C52,IF($C$10="VAN",BANCO_DADOS!D52,IF($C$10="MICROONIBUS",BANCO_DADOS!E52,BANCO_DADOS!F52))),2) -> 756.48
B53: Valor do CRLV-e | C53: =ROUND(IF($C$10="MINIVAN",BANCO_DADOS!C53,IF($C$10="VAN",BANCO_DADOS!D53,IF($C$10="MICROONIBUS",BANCO_DADOS!E53,BANCO_DADOS!F53))),2) -> 90
B54: seguro resp. civil e casco | C54: =ROUND(IF($C$10="MINIVAN",BANCO_DADOS!C54,IF($C$10="VAN",BANCO_DADOS!D54,IF($C$10="MICROONIBUS",BANCO_DADOS!E54,BANCO_DADOS!F54))),2) -> 2275
B55: laudos DETRAN/IN METRO | C55: =ROUND(IF($C$10="MINIVAN",BANCO_DADOS!C55,IF($C$10="VAN",BANCO_DADOS!D55,IF($C$10="MICROONIBUS",BANCO_DADOS!E55,BANCO_DADOS!F55))),2) -> 120
B56: DPVAT | C56: 0
B57: CUSTO DO VEÍCULO POR KM | C57: =ROUND(IF($C$10="MINIVAN",BANCO_DADOS!C57,IF($C$10="VAN",BANCO_DADOS!D57,IF($C$10="MICROONIBUS",BANCO_DADOS!E57,BANCO_DADOS!F57))),2) -> 1.62
B59: TOTAL DO MÓDULO 2 | C59: =C57+C48+C42 -> 19.945333
B61: SOMA DOS MÓDULOS 1+2 | C61: =C59+C32 -> 21.925333
B63: MÓDULO 3 - CUSTOS INDIRETOS, TRIBUTOS E LUCRO
B64: Despesas Indiretas | C64: =C61*5% -> 1.0962667
B65: Lucro | C65: =C61*7.2% -> 1.578624
B66: Tributos (COFINS - 3% e PIS - 0,65) | C66: =C61*3.56% -> 0.78054187
B67: ISS | C67: =C61*5% -> 1.0962667
B68: Tributos (Contribuição Previdenciária - 0% ou 4,5%, conforme Lei 12.844/2013 - Desoneração) | C68: =ROUND(IF($C$10="MINIVAN",BANCO_DADOS!C73,IF($C$10="VAN",BANCO_DADOS!D73,IF($C$10="MICROONIBUS",BANCO_DADOS!E73,BANCO_DADOS!F73))),2) -> 0
B69: TOTAL DO MÓDULO 3 | C69: =SUM(C64:C68) -> 4.5516992
B71: VALOR DO KM | C71: =C69+C61 -> 26.477033
B72: VALOR DO KM (NÃO PAVIMENTADO) | C72: =IF(C8="NÃO",1.35,1)*C71 -> 35.743994

Sheet ROTA 29
B1: LOTE 29
B3: MESES DO ANO | C3: =BANCO_DADOS!C3 -> 10
B4: DIAS LETIVOS | C4: 20
B5: VALOR GASOLINA | C5: =BANCO_DADOS!C5 -> 7.28 | E5: =C72 -> 12.905334
B6: VALOR DIESEL S10 | C6: =BANCO_DADOS!C6 -> 7.52
B7: DESCRIÇÃO DO VEÍCULO
B8: PAVIMENTO | C8: SIM
B9: KM DIÁRIOS | C9: 116
B10: TIPO DO VEÍCULO: | C10: ONIBUS
B11: MÉDIA DIAS LETIVOS MÊS | C11: 20
B13: MÓDULO 1 - CUSTOS VARIÁVEIS
B14: COMBUSTIVEL | C14: =IF($C$10="MINIVAN",BANCO_DADOS!C14,IF($C$10="VAN",BANCO_DADOS!D14,IF($C$10="MICROONIBUS",BANCO_DADOS!E14,BANCO_DADOS!F14))) -> 7.52
B15: MÉDIA CONSUMIDA POR KM/ LITRO | C15: =IF($C$10="MINIVAN",BANCO_DADOS!C15,IF($C$10="VAN",BANCO_DADOS!D15,IF($C$10="MICROONIBUS",BANCO_DADOS!E15,BANCO_DADOS!F15))) -> 2.86
B16: CUSTO COMBUSTÍVEL POR KM | C16: =C14/C15 -> 2.6293706
B18: LUBRIFICANTES
B19: CUSTO LUBRIFICANTE POR KM | C19: =ROUND(IF($C$10="MINIVAN",BANCO_DADOS!C19,IF($C$10="VAN",BANCO_DADOS!D19,IF($C$10="MICROONIBUS",BANCO_DADOS!E19,BANCO_DADOS!F19))),2) -> 0.16
B21: RODAGEM
B22: PREÇO DO PNEU | C22: =ROUND(IF($C$10="MINIVAN",BANCO_DADOS!C22,IF($C$10="VAN",BANCO_DADOS!D22,IF($C$10="MICROONIBUS",BANCO_DADOS!E22,BANCO_DADOS!F22))),2) -> 1717.93
B23: QUANT PNEUS RODANDO | C23: =ROUND(IF($C$10="MINIVAN",BANCO_DADOS!C23,IF($C$10="VAN",BANCO_DADOS!D23,IF($C$10="MICROONIBUS",BANCO_DADOS!E23,BANCO_DADOS!F23))),2) -> 6
B24: TOTAL NA TROCA | C24: =ROUND(IF($C$10="MINIVAN",BANCO_DADOS!C24,IF($C$10="VAN",BANCO_DADOS!D24,IF($C$10="MICROONIBUS",BANCO_DADOS!E24,BANCO_DADOS!F24))),2) -> 10307.58
B25: VIDA UTIL DO PNEU POR KM | C25: =ROUND(IF($C$10="MINIVAN",BANCO_DADOS!C25,IF($C$10="VAN",BANCO_DADOS!D25,IF($C$10="MICROONIBUS",BANCO_DADOS!E25,BANCO_DADOS!F25))),2) -> 67500
B26: CUSTO DOS PNEUS DE RODAGEM POR KM | C26: =ROUND(IF($C$10="MINIVAN",BANCO_DADOS!C26,IF($C$10="VAN",BANCO_DADOS!D26,IF($C$10="MICROONIBUS",BANCO_DADOS!E26,BANCO_DADOS!F26))),2) -> 0.15
B28: MANUTENÇÃO: PEÇAS E ACESSÓRIOS
B29: COEFICIENTE DE MANUTENÇÃO | C29: =(IF($C$10="MINIVAN",BANCO_DADOS!C29,IF($C$10="VAN",BANCO_DADOS!D29,IF($C$10="MICROONIBUS",BANCO_DADOS!E29,BANCO_DADOS!F29)))) -> 3e-06
B30: CUSTO DE MANUTENÇÃO POR KM | C30: =ROUND(IF($C$10="MINIVAN",BANCO_DADOS!C30,IF($C$10="VAN",BANCO_DADOS!D30,IF($C$10="MICROONIBUS",BANCO_DADOS!E30,BANCO_DADOS!F30))),2) -> 0.35
B32: TOTAL DO MÓDULO 1 | C32: =ROUND(IF($C$10="MINIVAN",BANCO_DADOS!C32,IF($C$10="VAN",BANCO_DADOS!D32,IF($C$10="MICROONIBUS",BANCO_DADOS!E32,BANCO_DADOS!F32))),2) -> 3.29
B34: MÓDULO 2 - CUSTOS FIXOS
B35: DEPRECIAÇÃO
B36: VALOR MÉDIO DE VENDA VEÍCULO | C36: =ROUND(IF($C$10="MINIVAN",BANCO_DADOS!C36,IF($C$10="VAN",BANCO_DADOS!D36,IF($C$10="MICROONIBUS",BANCO_DADOS!E36,BANCO_DADOS!F36))),2) -> 117986
B37: DEPRECIAÇÃO ANUAL % | C37: =ROUND(IF($C$10="MINIVAN",BANCO_DADOS!C37,IF($C$10="VAN",BANCO_DADOS!D37,IF($C$10="MICROONIBUS",BANCO_DADOS!E37,BANCO_DADOS!F37))),2) -> 15
B38: VALOR DA DEPRECIAÇÃO | C38: =ROUND(IF($C$10="MINIVAN",BANCO_DADOS!C38,IF($C$10="VAN",BANCO_DADOS!D38,IF($C$10="MICROONIBUS",BANCO_DADOS!E38,BANCO_DADOS!F38))),2) -> 17697.9
